Workbook
Name TitleRegion1.A19.G24.Note3Investments: 'Note 3 Investments'!$A$19
Name TitleRegion1.A2.B17.Note27: 'Note 27 Taxes Rec'' & Payables'!$A$2
Name TitleRegion1.A2.B5.Note12: 'Note 12 Interfund'!$A$2
Name TitleRegion1.A2.C20.ExhibitJ2: 'Exhibit J-2'!$A$2
Name TitleRegion1.A2.C4.Note3Deposits: 'Note 3 Deposits of Cash in Bank'!$B$2
Name TitleRegion1.A2.C9.ExhibitJ1: 'Exhibit J-1'!$A$2
Name TitleRegion1.A2.E12.Note32: 'Note 32 Govt Fund Balance'!$A$2
Name TitleRegion1.A2.E14.ExhibitI1: 'Exhibit I-1'!$A$2
Name TitleRegion1.A2.E21.ExhibitC2: 'Exhibit C-2'!$A$2
Name TitleRegion1.A2.E23.ExhibitI2: 'Exhibit I-2'!$A$2
Name TitleRegion1.A2.E31.ExhibitC1: 'Exhibit C-1'!$A$2
Name TitleRegion1.A2.E5.Note17: 'Note 17 Risk Management'!$A$2
Name TitleRegion1.A2.F15.Note7: 'Note 7 Derivatives'!$A$2
Name TitleRegion1.A2.F61.Schedule4: 'Schedule 4 concluded'!$A$2
Name TitleRegion1.A2.G10.Note2: 'Note 2 Capital Assets'!$A$2
Name TitleRegion1.A2.H35.Note3CreditRisk: 'Note 3 Credit Risk'!$A$3
Name TitleRegion1.A2.H4.Note5: 'Note 5 Long Term Liabilities'!$A$2
Name TitleRegion1.A2.J18.Schedule1A: 'Schedule 1-A'!$A$2
Name TitleRegion1.A2.M22.ExhibitB2: 'Exhibit B-2'!$A$2
Name TitleRegion1.A2.M32.ExhibitB1: 'Exhibit B-1'!$A$2
Name TitleRegion1.A2.U41.ExhibitA1: 'Exhibit A-1'!$A$2
Name TitleRegion1.A2.W39.ExhibitA2: 'Exhibit A-2'!$A$2
Name TitleRegion1.A26.G31.Note3Investments: 'Note 3 Investments'!$A$26
Name TitleRegion1.A3.D16.Exhibit6: 'Exhibit VI'!$A$3
Name TitleRegion1.A3.D29.Exhibit7: 'Exhibit VII'!$A$3
Name TitleRegion1.A3.E43.Exhibit2: 'Exhibit II'!$A$4
Name TitleRegion1.A3.E48.Exhibit1: 'Exhibit I'!$A$3
Name TitleRegion1.A3.F16.Schedule5: 'Schedule 5'!$A$3
Name TitleRegion1.A3.G17.Note3Investments: 'Note 3 Investments'!$A$3
Name TitleRegion1.A33.G39.Note3Investments: 'Note 3 Investments'!$A$33
Name TitleRegion2.A17.F29.Schedule5: 'Schedule 5'!$A$17
Name TitleRegion2.A37.H69.Note3CreditRisk: 'Note 3 Credit Risk'!$A$37

Sheet Publishing

Sheet Table of Contents
A1: Table of Contents
A2: Exhibit I
A3: Exhibit II
A4: Exhibit VI
A5: Exhibit VII
A6: Note 2: Capital Assets
A7: Note 3: Deposits of Cash In Bank
A8: Note 3 Investments
A9: Note 3: Credit Risk
A10: Note 5: Summary of Long Term Liabilities
A11: Note 7: Derivatives
A12: Note 12: Interfund Activity and Transactions
... A30: End of Sheet

Sheet Exhibit I
A1: Agency 902 EXHIBIT I Combined Balance Sheet – Governmental Funds August 31, 2025
A2: Governmental Fund Types
A3: Financial Statement Line Items | B3: General Funds (Exhibit A-1) | C3: Special Revenue Funds (Exhibit B-1) | D3: Permanent Funds (Exhibit C-1) | E3: Governmental Funds Total
A4: =+'Exhibit I - no Z rows'!A3 -> ASSETS
A5: =+'Exhibit I - no Z rows'!A4 -> Current Assets:
A6: =+'Exhibit I - no Z rows'!A5 -> Cash and Cash Equivalents:
A7: =+'Exhibit I - no Z rows'!A6 -> Cash in Bank (Note 3) | B7: 0 | C7: =+'Exhibit I - no Z rows'!C6 -> 18689014 | D7: 0 | E7: =+'Exhibit I - no Z rows'!E6 -> 18689014
A8: =+'Exhibit I - no Z rows'!A7 -> Cash in State Treasury | B8: 3.4736046e+10 | C8: =+'Exhibit I - no Z rows'!C7 -> 6063607.5 | D8: =+'Exhibit I - no Z rows'!D7 -> 1.6877376e+08 | E8: 3.4910884e+10
A9: =+'Exhibit I - no Z rows'!A8 -> Legislative Appropriations | B9: -2.3370899e+08 | C9: 0 | D9: 0 | E9: -2.3370899e+08
A10: =+'Exhibit I - no Z rows'!A9 -> Short Term Investments (Note 3) | B10: =+'Exhibit I - no Z rows'!B9 -> 2.3913706e+08 | C10: =+'Exhibit I - no Z rows'!C9 -> 1316237.2 | D10: =+'Exhibit I - no Z rows'!D9 -> 24130239 | E10: =+'Exhibit I - no Z rows'!E9 -> 2.6458354e+08
A11: =+'Exhibit I - no Z rows'!A10 -> Receivables:
A12: =+'Exhibit I - no Z rows'!A11 -> Accounts | B12: =+'Exhibit I - no Z rows'!B11 -> 2.8546667e+08 | C12: 0 | D12: 0 | E12: =+'Exhibit I - no Z rows'!E11 -> 2.8546667e+08
A13: =+'Exhibit I - no Z rows'!A12 -> Taxes (Note 27) | B13: =+'Exhibit I - no Z rows'!B12 -> 5.5073257e+09 | C13: 0 | D13: 0 | E13: =+'Exhibit I - no Z rows'!E12 -> 5.5073257e+09
A14: =+'Exhibit I - no Z rows'!A13 -> Investment Trades | B14: =+'Exhibit I - no Z rows'!B13 -> 17281151 | C14: 0 | D14: 0 | E14: =+'Exhibit I - no Z rows'!E13 -> 17281151
A15: =+'Exhibit I - no Z rows'!A14 -> Interest and Dividends | B15: =+'Exhibit I - no Z rows'!B14 -> 55076400 | C15: =+'Exhibit I - no Z rows'!C14 -> 453011.89 | D15: =+'Exhibit I - no Z rows'!D14 -> 267012.55 | E15: =+'Exhibit I - no Z rows'!E14 -> 55796424
A16: =+'Exhibit I - no Z rows'!A15 -> Due From Other Agencies | B16: =+'Exhibit I - no Z rows'!B15 -> 2.1127382e+09 | C16: =+'Exhibit I - no Z rows'!C15 -> 2789594.5 | D16: =+'Exhibit I - no Z rows'!D15 -> 224337.3 | E16: =+'Exhibit I - no Z rows'!E15 -> 2.1157521e+09
A17: =+'Exhibit I - no Z rows'!A16 -> Total Current Assets | B17: 4.2719362e+10 | C17: =+'Exhibit I - no Z rows'!C16 -> 29311466 | D17: =+'Exhibit I - no Z rows'!D16 -> 1.9339535e+08 | E17: 4.2942069e+10
A18: =+'Exhibit I - no Z rows'!A17 -> Non-Current Assets:
A19: =+'Exhibit I - no Z rows'!A18 -> Receivables
A20: =+'Exhibit I - no Z rows'!A19 -> Investments (Note 3) | B20: =+'Exhibit I - no Z rows'!B19 -> 2.1175117e+10 | C20: =+'Exhibit I - no Z rows'!C19 -> 9.7465808e+08 | D20: =+'Exhibit I - no Z rows'!D19 -> 8.0251419e+08 | E20: =+'Exhibit I - no Z rows'!E19 -> 2.2952289e+10
A21: =+'Exhibit I - no Z rows'!A20 -> Total Non-Current Assets | B21: =+'Exhibit I - no Z rows'!B20 -> 2.1175117e+10 | C21: =+'Exhibit I - no Z rows'!C20 -> 9.7465808e+08 | D21: =+'Exhibit I - no Z rows'!D20 -> 8.0251419e+08 | E21: =+'Exhibit I - no Z rows'!E20 -> 2.2952289e+10
A22: =+'Exhibit I - no Z rows'!A21 -> Total Assets | B22: 6.3894479e+10 | C22: =+'Exhibit I - no Z rows'!C21 -> 1.0039695e+09 | D22: =+'Exhibit I - no Z rows'!D21 -> 9.9590954e+08 | E22: 6.5894359e+10
A23: =+'Exhibit I - no Z rows'!A24 -> LIABILITIES AND FUND BALANCES
A24: =+'Exhibit I - no Z rows'!A25 -> Liabilities:
A25: =+'Exhibit I - no Z rows'!A26 -> Current Liabilities:
A26: =+'Exhibit I - no Z rows'!A27 -> Payables From:
A27: =+'Exhibit I - no Z rows'!A28 -> Accounts | B27: =+'Exhibit I - no Z rows'!B28 -> 20752298 | C27: =+'Exhibit I - no Z rows'!C28 -> 165549.8 | D27: =+'Exhibit I - no Z rows'!D28 -> 381290.16 | E27: =+'Exhibit I - no Z rows'!E28 -> 21299138
A28: =+'Exhibit I - no Z rows'!A29 -> Interest | B28: 0 | C28: 0 | D28: =+'Exhibit I - no Z rows'!D29 -> 202047.68 | E28: =+'Exhibit I - no Z rows'!E29 -> 202047.68
A29: =+'Exhibit I - no Z rows'!A30 -> Interfund Payable | B29: =+'Exhibit I - no Z rows'!B30 -> 3942733 | C29: 0 | D29: 0 | E29: =+'Exhibit I - no Z rows'!E30 -> 3942733
A30: =+'Exhibit I - no Z rows'!A31 -> Investment Trade Payable | B30: =+'Exhibit I - no Z rows'!B31 -> 31923132 | C30: 0 | D30: =+'Exhibit I - no Z rows'!D31 -> 6243.7 | E30: =+'Exhibit I - no Z rows'!E31 -> 31929376
A31: =+'Exhibit I - no Z rows'!A32 -> Other Intergovernmental | B31: =+'Exhibit I - no Z rows'!B32 -> 27318651 | C31: 0 | D31: 0 | E31: =+'Exhibit I - no Z rows'!E32 -> 27318651
A32: =+'Exhibit I - no Z rows'!A33 -> Taxes Refund Payable | B32: =+'Exhibit I - no Z rows'!B33 -> 3.5608978e+08 | C32: 0 | D32: 0 | E32: =+'Exhibit I - no Z rows'!E33 -> 3.5608978e+08
A33: =+'Exhibit I - no Z rows'!A34 -> Other | B33: =+'Exhibit I - no Z rows'!B34 -> 3.3401025e+08 | C33: 0 | D33: 0 | E33: =+'Exhibit I - no Z rows'!E34 -> 3.3401025e+08
A34: =+'Exhibit I - no Z rows'!A35 -> Due To Other Agencies | B34: =+'Exhibit I - no Z rows'!B35 -> 4.9996515e+09 | C34: 0 | D34: =+'Exhibit I - no Z rows'!D35 -> 2754005.6 | E34: =+'Exhibit I - no Z rows'!E35 -> 5.0024055e+09
A35: =+'Exhibit I - no Z rows'!A36 -> Unearned Revenues | B35: =+'Exhibit I - no Z rows'!B36 -> 4.3241054e+08 | C35: 0 | D35: 0 | E35: =+'Exhibit I - no Z rows'!E36 -> 4.3241054e+08
A36: =+'Exhibit I - no Z rows'!A37 -> Total Current Liabilities | B36: =+'Exhibit I - no Z rows'!B37 -> 6.2060989e+09 | C36: =+'Exhibit I - no Z rows'!C37 -> 165549.8 | D36: =+'Exhibit I - no Z rows'!D37 -> 3343587.2 | E36: =+'Exhibit I - no Z rows'!E37 -> 6.209608e+09
A37: =+'Exhibit I - no Z rows'!A38 -> Total Liabilities | B37: =+'Exhibit I - no Z rows'!B38 -> 6.2060989e+09 | C37: =+'Exhibit I - no Z rows'!C38 -> 165549.8 | D37: =+'Exhibit I - no Z rows'!D38 -> 3343587.2 | E37: =+'Exhibit I - no Z rows'!E38 -> 6.209608e+09
A38: =+'Exhibit I - no Z rows'!A40 -> DEFERRED INFLOWS
A39: =+'Exhibit I - no Z rows'!A41 -> Deferred Inflows of Resources (Note 29) | B39: 0 | C39: =+'Exhibit I - no Z rows'!C41 -> 9.8244004e+08 | D39: 0 | E39: =+'Exhibit I - no Z rows'!E41 -> 9.8244004e+08
A40: =+'Exhibit I - no Z rows'!A42 -> Total Deferred Inflows | B40: 0 | C40: =+'Exhibit I - no Z rows'!C42 -> 9.8244004e+08 | D40: 0 | E40: =+'Exhibit I - no Z rows'!E42 -> 9.8244004e+08
A41: =+'Exhibit I - no Z rows'!A44 -> FUND FINANCIAL STATEMENT – FUND BALANCES
A42: =+'Exhibit I - no Z rows'!A45 -> Fund Balances (Deficits):
A43: =+'Exhibit I - no Z rows'!A46 -> Nonspendable
A44: =+'Exhibit I - no Z rows'!A47 -> Restricted | B44: =+'Exhibit I - no Z rows'!B47 -> 9.497099e+08 | C44: =+'Exhibit I - no Z rows'!C47 -> 15302432 | D44: =+'Exhibit I - no Z rows'!D47 -> 9.9256596e+08 | E44: =+'Exhibit I - no Z rows'!E47 -> 1.9575783e+09
A45: =+'Exhibit I - no Z rows'!A48 -> Committed | B45: =+'Exhibit I - no Z rows'!B48 -> 1.196679e+08 | C45: =+'Exhibit I - no Z rows'!C48 -> 6061520.8 | D45: 0 | E45: =+'Exhibit I - no Z rows'!E48 -> 1.2572942e+08
A46: =+'Exhibit I - no Z rows'!A49 -> Unassigned | B46: 5.6619003e+10 | C46: 0 | D46: 0 | E46: 5.6619003e+10
A47: =+'Exhibit I - no Z rows'!A50 -> Total Fund Balances | B47: 5.7688381e+10 | C47: =+'Exhibit I - no Z rows'!C50 -> 21363952 | D47: =+'Exhibit I - no Z rows'!D50 -> 9.9256596e+08 | E47: 5.870231e+10
A48: =+'Exhibit I - no Z rows'!A52 -> Total Liabilities, Deferred Inflows of Resources and Fund Balances | B48: 6.3894479e+10 | C48: =+'Exhibit I - no Z rows'!C52 -> 1.0039695e+09 | D48: =+'Exhibit I - no Z rows'!D52 -> 9.9590954e+08 | E48: 6.5894359e+10
A49: =+'Exhibit I - no Z rows'!A54 -> The accompanying Notes to the Financial Statements are an integral part of this financial statement.
A50: Return to TOC
A51: End of Sheet

Sheet Exhibit II
A1: Agency 902 EXHIBIT II Combined Statement of Revenues, Expenditures and Changes in Fund Balances – Governmental Funds
A2: For the Fiscal Year Ended August 31, 2025
A3: Governmental Fund Types
A4: Financial Statement Line Items | B4: General Funds (Exhibit A-2) | C4: Special Revenue Funds Exhibit B-2) | D4: Permanent Funds (Exhibit C-2) | E4: Governmental Funds Total
A5: =+'Exhibit II no Z rows'!A2 -> REVENUES
A6: =+'Exhibit II no Z rows'!A3 -> Taxes (GR) | B6: =+'Exhibit II no Z rows'!B3 -> 7.452797e+10 | C6: =+'Exhibit II no Z rows'!C3 -> 4.7793309e+09 | D6: 0 | E6: =+'Exhibit II no Z rows'!E3 -> 7.93073e+10
A7: =+'Exhibit II no Z rows'!A4 -> License, Fees & Permits (PR) | B7: =+'Exhibit II no Z rows'!B4 -> 1.5796935e+09 | C7: 0 | D7: 0 | E7: =+'Exhibit II no Z rows'!E4 -> 1.5796935e+09
A8: =+'Exhibit II no Z rows'!A5 -> Interest and Other Investment Income (PR) | B8: =+'Exhibit II no Z rows'!B5 -> -24825356 | C8: 0 | D8: 0 | E8: =+'Exhibit II no Z rows'!E5 -> -24825356
A9: =+'Exhibit II no Z rows'!A6 -> Interest and Other Investment Income (GR) | B9: =+'Exhibit II no Z rows'!B6 -> 2.2605459e+09 | C9: =+'Exhibit II no Z rows'!C6 -> 5179656.7 | D9: =+'Exhibit II no Z rows'!D6 -> 10494221 | E9: =+'Exhibit II no Z rows'!E6 -> 2.2762198e+09
A10: =+'Exhibit II no Z rows'!A7 -> Net Increase (Decrease) in Fair Value (GR) | B10: =+'Exhibit II no Z rows'!B7 -> 6.645912e+08 | C10: 0 | D10: =+'Exhibit II no Z rows'!D7 -> 48173288 | E10: =+'Exhibit II no Z rows'!E7 -> 7.1276449e+08
A11: =+'Exhibit II no Z rows'!A8 -> Land Income (PR) | B11: =+'Exhibit II no Z rows'!B8 -> 4974757.5 | C11: 0 | D11: 0 | E11: =+'Exhibit II no Z rows'!E8 -> 4974757.5
A12: =+'Exhibit II no Z rows'!A9 -> Settlement of Claims (GR) | B12: =+'Exhibit II no Z rows'!B9 -> 8.0384368e+08 | C12: 0 | D12: 0 | E12: =+'Exhibit II no Z rows'!E9 -> 8.0384368e+08
A13: =+'Exhibit II no Z rows'!A10 -> Sales of Goods and Services (PR) | B13: =+'Exhibit II no Z rows'!B10 -> 33319189 | C13: 0 | D13: 0 | E13: =+'Exhibit II no Z rows'!E10 -> 33319189
A14: =+'Exhibit II no Z rows'!A11 -> Other (GR) | B14: =+'Exhibit II no Z rows'!B11 -> 1.6745232e+09 | C14: =+'Exhibit II no Z rows'!C11 -> 46218548 | D14: =+'Exhibit II no Z rows'!D11 -> 1.9408618e+08 | E14: =+'Exhibit II no Z rows'!E11 -> 1.9148279e+09
A15: =+'Exhibit II no Z rows'!A12 -> Total Revenues | B15: =+'Exhibit II no Z rows'!B12 -> 8.1524636e+10 | C15: =+'Exhibit II no Z rows'!C12 -> 4.8307291e+09 | D15: =+'Exhibit II no Z rows'!D12 -> 2.5275369e+08 | E15: =+'Exhibit II no Z rows'!E12 -> 8.6608118e+10
A16: =+'Exhibit II no Z rows'!A14 -> EXPENDITURES
A17: =+'Exhibit II no Z rows'!A15 -> Salaries And Wages | B17: =+'Exhibit II no Z rows'!B15 -> 684782.56 | C17: 0 | D17: 0 | E17: =+'Exhibit II no Z rows'!E15 -> 684782.56
A18: =+'Exhibit II no Z rows'!A16 -> Payroll Related Costs | B18: =+'Exhibit II no Z rows'!B16 -> 1.4015663e+09 | C18: 0 | D18: 0 | E18: =+'Exhibit II no Z rows'!E16 -> 1.4015663e+09
A19: =+'Exhibit II no Z rows'!A17 -> Professional Fees and Services | B19: =+'Exhibit II no Z rows'!B17 -> 16233029 | C19: =+'Exhibit II no Z rows'!C17 -> 1614414 | D19: =+'Exhibit II no Z rows'!D17 -> 989035.33 | E19: =+'Exhibit II no Z rows'!E17 -> 18836479
A20: =+'Exhibit II no Z rows'!A18 -> Travel | B20: =+'Exhibit II no Z rows'!B18 -> 19535.04 | C20: 0 | D20: 0 | E20: =+'Exhibit II no Z rows'!E18 -> 19535.04
A21: =+'Exhibit II no Z rows'!A19 -> Materials and Supplies | B21: =+'Exhibit II no Z rows'!B19 -> 15326.49 | C21: 0 | D21: 0 | E21: =+'Exhibit II no Z rows'!E19 -> 15326.49
A22: =+'Exhibit II no Z rows'!A20 -> Communications and Utilities | B22: =+'Exhibit II no Z rows'!B20 -> 862929.59 | C22: 0 | D22: 0 | E22: =+'Exhibit II no Z rows'!E20 -> 862929.59
A23: =+'Exhibit II no Z rows'!A21 -> Repairs and Maintenance | B23: =+'Exhibit II no Z rows'!B21 -> 103451.46 | C23: 0 | D23: 0 | E23: =+'Exhibit II no Z rows'!E21 -> 103451.46
A24: =+'Exhibit II no Z rows'!A22 -> Claims and Judgments | B24: =+'Exhibit II no Z rows'!B22 -> 26818867 | C24: =+'Exhibit II no Z rows'!C22 -> 81168.23 | D24: 0 | E24: =+'Exhibit II no Z rows'!E22 -> 26900036
A25: =+'Exhibit II no Z rows'!A23 -> Intergovernmental Payments | B25: =+'Exhibit II no Z rows'!B23 -> 7.1851985e+08 | C25: =+'Exhibit II no Z rows'!C23 -> 52372288 | D25: =+'Exhibit II no Z rows'!D23 -> 640855 | E25: =+'Exhibit II no Z rows'!E23 -> 7.71533e+08
A26: =+'Exhibit II no Z rows'!A24 -> Interest Expense - Other | B26: =+'Exhibit II no Z rows'!B24 -> 81191806 | C26: 0 | D26: 0 | E26: =+'Exhibit II no Z rows'!E24 -> 81191806
A27: =+'Exhibit II no Z rows'!A25 -> Other Expenditures | B27: =+'Exhibit II no Z rows'!B25 -> 1.3266203e+09 | C27: =+'Exhibit II no Z rows'!C25 -> 5202.44 | D27: 0 | E27: =+'Exhibit II no Z rows'!E25 -> 1.3266255e+09
A28: =+'Exhibit II no Z rows'!A26 -> Interest | B28: =+'Exhibit II no Z rows'!B26 -> 118849.68 | C28: 0 | D28: 0 | E28: =+'Exhibit II no Z rows'!E26 -> 118849.68
A29: =+'Exhibit II no Z rows'!A27 -> Total Expenditures | B29: =+'Exhibit II no Z rows'!B27 -> 3.5727551e+09 | C29: =+'Exhibit II no Z rows'!C27 -> 54073073 | D29: =+'Exhibit II no Z rows'!D27 -> 1629890.3 | E29: =+'Exhibit II no Z rows'!E27 -> 3.628458e+09
A30: =+'Exhibit II no Z rows'!A29 -> Excess (Deficiency) of Revenues over Expenditures | B30: =+'Exhibit II no Z rows'!B29 -> 7.7951881e+10 | C30: =+'Exhibit II no Z rows'!C29 -> 4.7766561e+09 | D30: =+'Exhibit II no Z rows'!D29 -> 2.511238e+08 | E30: =+'Exhibit II no Z rows'!E29 -> 8.297966e+10
A31: =+'Exhibit II no Z rows'!A31 -> OTHER FINANCING SOURCES (USES)
A32: =+'Exhibit II no Z rows'!A32 -> Transfer In | B32: =+'Exhibit II no Z rows'!B32 -> 7.4541723e+09 | C32: =+'Exhibit II no Z rows'!C32 -> 6.1532329e+09 | D32: =+'Exhibit II no Z rows'!D32 -> 1.5185752e+08 | E32: =+'Exhibit II no Z rows'!E32 -> 1.3759263e+10
A33: =+'Exhibit II no Z rows'!A33 -> Transfer Out | B33: -3.3837277e+10 | C33: =+'Exhibit II no Z rows'!C33 -> -1.0937237e+10 | D33: =+'Exhibit II no Z rows'!D33 -> -2.1108453e+08 | E33: -44985598234
A34: =+'Exhibit II no Z rows'!A34 -> Legislative Transfer Out | B34: -4.1912534e+10 | C34: 0 | D34: 0 | E34: -4.1912534e+10
A35: =+'Exhibit II no Z rows'!A35 -> Sale of Capital Assets | B35: =+'Exhibit II no Z rows'!B35 -> 31526.9 | C35: 0 | D35: 0 | E35: =+'Exhibit II no Z rows'!E35 -> 31526.9
A36: =+'Exhibit II no Z rows'!A36 -> Contributions to permanent foundation principal | B36: 0 | C36: 0 | D36: =+'Exhibit II no Z rows'!D36 -> -25209796 | E36: =+'Exhibit II no Z rows'!E36 -> -25209796
A37: =+'Exhibit II no Z rows'!A37 -> Insurance Recoveries | B37: =+'Exhibit II no Z rows'!B37 -> 91386.88 | C37: 0 | D37: 0 | E37: =+'Exhibit II no Z rows'!E37 -> 91386.88
A38: =+'Exhibit II no Z rows'!A38 -> Total Other Financing Sources (Uses) | B38: -6.8295515e+10 | C38: =+'Exhibit II no Z rows'!C38 -> -4.7840041e+09 | D38: =+'Exhibit II no Z rows'!D38 -> -84436804 | E38: -7.3163956e+10
A40: =+'Exhibit II no Z rows'!A40 -> Net Change in Fund Balances | B40: 9.6563652e+09 | C40: =+'Exhibit II no Z rows'!C40 -> -7348065.5 | D40: =+'Exhibit II no Z rows'!D40 -> 1.6668699e+08 | E40: 9.8157042e+09
A41: =+'Exhibit II no Z rows'!A42 -> FUND FINANCIAL STATEMENT – FUND BALANCES
A42: =+'Exhibit II no Z rows'!A43 -> Fund Balances, September 1, 2024 | B42: =+'Exhibit II no Z rows'!B43 -> 4.8032015e+10 | C42: =+'Exhibit II no Z rows'!C43 -> 28712018 | D42: =+'Exhibit II no Z rows'!D43 -> 8.2587896e+08 | E42: =+'Exhibit II no Z rows'!E43 -> 4.8886606e+10
A43: =+'Exhibit II no Z rows'!A45 -> Fund Balances, August 31, 2025 | B43: 5.7688381e+10 | C43: =+'Exhibit II no Z rows'!C45 -> 21363952 | D43: =+'Exhibit II no Z rows'!D45 -> 9.9256596e+08 | E43: 5.870231e+10
A44: =+'Exhibit II no Z rows'!A47 -> The accompanying Notes to the Financial Statements are an integral part of this financial statement.
A45: Return to TOC
A46: End of Sheet

Sheet Exhibit VI
A1: Agency 902 EXHIBIT VI Combined Statement of Fiduciary Net Position Fiduciary Funds
A2: August 31, 2025
A3: Financial Statement Line Items | B3: Private Purpose Trust Funds (Exhibit I-1) | C3: Custodial Funds (Exhibit J-1) | D3: Total (Exhibit VI) 2025
A4: =+'Exhibit VI no Z rows'!A2 -> ASSETS
A5: =+'Exhibit VI no Z rows'!A3 -> Cash and Cash Equivalents (Note 3):
A6: =+'Exhibit VI no Z rows'!A4 -> Cash in State Treasury | B6: =+'Exhibit VI no Z rows'!B4 -> 3492254.5 | C6: =+'Exhibit VI no Z rows'!C4 -> 1.7965965e+09 | D6: =+'Exhibit VI no Z rows'!D4 -> 1.8000887e+09
A7: =+'Exhibit VI no Z rows'!A5 -> Receivables:
A8: =+'Exhibit VI no Z rows'!A6 -> Federal | B8: =+'Exhibit VI no Z rows'!B6 -> 2832867.8 | C8: 0 | D8: =+'Exhibit VI no Z rows'!D6 -> 2832867.8
A9: =+'Exhibit VI no Z rows'!A7 -> Interest and Dividends | B9: =+'Exhibit VI no Z rows'!B7 -> 12485.85 | C9: 0 | D9: =+'Exhibit VI no Z rows'!D7 -> 12485.85
A10: =+'Exhibit VI no Z rows'!A8 -> Total Assets | B10: 6337608.1 | C10: 1.7965965e+09 | D10: 1.8029341e+09
A11: Liabilities
A12: Accounts Payable | B12: 0 | C12: 0 | D12: 0
A13: Total Liabilities | B13: 0 | C13: 0 | D13: 0
A14: =+'Exhibit VI no Z rows'!A9 -> NET POSITION
A15: =+'Exhibit VI no Z rows'!A10 -> Fiduciary NP Other Purposes | B15: 6337608.1 | C15: 1.7965965e+09 | D15: 1.8029341e+09
A16: =+'Exhibit VI no Z rows'!A11 -> Total Net Position | B16: =+'Exhibit VI no Z rows'!B11 -> 6337608.1 | C16: =+'Exhibit VI no Z rows'!C11 -> 1.7965965e+09 | D16: =+'Exhibit VI no Z rows'!D11 -> 1.8029341e+09
A17: =+'Exhibit VI no Z rows'!A12 -> The accompanying notes to the financial statements are an integral part of this statement.
A18: Return to TOC
A19: End of Sheet

Sheet Exhibit VII
A1: Agency 902 Exhibit VII Combined Statement of Changes in Fiduciary Net Position Fiduciary Funds
A2: For the Fiscal Year Ended August 31, 2025
A3: Financial Statement Line Items | B3: Private Purpose Trust Funds (Exhibit I-2) | C3: Custodial Funds (Exhibit J-2) | D3: Total (Exhibit VII) 2025
A4: =+'[1]Exhibit VII no Z rows'!A2 -> ADDITIONS
A5: =+'[1]Exhibit VII no Z rows'!A3 -> Contributions:
A6: =+'[1]Exhibit VII no Z rows'!A4 -> Federal Contributions | B6: =+'[1]Exhibit VII no Z rows'!B4 -> 3685942 | C6: 0 | D6: =+'[1]Exhibit VII no Z rows'!D4 -> 3685942
A7: =+'[1]Exhibit VII no Z rows'!A5 -> Total Contributions | B7: =+'[1]Exhibit VII no Z rows'!B5 -> 3685942 | C7: 0 | D7: =+'[1]Exhibit VII no Z rows'!D5 -> 3685942
A8: =+'[1]Exhibit VII no Z rows'!A6 -> Investment Income:
A9: =+'[1]Exhibit VII no Z rows'!A7 -> From Investing Activities:
A10: =+'[1]Exhibit VII no Z rows'!A8 -> Interest, Dividend and Other | B10: =+'[1]Exhibit VII no Z rows'!B8 -> 154877.66 | C10: =+'[1]Exhibit VII no Z rows'!C8 -> 11364029 | D10: =+'[1]Exhibit VII no Z rows'!D8 -> 11518906
A11: =+'[1]Exhibit VII no Z rows'!A9 -> Total Investing Income (Loss) | B11: =+'[1]Exhibit VII no Z rows'!B9 -> 154877.66 | C11: =+'[1]Exhibit VII no Z rows'!C9 -> 11364029 | D11: =+'[1]Exhibit VII no Z rows'!D9 -> 11518906
A12: =+'[1]Exhibit VII no Z rows'!A10 -> Net Income from Investing Activities | B12: =+'[1]Exhibit VII no Z rows'!B10 -> 154877.66 | C12: =+'[1]Exhibit VII no Z rows'!C10 -> 11364029 | D12: =+'[1]Exhibit VII no Z rows'!D10 -> 11518906
A13: =+'[1]Exhibit VII no Z rows'!A11 -> Total Net Investment Income (Loss) | B13: =+'[1]Exhibit VII no Z rows'!B11 -> 154877.66 | C13: =+'[1]Exhibit VII no Z rows'!C11 -> 11364029 | D13: =+'[1]Exhibit VII no Z rows'!D11 -> 11518906
A14: =+'[1]Exhibit VII no Z rows'!A12 -> Other Additions:
A15: =+'[1]Exhibit VII no Z rows'!A13 -> Other Revenue | B15: 0 | C15: =+'[1]Exhibit VII no Z rows'!C13 -> 1.4298696e+10 | D15: =+'[1]Exhibit VII no Z rows'!D13 -> 1.4298696e+10
A16: =+'[1]Exhibit VII no Z rows'!A14 -> Transfer In | B16: =+'[1]Exhibit VII no Z rows'!B14 -> 109001180 | C16: 0 | D16: =+'[1]Exhibit VII no Z rows'!D14 -> 109001180
A17: =+'[1]Exhibit VII no Z rows'!A15 -> Total Other Additions | B17: =+'[1]Exhibit VII no Z rows'!B15 -> 109001180 | C17: =+'[1]Exhibit VII no Z rows'!C15 -> 1.4298696e+10 | D17: =+'[1]Exhibit VII no Z rows'!D15 -> 1.4407697e+10
A18: =+'[1]Exhibit VII no Z rows'!A16 -> Total Additions | B18: =+'[1]Exhibit VII no Z rows'!B16 -> 1.12842e+08 | C18: =+'[1]Exhibit VII no Z rows'!C16 -> 1.431006e+10 | D18: =+'[1]Exhibit VII no Z rows'!D16 -> 1.4422902e+10
A19: =+'[1]Exhibit VII no Z rows'!A17 -> DEDUCTIONS
A20: =+'[1]Exhibit VII no Z rows'!A18 -> Interest Expense | B20: 0 | C20: =+'[1]Exhibit VII no Z rows'!C18 -> 11071771 | D20: =+'[1]Exhibit VII no Z rows'!D18 -> 11071771
A21: =+'[1]Exhibit VII no Z rows'!A19 -> Intergovernmental Payments | B21: =+'[1]Exhibit VII no Z rows'!B19 -> 1.1390995e+08 | C21: =+'[1]Exhibit VII no Z rows'!C19 -> 1.4219961e+10 | D21: =+'[1]Exhibit VII no Z rows'!D19 -> 1.4333871e+10
A22: =+'[1]Exhibit VII no Z rows'!A20 -> Total Deductions | B22: =+'[1]Exhibit VII no Z rows'!B20 -> 1.1390995e+08 | C22: =+'[1]Exhibit VII no Z rows'!C20 -> 1.4231033e+10 | D22: =+'[1]Exhibit VII no Z rows'!D20 -> 1.4344943e+10
A23: =+'[1]Exhibit VII no Z rows'!A21 -> INCREASE (DECREASE) IN NET POSITION | B23: =+'[1]Exhibit VII no Z rows'!B21 -> -1067949.7 | C23: =+'[1]Exhibit VII no Z rows'!C21 -> 79027441 | D23: =+'[1]Exhibit VII no Z rows'!D21 -> 77959492
A24: =+'[1]Exhibit VII no Z rows'!A22 -> NET POSITION
A25: =+'[1]Exhibit VII no Z rows'!A23 -> Net Position, September 1, 2024 | B25: =+'[1]Exhibit VII no Z rows'!B23 -> 7405557.8 | C25: =+'[1]Exhibit VII no Z rows'!C23 -> 1.717569e+09 | D25: =+'[1]Exhibit VII no Z rows'!D23 -> 1.7249746e+09
A26: =+'[1]Exhibit VII no Z rows'!A24 -> Net Position, September 1, 2024, as Restated | B26: =+'[1]Exhibit VII no Z rows'!B24 -> 7405557.8 | C26: =+'[1]Exhibit VII no Z rows'!C24 -> 1.717569e+09 | D26: =+'[1]Exhibit VII no Z rows'!D24 -> 1.7249746e+09
A27: =+'[1]Exhibit VII no Z rows'!A25 -> Net Position, August 31, 2025 | B27: =+'[1]Exhibit VII no Z rows'!B25 -> 6337608.1 | C27: =+'[1]Exhibit VII no Z rows'!C25 -> 1.7965965e+09 | D27: =+'[1]Exhibit VII no Z rows'!D25 -> 1.8029341e+09
A28: =+'[1]Exhibit VII no Z rows'!A26 -> The accompanying notes to the financial statements are an integral part of this statement.
A29: Return to TOC
A30: End of Sheet

Sheet Note 2 Capital Assets
A1: Note 2: Capital Assets
A2: Financial Statement Line Items | B2: Balance as of Sept. 1, 2024 | C2: Adjustments | D2: Reclassification | E2: Additions | F2: Deletions | G2: Balance as of Aug. 31, 2025
A3: Depreciable Assets
A4: Furniture and Equipment | B4: 276704.43 | C4: 0 | D4: 0 | E4: 0 | F4: 0 | G4: 276704.43
A5: Less Accumulated Depreciation | B5: -276704.43 | C5: 0 | D5: 0 | E5: 0 | F5: 0 | G5: -276704.43
A6: Depreciable Assets, Net | B6: =+B4+B5 -> 0 | C6: =+C4+C5 -> 0 | D6: =+D4+D5 -> 0 | E6: =+E4+E5 -> 0 | F6: =+F4+F5 -> 0 | G6: =+G4+G5 -> 0
A7: Computer Software | B7: 3207683.9 | C7: 0 | D7: 0 | E7: 0 | F7: 0 | G7: 3207683.9
A8: Less Accumulated Amortization | B8: -3207683.9 | C8: 0 | D8: 0 | E8: 0 | F8: 0 | G8: -3207683.9
A9: Amortizable Assets, Net | B9: =+B7+B8 -> 0 | C9: =+C7+C8 -> 0 | D9: =+D7+D8 -> 0 | E9: =+E7+E8 -> 0 | F9: =+F7+F8 -> 0 | G9: =+G7+G8 -> 0
A10: Total Capital Assets | B10: =+B6+B9 -> 0 | C10: =+C6+C9 -> 0 | D10: =+D6+D9 -> 0 | E10: =+E6+E9 -> 0 | F10: =+F6+F9 -> 0 | G10: =+G6+G9 -> 0
A11: Return to TOC
A12: End of Sheet

Sheet Note 3 Deposits of Cash in Bank
B1: Note 3: Deposits of Cash In Bank
B2: GOVERNMENTAL AND BUSINESS TYPE ACTIVITIES | C2: Amount
B3: Cash in Bank - Carrying Amount | C3: 18689014
B4: Total Cash in Bank, per AFR (Exhibit I) | C4: =C3 -> 18689014
B5: Return to TOC
B6: End of Sheet

Sheet Note 3 Investments
A1: Note 3 Investments
A2: Fair Value
A3: Special Revenue Fund -Unclaimed Property (0001/4113) | B3: Level 1 Inputs | C3: Level 2 Inputs | D3: Level 3 Inputs | E3: Amortized Cost | F3: Net Asset Value | G3: Fair Value
A4: U.S. Government Treasuries | B4: 0 | C4: 47032.7 | D4: 0 | E4: 0 | F4: 0 | G4: =SUM(B4:F4) -> 47032.7
A5: U.S. Government Agency Obligations | B5: 0 | C5: 11296.89 | D5: 0 | E5: 0 | F5: 0 | G5: =SUM(B5:F5) -> 11296.89
A6: Government Sponsored Enterprises | B6: 0 | C6: 22598.21 | D6: 0 | E6: 0 | F6: 0 | G6: =SUM(B6:F6) -> 22598.21
A7: Non-Agency Collateral Mortgage Obligations | B7: 0 | C7: 7686.8 | D7: 0 | E7: 0 | F7: 0 | G7: =SUM(B7:F7) -> 7686.8
A8: Corporate Obligations | B8: 0 | C8: 173502.72 | D8: 0 | E8: 0 | F8: 0 | G8: =SUM(B8:F8) -> 173502.72
A9: Political Subdivisions | B9: 0 | C9: 573686.45 | D9: 0 | E9: 0 | F9: 0 | G9: =SUM(B9:F9) -> 573686.45
A10: Equity | B10: 6.0281035e+08 | C10: 0 | D10: 0 | E10: 0 | F10: 0 | G10: =SUM(B10:F10) -> 6.0281035e+08
A11: Fixed Income Money Market and Bond Mutual Funds | B11: 12389313 | C11: 0 | D11: 0 | E11: 0 | F11: 0 | G11: =SUM(B11:F11) -> 12389313
A12: Categorized | B12: =SUM(B4:B11) -> 6.1519966e+08 | C12: =SUM(C4:C11) -> 835803.77 | D12: 0 | E12: 0 | F12: 0 | G12: =SUM(G4:G11) -> 6.1603546e+08
A13: Externally Managed Investments | B13: 0 | C13: 0 | D13: 0 | E13: 0 | F13: 39117.35 | G13: =SUM(B13:F13) -> 39117.35
A14: Mutual Funds | B14: 3.594193e+08 | C14: 0 | D14: 0 | E14: 0 | F14: 0 | G14: =SUM(B14:F14) -> 3.594193e+08
A15: Real Estate Investment Trust Fund | B15: 0 | C15: 480433.48 | D15: 0 | E15: 0 | F15: 0 | G15: =SUM(B15:F15) -> 480433.48
A16: Uncategorized | B16: =SUM(B13:B15) -> 3.594193e+08 | C16: =SUM(C13:C15) -> 480433.48 | D16: 0 | E16: 0 | F16: =SUM(F13:F15) -> 39117.35 | G16: =SUM(G13:G15) -> 3.5993885e+08
A17: Total | B17: =B12+B16 -> 9.7461896e+08 | C17: =C12+C16 -> 1316237.2 | D17: 0 | E17: 0 | F17: =F12+F16 -> 39117.35 | G17: =G12+G16 -> 9.7597431e+08
A18: Fair Value
A19: Permanent Fund - Supporting Graduate Education (0179/1179) | B19: Level 1 Inputs | C19: Level 2 Inputs | D19: Level 3 Inputs | E19: Amortized Cost | F19: Net Asset Value | G19: Fair Value
A20: Fixed Income Money Market and Bond Mutual Funds | B20: 13060389 | C20: 0 | D20: 0 | E20: 0 | F20: 0 | G20: =SUM(B20:F20) -> 13060389
A21: Equity | B21: =28987599.82+1358344.26+0.02 -> 30345944 | C21: 0 | D21: 0 | E21: 0 | F21: 0 | G21: =SUM(B21:F21) -> 30345944
A22: Externally Managed Investments | B22: 0 | C22: 363205.86 | D22: 0 | E22: 0 | F22: 4.1255868e+08 | G22: =SUM(B22:F22) -> 4.1292189e+08
A23: Pooled Investments | B23: 0 | C23: 17147224 | D23: 0 | E23: 0 | F23: 0 | G23: =SUM(B23:F23) -> 17147224
A24: Total | B24: =SUM(B20:B23) -> 43406333 | C24: =SUM(C20:C23) -> 17510430 | D24: 0 | E24: 0 | F24: =SUM(F20:F23) -> 4.1255868e+08 | G24: =SUM(G20:G23) -> 4.7347544e+08
A25: Fair Value
A26: Permanent Fund - Supporting Military & Veterans Exemptions (0210/1210) | B26: Level 1 Inputs | C26: Level 2 Inputs | D26: Level 3 Inputs | E26: Amortized Cost | F26: Net Asset Value | G26: Fair Value
A27: Fixed Income Money Market and Bond Mutual Funds | B27: 11069850 | C27: 0 | D27: 0 | E27: 0 | F27: 0 | G27: =SUM(B27:F27) -> 11069850
A28: Equity | B28: =19661526.27+921329.18 -> 20582855 | C28: 0 | D28: 0 | E28: 0 | F28: 0 | G28: =SUM(B28:F28) -> 20582855
A29: Externally Managed Investments | B29: 0 | C29: 246352.98 | D29: 0 | E29: 0 | F29: 3.0963942e+08 | G29: =SUM(B29:F29) -> 3.0988577e+08
A30: Pooled Investments | B30: 0 | C30: 11630511 | D30: 0 | E30: 0 | F30: 0 | G30: =SUM(B30:F30) -> 11630511
A31: Total | B31: =SUM(B27:B30) -> 31652706 | C31: =SUM(C27:C30) -> 11876864 | D31: 0 | E31: 0 | F31: =SUM(F27:F30) -> 3.0963942e+08 | G31: =SUM(G27:G30) -> 3.5316899e+08
A32: Fair Value
A33: General Fund - Economic Stabilization Fund (0599/5991) | B33: Level 1 Inputs | C33: Level 2 Inputs | D33: Level 3 Inputs | E33: Amortized Cost | F33: Net Asset Value | G33: Fair Value
A34: Fixed Income Money Market and Bond Mutual Funds | B34: 3.19737e+08 | C34: 0 | D34: 0 | E34: 0 | F34: 0 | G34: =SUM(B34:F34) -> 3.19737e+08
A35: Equity | B35: 2.7186342e+08 | C35: 0 | D35: 0 | E35: 0 | F35: 0 | G35: =SUM(B35:F35) -> 2.7186342e+08
A36: Externally Managed Investments | B36: 0 | C36: 0 | D36: 0 | E36: 0 | F36: 3.053186e+09 | G36: =SUM(B36:F36) -> 3.053186e+09
A37: Global Fixed Income - Mutual Funds | B37: 1.1205767e+10 | C37: 0 | D37: 0 | E37: 0 | F37: 0 | G37: =SUM(B37:F37) -> 1.1205767e+10
A38: Pooled Investments | B38: =1059151155.28+1073900262.03+524190496.53+28201817.41+211582142.83 -> 2.8970259e+09 | C38: 3.6666749e+09 | D38: 0 | E38: 0 | F38: 0 | G38: =SUM(B38:F38) -> 6.5637008e+09
A39: Total | B39: =SUM(B34:B38) -> 1.4694393e+10 | C39: =SUM(C34:C38) -> 3.6666749e+09 | D39: 0 | E39: 0 | F39: =SUM(F34:F38) -> 3.053186e+09 | G39: =SUM(G34:G38) -> 2.1414254e+10
A40: Return to TOC
A41: End of Sheet

Sheet Note 3 Credit Risk
A1: Note 3: Credit Risk
A2: Standard & Poor's
A3: Fund Type | B3: GAAP Fund | C3: Investment Type | D3: Market Value | E3: AAA | F3: AA | G3: A | H3: BBB
A4: 02 | B4: 0001 | C4: Asset Back Security | D4: 0 | E4: 0 | F4: 0 | G4: 0 | H4: 0
A5: 02 | B5: 0001 | C5: U.S. Government Treasuries | D5: =E5+F5+G5+H5+D39+E39+F39+G39+H39 -> 47032.7 | E5: 0 | F5: 47032.7 | G5: 0 | H5: 0
A6: 02 | B6: 0001 | C6: U.S. Government Agencies | D6: =E6+F6+G6+H6+D40+E40+F40+G40+H40 -> 11296.89 | E6: 0 | F6: 11296.89 | G6: 0 | H6: 0
A7: 02 | B7: 0001 | C7: REFCo Strip | D7: =E7+F7+G7+H7+D41+E41+F41+G41+H41 -> 0 | E7: 0 | F7: 0 | G7: 0 | H7: 0
A8: 02 | B8: 0001 | C8: Govt Mortgage Backed Securities | D8: =E8+F8+G8+H8+D42+E42+F42+G42+H42 -> 22598.21 | E8: 0 | F8: 0 | G8: 0 | H8: 0
A9: 02 | B9: 0001 | C9: Non Agency Collateral Mortgage Obligation | D9: =E9+F9+G9+H9+D43+E43+F43+G43+H43 -> 7686.8 | E9: 0 | F9: 0 | G9: 921.28 | H9: 0
A10: 02 | B10: 0001 | C10: Certificates of Deposit | D10: =E10+F10+G10+H10+D44+E44+F44+G44+H44 -> 0 | E10: 0 | F10: 0 | G10: 0 | H10: 0
A11: 02 | B11: 0001 | C11: Corporate Obligations | D11: =E11+F11+G11+H11+D45+E45+F45+G45+H45 -> 173502.72 | E11: 2099.44 | F11: 23897.32 | G11: 44707.14 | H11: 67359.75
A12: 02 | B12: 0001 | C12: Political Subdivisions | D12: =E12+F12+G12+H12+D46+E46+F46+G46+H46 -> 573686.45 | E12: 167678.6 | F12: 242852.5 | G12: 118636.6 | H12: 0
A13: 02 | B13: 0001 | C13: Mutual Funds | D13: =E13+F13+G13+H13+D47+E47+F47+G47+H47 -> 3.7180861e+08 | E13: 0 | F13: 0 | G13: 0 | H13: 0
A14: 02 | B14: 0001 | C14: Totals | D14: =SUM(D4:D13) -> 3.7264442e+08 | E14: =SUM(E4:E13) -> 169778.04 | F14: =SUM(F4:F13) -> 325079.41 | G14: =SUM(G4:G13) -> 164265.02 | H14: =SUM(H4:H13) -> 67359.75
A15: 19 | B15: 0179 | C15: Corporate Obligations | D15: =+E15+F15+G15+D49+E49+F49+G49 -> 0 | E15: 0 | F15: 0 | G15: 0 | H15: 0
A16: 19 | B16: 0179 | C16: Mutual Funds – Global Fixed Income | D16: 0 | E16: 0 | F16: 0 | G16: 0 | H16: 0
A17: 19 | B17: 0179 | C17: Mutual Funds – Domestic Fixed Income | D17: 0 | E17: 0 | F17: 0 | G17: 0 | H17: 0
A18: 19 | B18: 0179 | C18: Investments in STIF | D18: 13060389 | E18: 13060389 | F18: 0 | G18: 0 | H18: 0
A19: 19 | B19: 0179 | C19: Repurchase Agreements | D19: 0 | E19: 0 | F19: 0 | G19: 0 | H19: 0
A20: 19 | B20: 0179 | C20: Totals | D20: =SUM(D15:D19) -> 13060389 | E20: =SUM(E15:E19) -> 13060389 | F20: =SUM(F15:F19) -> 0 | G20: =SUM(G15:G19) -> 0 | H20: =SUM(H15:H19) -> 0
A21: 19 | B21: 0210 | C21: Corporate Obligations | D21: =+E21+F21+G21+D55+E55+F55+G55 -> 0 | E21: =+F21+G21+I21+E55+F55+G55+I55 -> 0 | F21: =+G21+I21+K21+F55+G55+I55+K55 -> 0 | G21: =+I21+K21+M21+G55+I55+K55+M55 -> 0 | H21: 0
A22: 19 | B22: 0210 | C22: Mutual Fund – Global Fixed Income | D22: 0 | E22: 0 | F22: 0 | G22: 0 | H22: 0
A23: 19 | B23: 0210 | C23: Mutual Fund – Domestic Fixed Income | D23: 0 | E23: 0 | F23: 0 | G23: 0 | H23: 0
A24: 19 | B24: 0210 | C24: Investments in STIF | D24: =E24 -> 11069850 | E24: 11069850 | F24: 0 | G24: 0 | H24: 0
A25: 19 | B25: 0210 | C25: Repurchase Agreements | D25: 0 | E25: 0 | F25: 0 | G25: 0 | H25: 0
A26: 19 | B26: 0210 | C26: Totals | D26: =SUM(D21:D25) -> 11069850 | E26: =SUM(E21:E25) -> 11069850 | F26: =SUM(F21:F25) -> 0 | G26: =SUM(G21:G25) -> 0 | H26: =SUM(H21:H25) -> 0
A27: 01 | B27: 0599 | C27: Corporate Asset and Mortgage Back Obligations | D27: =E27+F27+G27+H27+D61+E61+F61+G61+H61 -> 9.2751315e+08 | E27: 2.3323937e+08 | F27: 4.3898267e+08 | G27: 6096536.2 | H27: 36528944
A28: 01 | B28: 0599 | C28: Corporate Obligations | D28: =E28+F28+G28+H28+D62+E62+F62+G62 -> 1.0491068e+09 | E28: 0 | F28: 35355496 | G28: 3.1039872e+08 | H28: 6.4421651e+08
A29: 01 | B29: 0599 | C29: Municipal Obligations | D29: =E29+F29+G29+H29+D63+E63+F63+G63+H62 -> 28192136 | E29: 12858196 | F29: 8928324.3 | G29: 6400902.7 | H29: 0
A30: 01 | B30: 0599 | C30: Mutual Funds – Global Fixed Income | D30: =E30+F30+G30+H30+D64+E64+F64+G64+H64 -> 1.1205767e+10 | E30: 0 | F30: 0 | G30: 0 | H30: 0
A31: 01 | B31: 0599 | C31: Mutual Funds – Domestic Fixed Income | D31: 0 | E31: 0 | F31: 0 | G31: 0 | H31: 0
A32: 01 | B32: 0599 | C32: US Government Agency Obligations | D32: =E32+F32+G32+H32+D66+E66+F66+G66+H66 -> 2.4564368e+08 | E32: 0 | F32: 2.4564368e+08 | G32: 0 | H32: 0
A33: 01 | B33: 0599 | C33: U.S. Treasury Securities | D33: =E33+F33+G33+H33+D68+E68+F68+G68+H68 -> 3.0425117e+09 | E33: 0 | F33: 3.0425117e+09 | G33: 0 | H33: 0
A34: 01 | B34: 0599 | C34: Investments in STIF | D34: =E34+F34+G34+H34+D68+E68+F68+G68+H68 -> 3.19737e+08 | E34: 3.19737e+08 | F34: 0 | G34: 0 | H34: 0
A35: 01 | B35: 0599 | C35: Totals | D35: =SUM(D27:D34) -> 1.6818471e+10 | E35: =SUM(E27:E34) -> 5.6583457e+08 | F35: =SUM(F27:F34) -> 3.7714219e+09 | G35: =SUM(G27:G34) -> 3.2289616e+08 | H35: =SUM(H27:H34) -> 6.8074545e+08
A36: Standard & Poor's (Concluded)
A37: Fund Type | B37: GAAP Fund | C37: Investment Type | D37: BB | E37: B | F37: CCC | G37: Not Rated | H37: Not Applicable
A38: 02 | B38: 0001 | C38: Asset Back Security | D38: 0 | E38: 0 | F38: 0 | G38: 0 | H38: 0
A39: 02 | B39: 0001 | C39: U.S. Government Treasuries | D39: 0 | E39: 0 | F39: 0 | G39: 0 | H39: 0
A40: 02 | B40: 0001 | C40: U.S. Government Agencies | D40: 0 | E40: 0 | F40: 0 | G40: 0 | H40: 0
A41: 02 | B41: 0001 | C41: REFCo Strip | D41: 0 | E41: 0 | F41: 0 | G41: 0 | H41: 0
A42: 02 | B42: 0001 | C42: Govt Mortgage Backed Securities | D42: 0 | E42: 0 | F42: 0 | G42: 16.79 | H42: 22581.42
A43: 02 | B43: 0001 | C43: Non Agency Collateral Mortgage Obligation | D43: 0 | E43: 0 | F43: 0 | G43: 6765.52 | H43: 0
A44: 02 | B44: 0001 | C44: Certificates of Deposit | D44: 0 | E44: 0 | F44: 0 | G44: 0 | H44: 0
A45: 02 | B45: 0001 | C45: Corporate Obligations | D45: 0 | E45: 0 | F45: 0 | G45: 35439.07 | H45: 0
A46: 02 | B46: 0001 | C46: Political Subdivisions | D46: 0 | E46: 29647.2 | F46: 0.05 | G46: 13144.55 | H46: 1726.95
A47: 02 | B47: 0001 | C47: Mutual Funds | D47: 0 | E47: 0 | F47: 0 | G47: 3973871.8 | H47: 3.6783474e+08
A48: 02 | B48: 0001 | C48: Totals | D48: 0 | E48: =SUM(E38:E47) -> 29647.2 | F48: =SUM(F38:F47) -> 0.05 | G48: =SUM(G38:G47) -> 4029237.8 | H48: =SUM(H38:H47) -> 3.6785905e+08
A49: 19 | B49: 0179 | C49: Corporate Obligations | D49: 0 | E49: 0 | F49: 0 | G49: 0 | H49: 0
A50: 19 | B50: 0179 | C50: Mutual Funds – Global Fixed Income | D50: 0 | E50: 0 | F50: 0 | G50: 0 | H50: 0
A51: 19 | B51: 0179 | C51: Mutual Funds – Domestic Fixed Income | D51: 0 | E51: 0 | F51: 0 | G51: 0 | H51: 0
A52: 19 | B52: 0179 | C52: Investments in STIF | D52: 0 | E52: 0 | F52: 0 | G52: 0 | H52: 0
A53: 19 | B53: 0179 | C53: Repurchase Agreements | D53: 0 | E53: 0 | F53: 0 | G53: 0 | H53: 0
A54: 19 | B54: 0179 | C54: Totals | D54: 0 | E54: 0 | F54: 0 | G54: 0 | H54: 0
A55: 19 | B55: 0210 | C55: Corporate Obligations | D55: 0 | E55: 0 | F55: 0 | G55: 0 | H55: 0
A56: 19 | B56: 0210 | C56: Mutual Funds – Global Fixed Income | D56: 0 | E56: 0 | F56: 0 | G56: 0 | H56: 0
A57: 19 | B57: 0210 | C57: Mutual Funds – Domestic Fixed Income | D57: 0 | E57: 0 | F57: 0 | G57: 0 | H57: 0
A58: 19 | B58: 0210 | C58: Investments in STIF | D58: 0 | E58: 0 | F58: 0 | G58: 0 | H58: 0
A59: 19 | B59: 0210 | C59: Repurchase Agreements | D59: 0 | E59: 0 | F59: 0 | G59: 0 | H59: 0
A60: 19 | B60: 0210 | C60: Totals | D60: 0 | E60: 0 | F60: 0 | G60: 0 | H60: 0
A61: 01 | B61: 0599 | C61: Corporate Asset and Mortgage Back Obligations | D61: 0 | E61: 0 | F61: 0 | G61: 2.1266563e+08 | H61: 0
A62: 01 | B62: 0599 | C62: Corporate Obligations | D62: 44935736 | E62: 0 | F62: 0 | G62: 14200292 | H62: 0
A63: 01 | B63: 0599 | C63: Municipal Obligations | D63: 0 | E63: 0 | F63: 0 | G63: 4713.48 | H63: 0
A64: 01 | B64: 0599 | C64: Mutual Funds – Global Fixed Income | D64: 0 | E64: 0 | F64: 0 | G64: 1.1205767e+10 | H64: 0
A65: 01 | B65: 0599 | C65: Mutual Funds – Domestic Fixed Income | D65: 0 | E65: 0 | F65: 0 | G65: 0 | H65: 0
A66: 01 | B66: 0599 | C66: US Government Agency Obligations | D66: 0 | E66: 0 | F66: 0 | G66: 0 | H66: 0
A67: 01 | B67: 0599 | C67: U.S. Treasury Securities
A68: 01 | B68: 0599 | C68: Investments in STIF | D68: 0 | E68: 0 | F68: 0 | G68: 0 | H68: 0
A69: 01 | B69: 0599 | C69: Totals | D69: =SUM(D61:D68) -> 44935736 | E69: 0 | F69: 0 | G69: =SUM(G61:G68) -> 1.1432638e+10 | H69: 0
A70: Return to TOC
A71: End of Sheet

Sheet Note 5 Long Term Liabilities
A1: Note 5: Summary of Long Term Liabilities
A2: Governmental Activities | B2: Balance as of Sept. 1, 2024 | C2: Additions | D2: Reductions | E2: Other Changes | F2: Balance as of Aug. 31, 2025 | G2: Amounts due Within One Year | H2: Thereafter
A3: Employees' Compensable Leave | B3: 35206.58 | C3: 0 | D3: 0 | E3: -35206.58 | F3: =B3+C3+D3+E3 -> 0 | G3: 0 | H3: 0
A4: Total Governmental Activities | B4: =B3 -> 35206.58 | C4: =C3 -> 0 | D4: =G9 -> 0 | E4: =E3 -> -35206.58 | F4: =F3 -> 0 | G4: =G3 -> 0 | H4: 0
A5: Return to TOC
A6: End of Sheet

Sheet Note 7 Derivatives
A1: Note 7: Derivatives
A2: Permanent Fund Supporting Graduate Education (Appd Fund 0179) | B2: Changes in Fair Value Classification | C2: Changes in Fair Value Amount | D2: Fair Value as of Aug. 31, 2025 - Classification | E2: Fair Value as of Aug. 31, 2025-Amount | F2: Notional Amount
A3: Futures
A4: Commodities Futures | B4: Investment Revenue | C4: 0 | D4: Investment | E4: 0 | F4: 0
A5: Equity Index Futures | B5: Investment Revenue | C5: 0 | D5: Investment | E5: 0 | F5: 0
A6: Swaps
A7: Total Return Swap – Fixed Income | B7: Investment Revenue | C7: =+'[2]Note 7 Working Papers - TTSTC'!E20 -> 256548.82 | D7: Investment | E7: =+'[2]Note 7 Working Papers - TTSTC'!D20 -> 363205.86 | F7: =+'[2]Note 7 Working Papers - TTSTC'!F20 -> 14749034
A8: Total Return Swap – Equity | B8: Investment Revenue | C8: =+'[2]Note 7 Working Papers - TTSTC'!E21 -> 596570.34 | D8: Investment | E8: =+'[2]Note 7 Working Papers - TTSTC'!D21 -> 0 | F8: =+'[2]Note 7 Working Papers - TTSTC'!F21 -> 0
A9: Permanent Fund Supporting Military and Veterans Exemptions (Appd Fund 0210)
A10: Futures
A11: Commodities Futures | B11: Investment Revenue | C11: 0 | D11: Investment | E11: 0 | F11: 0
A12: Equity Index Futures | B12: Investment Revenue | C12: 0 | D12: Investment | E12: 0 | F12: 0
A13: Swaps
A14: Total Return Swap – Fixed Income | B14: Investment Revenue | C14: =+'[2]Note 7 Working Papers - TTSTC'!I20 -> 174010.31 | D14: Investment | E14: =+'[2]Note 7 Working Papers - TTSTC'!H20 -> 246352.98 | F14: =+'[2]Note 7 Working Papers - TTSTC'!J20 -> 10003881
A15: Total Return Swap – Equity | B15: Investment Revenue | C15: =+'[2]Note 7 Working Papers - TTSTC'!I21 -> 404637.97 | D15: Investment | E15: =+'[2]Note 7 Working Papers - TTSTC'!H21 -> 0 | F15: =+'[2]Note 7 Working Papers - TTSTC'!J21 -> 0
A16: Return to TOC
A17: End of Sheet

Sheet Note 12 Interfund
A1: NOTE 12: Interfund Activity and Transactions
A2: Fund | B2: Interfund Payable
A3: General Revenue (01)
A4: Agency 902, GAAP Fund 0001 UF Fund 0001 | B4: 3942733
A5: Total Interfund Payables/Receivable (Exh I) | B5: 3942733
A6: Return to TOC
A7: End of Sheet

Sheet Note 17 Risk Management
A1: NOTE 17: Risk Management
A2: FY | B2: Beginning Balance | C2: Increases | D2: Decreases | E2: Ending Balance
A3: ='[2]Master Dates'!B5 -> 2025 | B3: $0.00 | C3: 26900036 | D3: 26900036 | E3: $0.00
A4: ='[2]Master Dates'!C5 -> 2024 | B4: $0.00 | C4: 29197383 | D4: 29197383 | E4: $0.00
A5: ='[2]Master Dates'!D5 -> 2023 | B5: $0.00 | C5: 16273218 | D5: 16273218 | E5: $0.00
A6: Return to TOC
A7: End of Sheet

Sheet Note 27 Taxes Rec' & Payables
A1: NOTE 27: Taxes Receivables/Payables
A2: Tax Type | B2: Net Taxes Receivable
A3: Sales and Use | B3: 3.2370505e+09
A4: Motor Vehicle & MFG Housing | B4: 2.7205445e+08
A5: Motor Fuels | B5: 8882684.7
A6: Oil & Natural Gas Production | B6: 1.0262055e+09
A7: Franchise | B7: 0
A8: Insurance | B8: 5.9700971e+08
A9: Cigarette & Tobacco | B9: 22597669
A10: Other | B10: 3.4352526e+08
A11: Total Taxes | B11: =SUM(B3:B10) -> 5.5073257e+09
A12: As Reported on the Financial Statements
A13: Current Taxes Receivable | B13: =B11 -> 5.5073257e+09
A14: Noncurrent Taxes Receivable | B14: 0
A15: Total Taxes Receivable | B15: =B13+B14 -> 5.5073257e+09
A16: Refunds Payable | B16: -3.5608978e+08
A17: Total Net Taxes Receivable | B17: =B15+B16 -> 5.1512359e+09
A18: Return to TOC
A19: End of Sheet

Sheet Note 32 Govt Fund Balance
A1: NOTE 32: Governmental Fund Balances
A2: GAAP Fund | B2: Fund | C2: AFR 54 Class | D2: Citation | E2: Comments
A3: 0116 | B3: 0116 | C3: Committed | D3: Texas Local Government Code, Section 133.102 | E3: Funds committed for allocation to local law enforcement agencies for continuing education of law enforcement personnel as stipulated by the Legislature. There are no significant external restrictions.
A4: 0210 | B4: 0210 / 1210 | C4: Restricted | D4: Texas Education Code, Section 54.3411 | E4: Funds restricted to a specific purpose, to higher education institutions to offset the cost of the exemptions to certain veterans and/or dependents. Distributions are determined by the Legislative Budget Board based on each institution's respective share of the aggregate cost to all institutions of the exemptions.
A5: 0214 | B5: 0214 | C5: Restricted | D5: Texas Constitution, Article VII Section 20(a) | E5: Funds restricted to a specific purpose, to eligible institutions only for the support and maintenance of educational and general activities that promote increased research capacity at the institution.
A6: 0494 | B6: 0494 | C6: Restricted | D6: Texas Constitution, Article I Section 31 | E6: Funds restricted to a specific purpose, delivering victim-related compensation, services, or assistance.
A7: 0802 | B7: 8020 | C7: Committed | D7: Texas Transportation Code, Section 504.6012 | E7: Dedicated balances and revenues are to be deposited into accounts within the fund to be used in accordance with their specific statutory purpose.
A8: 0838 | B8: 8380 | C8: Committed | D8: Texas Tax Code, Chapter 41 Subchapter A | E8: The Comptroller’s office has broad authority to prescribe rules and administer funds deposited for pending arbitration concerning the appraised or market value of property. There are no significant external restrictions.
A9: 0886 | B9: 0886 | C9: Committed | D9: Texas Tax Code, Section 162.003(g) | E9: The Comptroller’s office has broad authority to transfer funds as necessary to carry out the purposes of the International Fuels Tax Agreement (IFTA). There are no significant external restrictions.
A10: 0903 | B10: 2903 | C10: Restricted | D10: Texas Local Government Code, Section 403.101; 33 U.S.C. Section 701c-3 | E10: To hold money allocated by the Federal Government to be distributed to counties and political subdivisions of the state based on the tax rate applied to lands acquired for flood control purposes.
A11: 5040 | B11: 5040 | C11: Restricted | D11: The State of Texas v. The American Tobacco Company, et. al, No. 5:96cv91 (U.S. District Court, Texarkana Division) | E11: Restrictions are externally imposed by the court ordered settlement.
A12: 5189 | B12: 4377 / 5189 | C12: Committed | D12: Government Code, Section 403.505 | E12: The opiod abatement account is dedicated account in the general revenue fund administered by the Comptroller. The Comptroller’s office has broad authority to transfer and administer funds deposited to state agency for the abatement of opioid-related harms.
A13: Return to TOC
A14: End of Sheet

Sheet Exhibit A-1
A1: Comptroller – Fiscal (902) EXHIBIT A-1 Combining Balance Sheet – All General and Consolidated Funds August 31, 2025
A2: Financial Statement Line Items | B2: Consolidated Funds General Revenue Fund (0001) U/F (0001, Various) | C2: Coastal Protection (0027) U/F (0027) | D2: County & Road District Highway Fund (0057) U/F (0057) | E2: Federal Disaster Fund (0092) U/F (0092) | F2: Law Enforcement Standards/Educ Fd (0116) U/F (0116) | G2: Coronavirus Relief Fund (0325) U/F (0325) | H2: Consolidated Funds Compensation Victims Crime Fd (0494) (U/F (0494) | I2: Federal Resource Receipts Distribution Fund (0521) U/F (1521) | J2: Economic Stabilization Fund (0599) U/F (0599,5990,5991) | K2: Petroleum Production Delivery Fee-Groundwater (0655) U/F (0655) | L2: License Plate Trust Fund (0802) U/F (0802, 8020) | M2: Texas Home Visiting Program Trust (0803) U/F (0803) | N2: Events Trust Fund for Municipality/County (0830) U/F (0830, 8300) | O2: Major Events Trust Fund (0869) U/F (0869) | P2: Sexual Assault Program Fund (5010) U/F (5010) | Q2: Consolidated Funds Tobacco Settlement Temporary Hold (5040) U/F (5040) | R2: Consolidated Funds 9-1-1 Service Fee Fund (5050) U/F (5050) | S2: Disabled Veterans Local Gov. Assistance (5160) U/F (5160) | T2: GR Account - Opioid Abatement (5189) U/F (5189,4377) | U2: Total (Exhibit A-1) 2025
A3: =+'Exhibit A-1 - no Z rows'!A2 -> ASSETS
A4: =+'Exhibit A-1 - no Z rows'!A3 -> Current Assets:
A5: =+'Exhibit A-1 - no Z rows'!A4 -> Cash and Cash Equivalents:
A6: =+'Exhibit A-1 - no Z rows'!A5 -> Cash in State Treasury | B6: 3.0237839e+10 | C6: 0 | D6: 0 | E6: 0 | F6: 0 | G6: 0 | H6: =+'Exhibit A-1 - no Z rows'!H5 -> 7833201.3 | I6: 0 | J6: =+'Exhibit A-1 - no Z rows'!J5 -> 3.4268271e+09 | K6: 0 | L6: 0 | M6: 0 | N6: 0 | O6: 0 | P6: 0 | Q6: =+'Exhibit A-1 - no Z rows'!Q5 -> 9.4185986e+08 | R6: 0 | S6: 0 | T6: =+'Exhibit A-1 - no Z rows'!T5 -> 1.2168732e+08 | U6: 3.4736046e+10
A7: =+'Exhibit A-1 - no Z rows'!A6 -> Short Term Investments (Note 3) | B7: 0 | C7: 0 | D7: 0 | E7: 0 | F7: 0 | G7: 0 | H7: 0 | I7: 0 | J7: =+'Exhibit A-1 - no Z rows'!J6 -> 2.3913706e+08 | K7: 0 | L7: 0 | M7: 0 | N7: 0 | O7: 0 | P7: 0 | Q7: 0 | R7: 0 | S7: 0 | T7: 0 | U7: =+'Exhibit A-1 - no Z rows'!U6 -> 2.3913706e+08
A8: =+'Exhibit A-1 - no Z rows'!A7 -> Legislative Appropriations | B8: -2.3370899e+08 | C8: 0 | D8: 0 | E8: 0 | F8: 0 | G8: 0 | H8: 0 | I8: 0 | J8: 0 | K8: 0 | L8: 0 | M8: 0 | N8: 0 | O8: 0 | P8: 0 | Q8: 0 | R8: 0 | S8: 0 | T8: 0 | U8: -2.3370899e+08
A9: =+'Exhibit A-1 - no Z rows'!A8 -> Receivables:
A10: =+'Exhibit A-1 - no Z rows'!A9 -> Accounts | B10: 0 | C10: 0 | D10: 0 | E10: 0 | F10: 0 | G10: 0 | H10: 0 | I10: 0 | J10: 0 | K10: 0 | L10: 0 | M10: 0 | N10: 0 | O10: 0 | P10: 0 | Q10: =+'Exhibit A-1 - no Z rows'!Q9 -> 2.8546667e+08 | R10: 0 | S10: 0 | T10: 0 | U10: =+'Exhibit A-1 - no Z rows'!U9 -> 2.8546667e+08
A11: =+'Exhibit A-1 - no Z rows'!A10 -> Taxes (Note 27) | B11: =+'Exhibit A-1 - no Z rows'!B10 -> 5.5073257e+09 | C11: 0 | D11: 0 | E11: 0 | F11: 0 | G11: 0 | H11: 0 | I11: 0 | J11: 0 | K11: 0 | L11: 0 | M11: 0 | N11: 0 | O11: 0 | P11: 0 | Q11: 0 | R11: 0 | S11: 0 | T11: 0 | U11: =+'Exhibit A-1 - no Z rows'!U10 -> 5.5073257e+09
A12: =+'Exhibit A-1 - no Z rows'!A11 -> Investment Trades | B12: 0 | C12: 0 | D12: 0 | E12: 0 | F12: 0 | G12: 0 | H12: 0 | I12: 0 | J12: =+'Exhibit A-1 - no Z rows'!J11 -> 17281151 | K12: 0 | L12: 0 | M12: 0 | N12: 0 | O12: 0 | P12: 0 | Q12: 0 | R12: 0 | S12: 0 | T12: 0 | U12: =+'Exhibit A-1 - no Z rows'!U11 -> 17281151
A13: =+'Exhibit A-1 - no Z rows'!A12 -> Interest and Dividends | B13: =+'Exhibit A-1 - no Z rows'!B12 -> 2033.25 | C13: 0 | D13: 0 | E13: 0 | F13: 0 | G13: 0 | H13: =+'Exhibit A-1 - no Z rows'!H12 -> 28763.82 | I13: 0 | J13: =+'Exhibit A-1 - no Z rows'!J12 -> 55045566 | K13: 0 | L13: =+'Exhibit A-1 - no Z rows'!L12 -> 36.48 | M13: 0 | N13: 0 | O13: 0 | P13: 0 | Q13: 0 | R13: 0 | S13: 0 | T13: 0 | U13: =+'Exhibit A-1 - no Z rows'!U12 -> 55076400
A14: =+'Exhibit A-1 - no Z rows'!A13 -> Due From Other Agencies | B14: =+'Exhibit A-1 - no Z rows'!B13 -> 63909315 | C14: 0 | D14: 0 | E14: 0 | F14: 0 | G14: 0 | H14: 0 | I14: 0 | J14: =+'Exhibit A-1 - no Z rows'!J13 -> 2.0488289e+09 | K14: 0 | L14: 0 | M14: 0 | N14: 0 | O14: 0 | P14: 0 | Q14: 0 | R14: 0 | S14: 0 | T14: 0 | U14: =+'Exhibit A-1 - no Z rows'!U13 -> 2.1127382e+09
A15: =+'Exhibit A-1 - no Z rows'!A14 -> Total Current Assets | B15: 3.5575367e+10 | C15: 0 | D15: 0 | E15: 0 | F15: 0 | G15: 0 | H15: =+'Exhibit A-1 - no Z rows'!H14 -> 7861965.1 | I15: 0 | J15: =+'Exhibit A-1 - no Z rows'!J14 -> 5.7871198e+09 | K15: 0 | L15: =+'Exhibit A-1 - no Z rows'!L14 -> 36.48 | M15: 0 | N15: 0 | O15: 0 | P15: 0 | Q15: =+'Exhibit A-1 - no Z rows'!Q14 -> 1.2273265e+09 | R15: 0 | S15: 0 | T15: =+'Exhibit A-1 - no Z rows'!T14 -> 1.2168732e+08 | U15: 4.2719362e+10
A16: =+'Exhibit A-1 - no Z rows'!A15 -> Non-Current Assets:
A17: =+'Exhibit A-1 - no Z rows'!A16 -> Investments (Note 3) | J17: =+'Exhibit A-1 - no Z rows'!J16 -> 2.1175117e+10 | U17: =+'Exhibit A-1 - no Z rows'!U16 -> 2.1175117e+10
A18: =+'Exhibit A-1 - no Z rows'!A17 -> Total Non-Current Assets | B18: 0 | C18: 0 | D18: 0 | E18: 0 | F18: 0 | G18: 0 | H18: 0 | I18: 0 | J18: =+'Exhibit A-1 - no Z rows'!J17 -> 2.1175117e+10 | K18: 0 | L18: 0 | M18: 0 | N18: 0 | O18: 0 | P18: 0 | Q18: 0 | R18: 0 | S18: 0 | T18: 0 | U18: =+'Exhibit A-1 - no Z rows'!U17 -> 2.1175117e+10
A19: =+'Exhibit A-1 - no Z rows'!A18 -> Total Assets | B19: 3.5575367e+10 | C19: 0 | D19: 0 | E19: 0 | F19: 0 | G19: 0 | H19: =+'Exhibit A-1 - no Z rows'!H18 -> 7861965.1 | I19: 0 | J19: =+'Exhibit A-1 - no Z rows'!J18 -> 2.6962237e+10 | K19: 0 | L19: =+'Exhibit A-1 - no Z rows'!L18 -> 36.48 | M19: 0 | N19: 0 | O19: 0 | P19: 0 | Q19: =+'Exhibit A-1 - no Z rows'!Q18 -> 1.2273265e+09 | R19: 0 | S19: 0 | T19: =+'Exhibit A-1 - no Z rows'!T18 -> 1.2168732e+08 | U19: 6.3894479e+10
A20: =+'Exhibit A-1 - no Z rows'!A21 -> Total Assets and Deferred Outflows of Resources | B20: 3.5575367e+10 | C20: 0 | D20: 0 | E20: 0 | F20: 0 | G20: 0 | H20: =+'Exhibit A-1 - no Z rows'!H21 -> 7861965.1 | I20: 0 | J20: =+'Exhibit A-1 - no Z rows'!J21 -> 2.6962237e+10 | K20: 0 | L20: =+'Exhibit A-1 - no Z rows'!L21 -> 36.48 | M20: 0 | N20: 0 | O20: 0 | P20: 0 | Q20: =+'Exhibit A-1 - no Z rows'!Q21 -> 1.2273265e+09 | R20: 0 | S20: 0 | T20: =+'Exhibit A-1 - no Z rows'!T21 -> 1.2168732e+08 | U20: 6.3894479e+10
A21: =+'Exhibit A-1 - no Z rows'!A23 -> LIABILITIES AND FUND BALANCES | C21: =+'Exhibit A-1 - no Z rows'!C23 -> 0
A22: =+'Exhibit A-1 - no Z rows'!A24 -> Liabilities: | C22: =+'Exhibit A-1 - no Z rows'!C24 -> 0
A23: =+'Exhibit A-1 - no Z rows'!A25 -> Current Liabilities:
A24: =+'Exhibit A-1 - no Z rows'!A26 -> Payables From:
A25: =+'Exhibit A-1 - no Z rows'!A27 -> Accounts | B25: =+'Exhibit A-1 - no Z rows'!B27 -> 20594266 | C25: 0 | D25: 0 | E25: =+'Exhibit A-1 - no Z rows'!E27 -> 711.84 | F25: 0 | G25: =+'Exhibit A-1 - no Z rows'!G27 -> 73028.34 | H25: 0 | I25: 0 | J25: =+'Exhibit A-1 - no Z rows'!J27 -> 84292.02 | K25: 0 | L25: 0 | M25: 0 | N25: 0 | O25: 0 | P25: 0 | Q25: 0 | R25: 0 | S25: 0 | T25: 0 | U25: =+'Exhibit A-1 - no Z rows'!U27 -> 20752298
A26: =+'Exhibit A-1 - no Z rows'!A28 -> Interfund Payable | B26: =+'Exhibit A-1 - no Z rows'!B28 -> 3942733 | C26: 0 | D26: 0 | E26: 0 | F26: 0 | G26: 0 | H26: 0 | I26: 0 | J26: 0 | K26: 0 | L26: 0 | M26: 0 | N26: 0 | O26: 0 | P26: 0 | Q26: 0 | R26: 0 | S26: 0 | T26: 0 | U26: =+'Exhibit A-1 - no Z rows'!U28 -> 3942733
A27: =+'Exhibit A-1 - no Z rows'!A29 -> Investment Trade Payable | B27: 0 | C27: 0 | D27: 0 | E27: 0 | F27: 0 | G27: 0 | H27: 0 | I27: 0 | J27: =+'Exhibit A-1 - no Z rows'!J29 -> 31923132 | K27: 0 | L27: 0 | M27: 0 | N27: 0 | O27: 0 | P27: 0 | Q27: 0 | R27: 0 | S27: 0 | T27: 0 | U27: =+'Exhibit A-1 - no Z rows'!U29 -> 31923132
A28: =+'Exhibit A-1 - no Z rows'!A30 -> Other Intergovernmental | B28: =+'Exhibit A-1 - no Z rows'!B30 -> 27318651 | C28: 0 | D28: 0 | E28: 0 | F28: 0 | G28: 0 | H28: 0 | I28: 0 | J28: 0 | K28: 0 | L28: 0 | M28: 0 | N28: 0 | O28: 0 | P28: 0 | Q28: 0 | R28: 0 | S28: 0 | T28: 0 | U28: =+'Exhibit A-1 - no Z rows'!U30 -> 27318651
A29: =+'Exhibit A-1 - no Z rows'!A31 -> Taxes Refund Payable | B29: =+'Exhibit A-1 - no Z rows'!B31 -> 3.5608978e+08 | C29: 0 | D29: 0 | E29: 0 | F29: 0 | G29: 0 | H29: 0 | I29: 0 | J29: 0 | K29: 0 | L29: 0 | M29: 0 | N29: 0 | O29: 0 | P29: 0 | Q29: 0 | R29: 0 | S29: 0 | T29: 0 | U29: =+'Exhibit A-1 - no Z rows'!U31 -> 3.5608978e+08
A30: =+'Exhibit A-1 - no Z rows'!A32 -> Other | B30: =+'Exhibit A-1 - no Z rows'!B32 -> 3.3401025e+08 | C30: 0 | D30: 0 | E30: 0 | F30: 0 | G30: 0 | H30: 0 | I30: 0 | J30: 0 | K30: 0 | L30: 0 | M30: 0 | N30: 0 | O30: 0 | P30: 0 | Q30: 0 | R30: 0 | S30: 0 | T30: 0 | U30: =+'Exhibit A-1 - no Z rows'!U32 -> 3.3401025e+08
A31: =+'Exhibit A-1 - no Z rows'!A33 -> Due To Other Agencies | B31: =+'Exhibit A-1 - no Z rows'!B33 -> 4.9851024e+09 | C31: 0 | D31: 0 | E31: 0 | F31: 0 | G31: 0 | H31: =+'Exhibit A-1 - no Z rows'!H33 -> 11925.3 | I31: 0 | J31: =+'Exhibit A-1 - no Z rows'!J33 -> 12517739 | K31: 0 | L31: 0 | M31: 0 | N31: 0 | O31: 0 | P31: 0 | Q31: 0 | R31: 0 | S31: 0 | T31: =+'Exhibit A-1 - no Z rows'!T33 -> 2019459.8 | U31: =+'Exhibit A-1 - no Z rows'!U33 -> 4.9996515e+09
A32: =+'Exhibit A-1 - no Z rows'!A34 -> Unearned Revenues | B32: =+'Exhibit A-1 - no Z rows'!B34 -> 1.3550361e+08 | C32: 0 | D32: 0 | E32: 0 | F32: 0 | G32: 0 | H32: 0 | I32: =+'Exhibit A-1 - no Z rows'!I34 -> 15095.58 | J32: 0 | K32: 0 | L32: 0 | M32: 0 | N32: 0 | O32: 0 | P32: =+'Exhibit A-1 - no Z rows'!P34 -> 11425167 | Q32: =+'Exhibit A-1 - no Z rows'!Q34 -> 2.8546667e+08 | R32: 0 | S32: 0 | T32: 0 | U32: =+'Exhibit A-1 - no Z rows'!U34 -> 4.3241054e+08
A33: =+'Exhibit A-1 - no Z rows'!A35 -> Total Current Liabilities | B33: =+'Exhibit A-1 - no Z rows'!B35 -> 5.8625617e+09 | C33: 0 | D33: 0 | E33: =+'Exhibit A-1 - no Z rows'!E35 -> 711.84 | F33: 0 | G33: =+'Exhibit A-1 - no Z rows'!G35 -> 73028.34 | H33: =+'Exhibit A-1 - no Z rows'!H35 -> 11925.3 | I33: =+'Exhibit A-1 - no Z rows'!I35 -> 15095.58 | J33: =+'Exhibit A-1 - no Z rows'!J35 -> 44525163 | K33: 0 | L33: 0 | M33: 0 | N33: 0 | O33: 0 | P33: =+'Exhibit A-1 - no Z rows'!P35 -> 11425167 | Q33: =+'Exhibit A-1 - no Z rows'!Q35 -> 2.8546667e+08 | R33: 0 | S33: 0 | T33: =+'Exhibit A-1 - no Z rows'!T35 -> 2019459.8 | U33: =+'Exhibit A-1 - no Z rows'!U35 -> 6.2060989e+09
A34: =+'Exhibit A-1 - no Z rows'!A36 -> Total Liabilities | B34: =+'Exhibit A-1 - no Z rows'!B36 -> 5.8625617e+09 | C34: 0 | D34: 0 | E34: =+'Exhibit A-1 - no Z rows'!E36 -> 711.84 | F34: 0 | G34: =+'Exhibit A-1 - no Z rows'!G36 -> 73028.34 | H34: =+'Exhibit A-1 - no Z rows'!H36 -> 11925.3 | I34: =+'Exhibit A-1 - no Z rows'!I36 -> 15095.58 | J34: =+'Exhibit A-1 - no Z rows'!J36 -> 44525163 | K34: 0 | L34: 0 | M34: 0 | N34: 0 | O34: 0 | P34: =+'Exhibit A-1 - no Z rows'!P36 -> 11425167 | Q34: =+'Exhibit A-1 - no Z rows'!Q36 -> 2.8546667e+08 | R34: 0 | S34: 0 | T34: =+'Exhibit A-1 - no Z rows'!T36 -> 2019459.8 | U34: =+'Exhibit A-1 - no Z rows'!U36 -> 6.2060989e+09
A35: =+'Exhibit A-1 - no Z rows'!A39 -> FUND FINANCIAL STATEMENT – FUND BALANCES
A36: =+'Exhibit A-1 - no Z rows'!A40 -> Fund Balances (Deficits):
A37: =+'Exhibit A-1 - no Z rows'!A41 -> Restricted | B37: 0 | C37: 0 | D37: 0 | E37: 0 | F37: 0 | G37: 0 | H37: =+'Exhibit A-1 - no Z rows'!H41 -> 7850039.8 | I37: 0 | J37: 0 | K37: 0 | L37: 0 | M37: 0 | N37: 0 | O37: 0 | P37: 0 | Q37: =+'Exhibit A-1 - no Z rows'!Q41 -> 9.4185986e+08 | R37: 0 | S37: 0 | T37: 0 | U37: =+'Exhibit A-1 - no Z rows'!U41 -> 9.497099e+08
A38: =+'Exhibit A-1 - no Z rows'!A42 -> Committed | B38: 0 | C38: 0 | D38: 0 | E38: 0 | F38: 0 | G38: 0 | H38: 0 | I38: 0 | J38: 0 | K38: 0 | L38: =+'Exhibit A-1 - no Z rows'!L42 -> 36.48 | M38: 0 | N38: 0 | O38: 0 | P38: 0 | Q38: 0 | R38: 0 | S38: 0 | T38: =+'Exhibit A-1 - no Z rows'!T42 -> 1.1966786e+08 | U38: =+'Exhibit A-1 - no Z rows'!U42 -> 1.196679e+08
A39: =+'Exhibit A-1 - no Z rows'!A43 -> Unassigned | B39: 2.9712805e+10 | C39: 0 | D39: 0 | E39: =+'Exhibit A-1 - no Z rows'!E43 -> -711.84 | F39: 0 | G39: =+'Exhibit A-1 - no Z rows'!G43 -> -73028.34 | H39: 0 | I39: =+'Exhibit A-1 - no Z rows'!I43 -> -15095.58 | J39: =+'Exhibit A-1 - no Z rows'!J43 -> 2.6917712e+10 | K39: 0 | L39: 0 | M39: 0 | N39: 0 | O39: 0 | P39: =+'Exhibit A-1 - no Z rows'!P43 -> -11425167 | Q39: 0 | R39: 0 | S39: 0 | T39: 0 | U39: 5.6619003e+10
A40: =+'Exhibit A-1 - no Z rows'!A44 -> Total Fund Balances | B40: 2.9712805e+10 | C40: 0 | D40: 0 | E40: =+'Exhibit A-1 - no Z rows'!E44 -> -711.84 | F40: =+'Exhibit A-1 - no Z rows'!F44 -> 3.4924597e-10 | G40: =+'Exhibit A-1 - no Z rows'!G44 -> -73028.34 | H40: =+'Exhibit A-1 - no Z rows'!H44 -> 7850039.8 | I40: =+'Exhibit A-1 - no Z rows'!I44 -> -15095.58 | J40: =+'Exhibit A-1 - no Z rows'!J44 -> 2.6917712e+10 | K40: 0 | L40: =+'Exhibit A-1 - no Z rows'!L44 -> 36.48 | M40: 0 | N40: 0 | O40: 0 | P40: =+'Exhibit A-1 - no Z rows'!P44 -> -11425167 | Q40: =+'Exhibit A-1 - no Z rows'!Q44 -> 9.4185986e+08 | R40: 0 | S40: 0 | T40: =+'Exhibit A-1 - no Z rows'!T44 -> 1.1966786e+08 | U40: 5.7688381e+10
A41: =+'Exhibit A-1 - no Z rows'!A46 -> Total Liabilities, Deferred Inflows and Fund Balances | B41: 3.5575367e+10 | C41: 0 | D41: 0 | E41: 0 | F41: 0 | G41: 0 | H41: =+'Exhibit A-1 - no Z rows'!H46 -> 7861965.1 | I41: 0 | J41: =+'Exhibit A-1 - no Z rows'!J46 -> 2.6962237e+10 | K41: 0 | L41: =+'Exhibit A-1 - no Z rows'!L46 -> 36.48 | M41: 0 | N41: 0 | O41: 0 | P41: 0 | Q41: =+'Exhibit A-1 - no Z rows'!Q46 -> 1.2273265e+09 | R41: 0 | S41: 0 | T41: =+'Exhibit A-1 - no Z rows'!T46 -> 1.2168732e+08 | U41: 6.3894479e+10
A42: Return to TOC
A43: End of Sheet

Sheet Exhibit B-1 Final
A1: Comptroller – Fiscal (902)
A2: EXHIBIT B-1
A3: Combining Balance Sheet – Special Revenue Funds
A4: August 31, 2025
B5: Unclaimed Property Securities Fund (0001) U/F (4113) | C5: State Highway Fund (0006) U/F (0006) | D5: Property Tax Relief Fund (0304) U/F (0304) | E5: Tax Reduction and Excellence in Education Fund (0305) U/F (0305) | F5: Judicial Fund (0573) U/F (0573, 5730) | G5: General Land Office County Right of Way Leases (0808) U/F (2521) | H5: Binding Arbitration Trust Fund (0838) U/F (8380) | I5: International Fuels Tax Agreement Trust Fund (0886) U/F (0886) | J5: Flood Area School and Road Trust Fund (0903) U/F (2903) | K5: Opioid Abatement Local Operating Trust Fund (1202) U/F (1202) | L5: Habitat Protection Fund (9999) U/F (2999) | M5: Total (Exhibit B-1) 2025
A6: =+'Exhibit B-1 no Z rows'!A2 -> ASSETS
A7: =+'Exhibit B-1 no Z rows'!A3 -> Current Assets:
A8: =+'Exhibit B-1 no Z rows'!A4 -> Cash and Cash Equivalents:
A9: =+'Exhibit B-1 no Z rows'!A5 -> Cash in Bank (Note 3) | B9: =+'Exhibit B-1 no Z rows'!B5 -> 6437885.9 | C9: $ | D9: $ | E9: $ | F9: $ | G9: $ | H9: $ | I9: $ | J9: $ | K9: $ | L9: =+'Exhibit B-1 no Z rows'!L5 -> 12251128 | M9: =+'Exhibit B-1 no Z rows'!M5 -> 18689014
A10: =+'Exhibit B-1 no Z rows'!A6 -> Cash in State Treasury | H10: =+'Exhibit B-1 no Z rows'!H6 -> 3750 | I10: =+'Exhibit B-1 no Z rows'!I6 -> 6057770.8 | K10: =+'Exhibit B-1 no Z rows'!K6 -> 2086.78 | M10: =+'Exhibit B-1 no Z rows'!M6 -> 6063607.5
A11: =+'Exhibit B-1 no Z rows'!A7 -> Short Term Investments (Note 3) | B11: =+'Exhibit B-1 no Z rows'!B7 -> 1316237.2 | M11: =+'Exhibit B-1 no Z rows'!M7 -> 1316237.2
A12: =+'Exhibit B-1 no Z rows'!A8 -> Receivables:
A13: =+'Exhibit B-1 no Z rows'!A9 -> Interest and Dividends | B13: =+'Exhibit B-1 no Z rows'!B9 -> 27840.12 | D13: =+'Exhibit B-1 no Z rows'!D9 -> 425164.17 | K13: =+'Exhibit B-1 no Z rows'!K9 -> 7.6 | M13: =+'Exhibit B-1 no Z rows'!M9 -> 453011.89
A14: =+'Exhibit B-1 no Z rows'!A10 -> Due From Other Agencies | C14: =+'Exhibit B-1 no Z rows'!C10 -> 81168.23 | G14: =+'Exhibit B-1 no Z rows'!G10 -> 2708426.3 | M14: =+'Exhibit B-1 no Z rows'!M10 -> 2789594.5
A15: =+'Exhibit B-1 no Z rows'!A11 -> Total Current Assets | B15: =+'Exhibit B-1 no Z rows'!B11 -> 7781963.3 | C15: =+'Exhibit B-1 no Z rows'!C11 -> 81168.23 | D15: =+'Exhibit B-1 no Z rows'!D11 -> 425164.17 | G15: =+'Exhibit B-1 no Z rows'!G11 -> 2708426.3 | H15: =+'Exhibit B-1 no Z rows'!H11 -> 3750 | I15: =+'Exhibit B-1 no Z rows'!I11 -> 6057770.8 | K15: =+'Exhibit B-1 no Z rows'!K11 -> 2094.38 | L15: =+'Exhibit B-1 no Z rows'!L11 -> 12251128 | M15: =+'Exhibit B-1 no Z rows'!M11 -> 29311466
A16: =+'Exhibit B-1 no Z rows'!A12 -> Non-Current Assets:
A17: =+'Exhibit B-1 no Z rows'!A13 -> Investments (Note 3) | B17: =+'Exhibit B-1 no Z rows'!B13 -> 9.7465808e+08 | M17: =+'Exhibit B-1 no Z rows'!M13 -> 9.7465808e+08
A18: =+'Exhibit B-1 no Z rows'!A14 -> Total Non-Current Assets | B18: =+'Exhibit B-1 no Z rows'!B14 -> 9.7465808e+08 | C18: 0 | D18: 0 | E18: 0 | F18: 0 | G18: 0 | H18: 0 | I18: 0 | J18: 0 | K18: 0 | L18: 0 | M18: =+'Exhibit B-1 no Z rows'!M14 -> 9.7465808e+08
A19: =+'Exhibit B-1 no Z rows'!A15 -> Total Assets | B19: =+'Exhibit B-1 no Z rows'!B15 -> 9.8244004e+08 | C19: =+'Exhibit B-1 no Z rows'!C15 -> 81168.23 | D19: =+'Exhibit B-1 no Z rows'!D15 -> 425164.17 | E19: 0 | F19: 0 | G19: =+'Exhibit B-1 no Z rows'!G15 -> 2708426.3 | H19: =+'Exhibit B-1 no Z rows'!H15 -> 3750 | I19: =+'Exhibit B-1 no Z rows'!I15 -> 6057770.8 | J19: 0 | K19: =+'Exhibit B-1 no Z rows'!K15 -> 2094.38 | L19: =+'Exhibit B-1 no Z rows'!L15 -> 12251128 | M19: =+'Exhibit B-1 no Z rows'!M15 -> 1.0039695e+09
A22: =+'Exhibit B-1 no Z rows'!A18 -> Total Assets and Deferred Outflows of Resources | B22: =+'Exhibit B-1 no Z rows'!B18 -> 9.8244004e+08 | C22: =+'Exhibit B-1 no Z rows'!C18 -> 81168.23 | D22: =+'Exhibit B-1 no Z rows'!D18 -> 425164.17 | E22: 0 | F22: 0 | G22: =+'Exhibit B-1 no Z rows'!G18 -> 2708426.3 | H22: =+'Exhibit B-1 no Z rows'!H18 -> 3750 | I22: =+'Exhibit B-1 no Z rows'!I18 -> 6057770.8 | J22: 0 | K22: =+'Exhibit B-1 no Z rows'!K18 -> 2094.38 | L22: =+'Exhibit B-1 no Z rows'!L18 -> 12251128 | M22: =+'Exhibit B-1 no Z rows'!M18 -> 1.0039695e+09
A24: =+'Exhibit B-1 no Z rows'!A20 -> LIABILITIES AND FUND BALANCES
A25: =+'Exhibit B-1 no Z rows'!A21 -> Current Liabilities:
A26: =+'Exhibit B-1 no Z rows'!A22 -> Payables From:
A27: =+'Exhibit B-1 no Z rows'!A23 -> Accounts | B27: $ | C27: =+'Exhibit B-1 no Z rows'!C23 -> 81168.23 | D27: $ | E27: $ | F27: $ | G27: =+'Exhibit B-1 no Z rows'!G23 -> 56.64 | H27: $ | I27: $ | J27: $ | K27: $ | L27: =+'Exhibit B-1 no Z rows'!L23 -> 84324.93 | M27: =+'Exhibit B-1 no Z rows'!M23 -> 165549.8
A28: =+'Exhibit B-1 no Z rows'!A24 -> Total Current Liabilities | B28: 0 | C28: =+'Exhibit B-1 no Z rows'!C24 -> 81168.23 | D28: 0 | E28: 0 | F28: 0 | G28: =+'Exhibit B-1 no Z rows'!G24 -> 56.64 | H28: 0 | I28: 0 | J28: 0 | K28: 0 | L28: =+'Exhibit B-1 no Z rows'!L24 -> 84324.93 | M28: =+'Exhibit B-1 no Z rows'!M24 -> 165549.8
A29: =+'Exhibit B-1 no Z rows'!A25 -> Total Liabilities | B29: 0 | C29: =+'Exhibit B-1 no Z rows'!C25 -> 81168.23 | D29: 0 | E29: 0 | F29: 0 | G29: =+'Exhibit B-1 no Z rows'!G25 -> 56.64 | H29: 0 | I29: 0 | J29: 0 | K29: 0 | L29: =+'Exhibit B-1 no Z rows'!L25 -> 84324.93 | M29: =+'Exhibit B-1 no Z rows'!M25 -> 165549.8
A31: =+'Exhibit B-1 no Z rows'!A27 -> DEFERRED INFLOWS
A32: =+'Exhibit B-1 no Z rows'!A28 -> Deferred Inflows of Resources (Note 29) | B32: =+'Exhibit B-1 no Z rows'!B28 -> 9.8244004e+08 | M32: =+'Exhibit B-1 no Z rows'!M28 -> 9.8244004e+08
A33: =+'Exhibit B-1 no Z rows'!A29 -> Total Deferred Inflows | B33: =+'Exhibit B-1 no Z rows'!B29 -> 9.8244004e+08 | C33: 0 | D33: 0 | E33: 0 | F33: 0 | G33: 0 | H33: 0 | I33: 0 | J33: 0 | K33: 0 | L33: 0 | M33: =+'Exhibit B-1 no Z rows'!M29 -> 9.8244004e+08
A35: =+'Exhibit B-1 no Z rows'!A31 -> FUND FINANCIAL STATEMENT – FUND BALANCES
A36: =+'Exhibit B-1 no Z rows'!A32 -> Fund Balances (Deficits):
A37: =+'Exhibit B-1 no Z rows'!A33 -> Restricted | D37: =+'Exhibit B-1 no Z rows'!D33 -> 425164.17 | G37: =+'Exhibit B-1 no Z rows'!G33 -> 2708369.6 | K37: =+'Exhibit B-1 no Z rows'!K33 -> 2094.38 | L37: =+'Exhibit B-1 no Z rows'!L33 -> 12166803 | M37: =+'Exhibit B-1 no Z rows'!M33 -> 15302432
A38: =+'Exhibit B-1 no Z rows'!A34 -> Committed | H38: =+'Exhibit B-1 no Z rows'!H34 -> 3750 | I38: =+'Exhibit B-1 no Z rows'!I34 -> 6057770.8 | M38: =+'Exhibit B-1 no Z rows'!M34 -> 6061520.8
A39: =+'Exhibit B-1 no Z rows'!A35 -> Total Fund Balances | B39: 0 | C39: 0 | D39: =+'Exhibit B-1 no Z rows'!D35 -> 425164.17 | E39: 0 | F39: 0 | G39: =+'Exhibit B-1 no Z rows'!G35 -> 2708369.6 | H39: =+'Exhibit B-1 no Z rows'!H35 -> 3750 | I39: =+'Exhibit B-1 no Z rows'!I35 -> 6057770.8 | J39: 0 | K39: =+'Exhibit B-1 no Z rows'!K35 -> 2094.38 | L39: =+'Exhibit B-1 no Z rows'!L35 -> 12166803 | M39: =+'Exhibit B-1 no Z rows'!M35 -> 21363952
A41: =+'Exhibit B-1 no Z rows'!A37 -> Total Liabilities, Deferred Inflows and Fund Balances | B41: =+'Exhibit B-1 no Z rows'!B37 -> 9.8244004e+08 | C41: =+'Exhibit B-1 no Z rows'!C37 -> 81168.23 | D41: =+'Exhibit B-1 no Z rows'!D37 -> 425164.17 | E41: 0 | F41: 0 | G41: =+'Exhibit B-1 no Z rows'!G37 -> 2708426.3 | H41: =+'Exhibit B-1 no Z rows'!H37 -> 3750 | I41: =+'Exhibit B-1 no Z rows'!I37 -> 6057770.8 | J41: 0 | K41: =+'Exhibit B-1 no Z rows'!K37 -> 2094.38 | L41: =+'Exhibit B-1 no Z rows'!L37 -> 12251128 | M41: =+'Exhibit B-1 no Z rows'!M37 -> 1.0039695e+09

Sheet Exhibit C-1 Final
A1: Comptroller – Fiscal (902)
A2: EXHIBIT C-1
A3: Combining Balance Sheet – Permanent Funds
A4: August 31, 2025
B5: Supporting Graduate Education Fund (0179) U/F (1179) | C5: Military & Veterans Exemptions Fund (0210) U/F (0210,1210) | D5: Available Texas University Fund (0214) U/F(0214) | E5: Total (Exhibit C-1) 2025
A6: =+'Exhibit C-1 no Z rows'!A2 -> ASSETS
A7: =+'Exhibit C-1 no Z rows'!A3 -> Current Assets:
A8: =+'Exhibit C-1 no Z rows'!A4 -> Cash and Cash Equivalents:
A9: =+'Exhibit C-1 no Z rows'!A5 -> Cash in State Treasury | B9: $ | C9: =+'Exhibit C-1 no Z rows'!C5 -> 319277.76 | D9: =+'Exhibit C-1 no Z rows'!D5 -> 1.6845448e+08 | E9: =+'Exhibit C-1 no Z rows'!E5 -> 1.6877376e+08
A10: =+'Exhibit C-1 no Z rows'!A6 -> Short Term Investments (Note 3) | B10: =+'Exhibit C-1 no Z rows'!B6 -> 13060389 | C10: =+'Exhibit C-1 no Z rows'!C6 -> 11069850 | E10: =+'Exhibit C-1 no Z rows'!E6 -> 24130239
A11: =+'Exhibit C-1 no Z rows'!A7 -> Interest and Dividends | B11: =+'Exhibit C-1 no Z rows'!B7 -> 147366.94 | C11: =+'Exhibit C-1 no Z rows'!C7 -> 118569.49 | D11: =+'Exhibit C-1 no Z rows'!D7 -> 1076.12 | E11: =+'Exhibit C-1 no Z rows'!E7 -> 267012.55
A12: =+'Exhibit C-1 no Z rows'!A8 -> Due From Other Agencies | D12: =+'Exhibit C-1 no Z rows'!D8 -> 224337.3 | E12: =+'Exhibit C-1 no Z rows'!E8 -> 224337.3
A13: =+'Exhibit C-1 no Z rows'!A9 -> Total Current Assets | B13: =+'Exhibit C-1 no Z rows'!B9 -> 13207755 | C13: =+'Exhibit C-1 no Z rows'!C9 -> 11507698 | D13: =+'Exhibit C-1 no Z rows'!D9 -> 1.686799e+08 | E13: =+'Exhibit C-1 no Z rows'!E9 -> 1.9339535e+08
A14: =+'Exhibit C-1 no Z rows'!A10 -> Non-Current Assets:
A15: =+'Exhibit C-1 no Z rows'!A11 -> Investments (Note 3) | B15: =+'Exhibit C-1 no Z rows'!B11 -> 4.6041506e+08 | C15: =+'Exhibit C-1 no Z rows'!C11 -> 3.4209914e+08 | E15: =+'Exhibit C-1 no Z rows'!E11 -> 8.0251419e+08
A16: =+'Exhibit C-1 no Z rows'!A12 -> Total Non-Current Assets | B16: =+'Exhibit C-1 no Z rows'!B12 -> 4.6041506e+08 | C16: =+'Exhibit C-1 no Z rows'!C12 -> 3.4209914e+08 | D16: 0 | E16: =+'Exhibit C-1 no Z rows'!E12 -> 8.0251419e+08
A17: =+'Exhibit C-1 no Z rows'!A13 -> Total Assets | B17: =+'Exhibit C-1 no Z rows'!B13 -> 4.7362281e+08 | C17: =+'Exhibit C-1 no Z rows'!C13 -> 3.5360683e+08 | D17: =+'Exhibit C-1 no Z rows'!D13 -> 1.686799e+08 | E17: =+'Exhibit C-1 no Z rows'!E13 -> 9.9590954e+08
A20: =+'Exhibit C-1 no Z rows'!A16 -> Total Assets and Deferred Outflows of Resources | B20: =+'Exhibit C-1 no Z rows'!B16 -> 4.7362281e+08 | C20: =+'Exhibit C-1 no Z rows'!C16 -> 3.5360683e+08 | D20: =+'Exhibit C-1 no Z rows'!D16 -> 1.686799e+08 | E20: =+'Exhibit C-1 no Z rows'!E16 -> 9.9590954e+08
A22: =+'Exhibit C-1 no Z rows'!A18 -> LIABILITIES AND FUND BALANCES
A23: =+'Exhibit C-1 no Z rows'!A19 -> Liabilities:
A24: =+'Exhibit C-1 no Z rows'!A20 -> Current Liabilities:
A25: =+'Exhibit C-1 no Z rows'!A21 -> Payables From:
A26: =+'Exhibit C-1 no Z rows'!A22 -> Accounts | B26: =+'Exhibit C-1 no Z rows'!B22 -> 227191.88 | C26: =+'Exhibit C-1 no Z rows'!C22 -> 154098.28 | D26: $ | E26: =+'Exhibit C-1 no Z rows'!E22 -> 381290.16
A27: =+'Exhibit C-1 no Z rows'!A23 -> Interest | B27: =+'Exhibit C-1 no Z rows'!B23 -> 120390.19 | C27: =+'Exhibit C-1 no Z rows'!C23 -> 81657.49 | E27: =+'Exhibit C-1 no Z rows'!E23 -> 202047.68
A28: =+'Exhibit C-1 no Z rows'!A24 -> Investment Trade Payable | B28: =+'Exhibit C-1 no Z rows'!B24 -> 3720.31 | C28: =+'Exhibit C-1 no Z rows'!C24 -> 2523.39 | E28: =+'Exhibit C-1 no Z rows'!E24 -> 6243.7
A29: =+'Exhibit C-1 no Z rows'!A25 -> Due To Other Agencies | C29: =+'Exhibit C-1 no Z rows'!C25 -> 1465.93 | D29: =+'Exhibit C-1 no Z rows'!D25 -> 2752539.7 | E29: =+'Exhibit C-1 no Z rows'!E25 -> 2754005.6
A30: =+'Exhibit C-1 no Z rows'!A26 -> Total Current Liabilities | B30: =+'Exhibit C-1 no Z rows'!B26 -> 351302.38 | C30: =+'Exhibit C-1 no Z rows'!C26 -> 239745.09 | D30: =+'Exhibit C-1 no Z rows'!D26 -> 2752539.7 | E30: =+'Exhibit C-1 no Z rows'!E26 -> 3343587.2
A31: =+'Exhibit C-1 no Z rows'!A27 -> Total Liabilities | B31: =+'Exhibit C-1 no Z rows'!B27 -> 351302.38 | C31: =+'Exhibit C-1 no Z rows'!C27 -> 239745.09 | D31: =+'Exhibit C-1 no Z rows'!D27 -> 2752539.7 | E31: =+'Exhibit C-1 no Z rows'!E27 -> 3343587.2
A34: =+'Exhibit C-1 no Z rows'!A30 -> FUND FINANCIAL STATEMENT – FUND BALANCES
A35: =+'Exhibit C-1 no Z rows'!A31 -> Fund Balances (Deficits):
A36: =+'Exhibit C-1 no Z rows'!A32 -> Nonspendable
A37: =+'Exhibit C-1 no Z rows'!A33 -> Restricted | B37: =+'Exhibit C-1 no Z rows'!B33 -> 4.7327151e+08 | C37: =+'Exhibit C-1 no Z rows'!C33 -> 3.5336709e+08 | D37: =+'Exhibit C-1 no Z rows'!D33 -> 1.6592736e+08 | E37: =+'Exhibit C-1 no Z rows'!E33 -> 9.9256596e+08
A38: =+'Exhibit C-1 no Z rows'!A34 -> Total Fund Balances | B38: =+'Exhibit C-1 no Z rows'!B34 -> 4.7327151e+08 | C38: =+'Exhibit C-1 no Z rows'!C34 -> 3.5336709e+08 | D38: =+'Exhibit C-1 no Z rows'!D34 -> 1.6592736e+08 | E38: =+'Exhibit C-1 no Z rows'!E34 -> 9.9256596e+08
A40: =+'Exhibit C-1 no Z rows'!A36 -> Total Liabilities, Deferred Inflows and Fund Balances | B40: =+'Exhibit C-1 no Z rows'!B36 -> 4.7362281e+08 | C40: =+'Exhibit C-1 no Z rows'!C36 -> 3.5360683e+08 | D40: =+'Exhibit C-1 no Z rows'!D36 -> 1.686799e+08 | E40: =+'Exhibit C-1 no Z rows'!E36 -> 9.9590954e+08

Sheet Exhibit A-2
A1: Comptroller – Fiscal (902) EXHIBIT A-2 Combining Statement of Revenues, Expenditures, and Changes in Fund Balances – All General and Consolidated Funds For the Fiscal Year Ended August 31, 2025
A2: Financial Statement Line Items | B2: General Revenue Fund (0001) U/F (0001, Various) | C2: Coastal Protection (0027) U/F (0027) | D2: County & Road District Highway Fund (0057) U/F (0057) | E2: Federal Disaster Fund (0092) U/F (0092) | F2: Law Enforcement Standards/Educ Fd (0116) U/F (0116) | G2: Coronavirus Relief Fund (0325) U/F (0325) | H2: Compensation Victims Crime Fd (0494) (U/F (0494) | I2: Federal Resource Receipts Distribution Fund (0521) U/F (1521) | J2: Economic Stabilization Fd (0599) U/F (0599, 5990, 5991) | K2: Petroleum Production Delivery Fee-Groundwater (0655) U/F (0655) | L2: License Plate Trust Fund (0802) U/F (0802, 8020) | M2: Texas Home Visiting Program Trust (0803) U/F (0803) | N2: Events Trust Fund for Municipality/County (0830) U/F (0830, 8300) | O2: Major Events Trust Fund (0869) U/F (0869) | P2: Sexual Assault Program Fund (5010) U/F (5010) | Q2: Workforce Commission Federal (5026) U/F (5026) | R2: Tobacco Settlement Temporary Hold (5040) U/F (5040) | S2: 9-1-1 Service Fee Fund (5050) U/F (5050) | T2: Designated Trauma Facility and EMS (5111) U/F (5111) | U2: Disabled Veterans Local Gov. Assistance (5160) U/F (5160) | V2: GR Account - Opioid Abatement (5189, 4377) U/F (5189) | W2: Total (Exhibit A-2) 2025
A3: =+'Exhibit A-2 no Z rows'!A3 -> Taxes (GR) | B3: =+'Exhibit A-2 no Z rows'!B3 -> 7.4391622e+10 | C3: 0 | D3: 0 | E3: 0 | F3: 0 | G3: 0 | H3: 0 | I3: 0 | J3: 0 | K3: 0 | L3: 0 | M3: 0 | N3: =+'Exhibit A-2 no Z rows'!N3 -> 44290906 | O3: =+'Exhibit A-2 no Z rows'!O3 -> 92056753 | P3: 0 | Q3: 0 | R3: 0 | S3: 0 | T3: 0 | U3: 0 | V3: 0 | W3: =+'Exhibit A-2 no Z rows'!W3 -> 7.452797e+10
A4: =+'Exhibit A-2 no Z rows'!A4 -> License, Fees & Permits (PR) | B4: =+'Exhibit A-2 no Z rows'!B4 -> 1.5704401e+09 | C4: 0 | D4: 0 | E4: 0 | F4: =+'Exhibit A-2 no Z rows'!F4 -> 4407673.4 | G4: 0 | H4: 0 | I4: 0 | J4: 0 | K4: 0 | L4: =+'Exhibit A-2 no Z rows'!L4 -> 953.32 | M4: 0 | N4: 0 | O4: 0 | P4: =+'Exhibit A-2 no Z rows'!P4 -> 4844810 | Q4: 0 | R4: 0 | S4: 0 | T4: 0 | U4: 0 | V4: 0 | W4: =+'Exhibit A-2 no Z rows'!W4 -> 1.5796935e+09
A5: =+'Exhibit A-2 no Z rows'!A5 -> Interest and Other Investment Income (PR) | B5: =+'Exhibit A-2 no Z rows'!B5 -> -24825356 | C5: 0 | D5: 0 | E5: 0 | F5: 0 | G5: 0 | H5: 0 | I5: 0 | J5: 0 | K5: 0 | L5: 0 | M5: 0 | N5: 0 | O5: 0 | P5: 0 | Q5: 0 | R5: 0 | S5: 0 | T5: 0 | U5: 0 | V5: 0 | W5: =+'Exhibit A-2 no Z rows'!W5 -> -24825356
A6: =+'Exhibit A-2 no Z rows'!A6 -> Interest and Other Investment Income (GR) | B6: =+'Exhibit A-2 no Z rows'!B6 -> 1.5469818e+09 | C6: 0 | D6: 0 | E6: 0 | F6: 0 | G6: 0 | H6: =+'Exhibit A-2 no Z rows'!H6 -> 337151.71 | I6: 0 | J6: =+'Exhibit A-2 no Z rows'!J6 -> 7.1322649e+08 | K6: 0 | L6: =+'Exhibit A-2 no Z rows'!L6 -> 420.23 | M6: 0 | N6: 0 | O6: 0 | P6: 0 | Q6: 0 | R6: 0 | S6: 0 | T6: 0 | U6: 0 | V6: 0 | W6: =+'Exhibit A-2 no Z rows'!W6 -> 2.2605459e+09
A7: =+'Exhibit A-2 no Z rows'!A7 -> Net Increase (Decrease) in Fair Value (GR) | B7: 0 | C7: 0 | D7: 0 | E7: 0 | F7: 0 | G7: 0 | H7: 0 | I7: 0 | J7: =+'Exhibit A-2 no Z rows'!J7 -> 6.645912e+08 | K7: 0 | L7: 0 | M7: 0 | N7: 0 | O7: 0 | P7: 0 | Q7: 0 | R7: 0 | S7: 0 | T7: 0 | U7: 0 | V7: 0 | W7: =+'Exhibit A-2 no Z rows'!W7 -> 6.645912e+08
A8: =+'Exhibit A-2 no Z rows'!A8 -> Land Income (PR) | B8: =+'Exhibit A-2 no Z rows'!B8 -> 4974757.5 | C8: 0 | D8: 0 | E8: 0 | F8: 0 | G8: 0 | H8: 0 | I8: 0 | J8: 0 | K8: 0 | L8: 0 | M8: 0 | N8: 0 | O8: 0 | P8: 0 | Q8: 0 | R8: 0 | S8: 0 | T8: 0 | U8: 0 | V8: 0 | W8: =+'Exhibit A-2 no Z rows'!W8 -> 4974757.5
A9: =+'Exhibit A-2 no Z rows'!A9 -> Settlement of Claims (GR) | B9: =+'Exhibit A-2 no Z rows'!B9 -> 3.3711035e+08 | C9: 0 | D9: 0 | E9: 0 | F9: 0 | G9: 0 | H9: =+'Exhibit A-2 no Z rows'!H9 -> 1030986.6 | I9: 0 | J9: 0 | K9: 0 | L9: 0 | M9: 0 | N9: 0 | O9: 0 | P9: 0 | Q9: 0 | R9: =+'Exhibit A-2 no Z rows'!R9 -> 4.3066379e+08 | S9: 0 | T9: 0 | U9: 0 | V9: =+'Exhibit A-2 no Z rows'!V9 -> 35038545 | W9: =+'Exhibit A-2 no Z rows'!W9 -> 8.0384368e+08
A10: =+'Exhibit A-2 no Z rows'!A10 -> Sales of Goods and Services (PR) | B10: =+'Exhibit A-2 no Z rows'!B10 -> 33319189 | C10: 0 | D10: 0 | E10: 0 | F10: 0 | G10: 0 | H10: 0 | I10: 0 | J10: 0 | K10: 0 | L10: 0 | M10: 0 | N10: 0 | O10: 0 | P10: 0 | Q10: 0 | R10: 0 | S10: 0 | T10: 0 | U10: 0 | V10: 0 | W10: =+'Exhibit A-2 no Z rows'!W10 -> 33319189
A11: =+'Exhibit A-2 no Z rows'!A11 -> Other (GR) | B11: =+'Exhibit A-2 no Z rows'!B11 -> 1.6745232e+09 | C11: 0 | D11: 0 | E11: 0 | F11: 0 | G11: 0 | H11: 0 | I11: 0 | J11: 0 | K11: 0 | L11: 0 | M11: 0 | N11: 0 | O11: 0 | P11: 0 | Q11: 0 | R11: 0 | S11: 0 | T11: 0 | U11: 0 | V11: 0 | W11: =+'Exhibit A-2 no Z rows'!W11 -> 1.6745232e+09
A12: =+'Exhibit A-2 no Z rows'!A12 -> Total Revenues | B12: =+'Exhibit A-2 no Z rows'!B12 -> 7.9534146e+10 | C12: 0 | D12: 0 | E12: 0 | F12: =+'Exhibit A-2 no Z rows'!F12 -> 4407673.4 | G12: 0 | H12: =+'Exhibit A-2 no Z rows'!H12 -> 1368138.3 | I12: 0 | J12: =+'Exhibit A-2 no Z rows'!J12 -> 1.3778177e+09 | K12: 0 | L12: =+'Exhibit A-2 no Z rows'!L12 -> 1373.55 | M12: 0 | N12: =+'Exhibit A-2 no Z rows'!N12 -> 44290906 | O12: =+'Exhibit A-2 no Z rows'!O12 -> 92056753 | P12: =+'Exhibit A-2 no Z rows'!P12 -> 4844810 | Q12: 0 | R12: =+'Exhibit A-2 no Z rows'!R12 -> 4.3066379e+08 | S12: 0 | T12: 0 | U12: 0 | V12: =+'Exhibit A-2 no Z rows'!V12 -> 35038545 | W12: =+'Exhibit A-2 no Z rows'!W12 -> 8.1524636e+10
A13: =+'Exhibit A-2 no Z rows'!A14 -> EXPENDITURES
A14: =+'Exhibit A-2 no Z rows'!A15 -> Salaries And Wages | B14: 0 | C14: 0 | D14: 0 | E14: 0 | F14: 0 | G14: 0 | H14: 0 | I14: 0 | J14: 0 | K14: 0 | L14: 0 | M14: 0 | N14: 0 | O14: 0 | P14: 0 | Q14: 0 | R14: 0 | S14: 0 | T14: 0 | U14: 0 | V14: =+'Exhibit A-2 no Z rows'!V15 -> 684782.56 | W14: =+'Exhibit A-2 no Z rows'!W15 -> 684782.56
A15: =+'Exhibit A-2 no Z rows'!A16 -> Payroll Related Costs | B15: =+'Exhibit A-2 no Z rows'!B16 -> 1.40138e+09 | C15: 0 | D15: 0 | E15: 0 | F15: 0 | G15: 0 | H15: 0 | I15: 0 | J15: 0 | K15: 0 | L15: 0 | M15: 0 | N15: 0 | O15: 0 | P15: 0 | Q15: 0 | R15: 0 | S15: 0 | T15: 0 | U15: 0 | V15: =+'Exhibit A-2 no Z rows'!V16 -> 186319.89 | W15: =+'Exhibit A-2 no Z rows'!W16 -> 1.4015663e+09
A16: =+'Exhibit A-2 no Z rows'!A17 -> Professional Fees and Services | B16: =+'Exhibit A-2 no Z rows'!B17 -> 15844747 | C16: 0 | D16: 0 | E16: 0 | F16: 0 | G16: 0 | H16: 0 | I16: 0 | J16: =+'Exhibit A-2 no Z rows'!J17 -> 114664.5 | K16: 0 | L16: 0 | M16: 0 | N16: 0 | O16: 0 | P16: 0 | Q16: 0 | R16: 0 | S16: 0 | T16: 0 | U16: 0 | V16: =+'Exhibit A-2 no Z rows'!V17 -> 273617.62 | W16: =+'Exhibit A-2 no Z rows'!W17 -> 16233029
A17: =+'Exhibit A-2 no Z rows'!A18 -> Travel | B17: =+'Exhibit A-2 no Z rows'!B18 -> 8251.23 | C17: 0 | D17: 0 | E17: 0 | F17: 0 | G17: 0 | H17: 0 | I17: 0 | J17: 0 | K17: 0 | L17: 0 | M17: 0 | N17: 0 | O17: 0 | P17: 0 | Q17: 0 | R17: 0 | S17: 0 | T17: 0 | U17: 0 | V17: =+'Exhibit A-2 no Z rows'!V18 -> 11283.81 | W17: =+'Exhibit A-2 no Z rows'!W18 -> 19535.04
A18: =+'Exhibit A-2 no Z rows'!A19 -> Materials and Supplies | B18: =+'Exhibit A-2 no Z rows'!B19 -> 15326.49 | C18: 0 | D18: 0 | E18: 0 | F18: 0 | G18: 0 | H18: 0 | I18: 0 | J18: 0 | K18: 0 | L18: 0 | M18: 0 | N18: 0 | O18: 0 | P18: 0 | Q18: 0 | R18: 0 | S18: 0 | T18: 0 | U18: 0 | V18: 0 | W18: =+'Exhibit A-2 no Z rows'!W19 -> 15326.49
A19: =+'Exhibit A-2 no Z rows'!A20 -> Communications and Utilities | B19: =+'Exhibit A-2 no Z rows'!B20 -> 861831.36 | C19: 0 | D19: 0 | E19: 0 | F19: 0 | G19: 0 | H19: 0 | I19: 0 | J19: 0 | K19: 0 | L19: 0 | M19: 0 | N19: 0 | O19: 0 | P19: 0 | Q19: 0 | R19: 0 | S19: 0 | T19: 0 | U19: 0 | V19: =+'Exhibit A-2 no Z rows'!V20 -> 1098.23 | W19: =+'Exhibit A-2 no Z rows'!W20 -> 862929.59
A20: =+'Exhibit A-2 no Z rows'!A21 -> Repairs and Maintenance | B20: =+'Exhibit A-2 no Z rows'!B21 -> 103451.46 | C20: 0 | D20: 0 | E20: 0 | F20: 0 | G20: 0 | H20: 0 | I20: 0 | J20: 0 | K20: 0 | L20: 0 | M20: 0 | N20: 0 | O20: 0 | P20: 0 | Q20: 0 | R20: 0 | S20: 0 | T20: 0 | U20: 0 | V20: 0 | W20: =+'Exhibit A-2 no Z rows'!W21 -> 103451.46
A21: =+'Exhibit A-2 no Z rows'!A22 -> Claims and Judgments | B21: =+'Exhibit A-2 no Z rows'!B22 -> 25872657 | C21: 0 | D21: 0 | E21: =+'Exhibit A-2 no Z rows'!E22 -> 711.84 | F21: 0 | G21: =+'Exhibit A-2 no Z rows'!G22 -> 73028.34 | H21: =+'Exhibit A-2 no Z rows'!H22 -> 788177.94 | I21: 0 | J21: =+'Exhibit A-2 no Z rows'!J22 -> 84292.02 | K21: 0 | L21: 0 | M21: 0 | N21: 0 | O21: 0 | P21: 0 | Q21: 0 | R21: 0 | S21: 0 | T21: 0 | U21: 0 | V21: 0 | W21: =+'Exhibit A-2 no Z rows'!W22 -> 26818867
A22: =+'Exhibit A-2 no Z rows'!A23 -> Intergovernmental Payments | B22: =+'Exhibit A-2 no Z rows'!B23 -> 6.9632182e+08 | C22: 0 | D22: =+'Exhibit A-2 no Z rows'!D23 -> 7300000 | E22: 0 | F22: =+'Exhibit A-2 no Z rows'!F23 -> 5398034.5 | G22: 0 | H22: 0 | I22: 0 | J22: 0 | K22: 0 | L22: 0 | M22: 0 | N22: 0 | O22: 0 | P22: 0 | Q22: 0 | R22: 0 | S22: 0 | T22: 0 | U22: =+'Exhibit A-2 no Z rows'!U23 -> 9500000 | V22: 0 | W22: =+'Exhibit A-2 no Z rows'!W23 -> 7.1851985e+08
A23: =+'Exhibit A-2 no Z rows'!A24 -> Interest Expense - Other | B23: =+'Exhibit A-2 no Z rows'!B24 -> 81191793 | C23: 0 | D23: 0 | E23: 0 | F23: 0 | G23: 0 | H23: 0 | I23: 0 | J23: 0 | K23: 0 | L23: 0 | M23: 0 | N23: 0 | O23: 0 | P23: 0 | Q23: 0 | R23: 0 | S23: 0 | T23: 0 | U23: 0 | V23: =+'Exhibit A-2 no Z rows'!V24 -> 13.26 | W23: =+'Exhibit A-2 no Z rows'!W24 -> 81191806
A24: =+'Exhibit A-2 no Z rows'!A25 -> Other Expenditures | B24: =+'Exhibit A-2 no Z rows'!B25 -> 1.1246052e+09 | C24: 0 | D24: 0 | E24: 0 | F24: 0 | G24: 0 | H24: 0 | I24: 0 | J24: =+'Exhibit A-2 no Z rows'!J25 -> 202000000 | K24: 0 | L24: 0 | M24: 0 | N24: 0 | O24: 0 | P24: 0 | Q24: =+'Exhibit A-2 no Z rows'!Q25 -> 11086.54 | R24: 0 | S24: 0 | T24: 0 | U24: 0 | V24: =+'Exhibit A-2 no Z rows'!V25 -> 4078.63 | W24: =+'Exhibit A-2 no Z rows'!W25 -> 1.3266203e+09
A25: =+'Exhibit A-2 no Z rows'!A26 -> Interest | B25: =+'Exhibit A-2 no Z rows'!B26 -> 118849.68 | C25: 0 | D25: 0 | E25: 0 | F25: 0 | G25: 0 | H25: 0 | I25: 0 | J25: 0 | K25: 0 | L25: 0 | M25: 0 | N25: 0 | O25: 0 | P25: 0 | Q25: 0 | R25: 0 | S25: 0 | T25: 0 | U25: 0 | V25: 0 | W25: =+'Exhibit A-2 no Z rows'!W26 -> 118849.68
A26: =+'Exhibit A-2 no Z rows'!A27 -> Total Expenditures | B26: =+'Exhibit A-2 no Z rows'!B27 -> 3.3463239e+09 | C26: 0 | D26: =+'Exhibit A-2 no Z rows'!D27 -> 7300000 | E26: =+'Exhibit A-2 no Z rows'!E27 -> 711.84 | F26: =+'Exhibit A-2 no Z rows'!F27 -> 5398034.5 | G26: =+'Exhibit A-2 no Z rows'!G27 -> 73028.34 | H26: =+'Exhibit A-2 no Z rows'!H27 -> 788177.94 | I26: 0 | J26: =+'Exhibit A-2 no Z rows'!J27 -> 2.0219896e+08 | K26: 0 | L26: 0 | M26: 0 | N26: 0 | O26: 0 | P26: 0 | Q26: =+'Exhibit A-2 no Z rows'!Q27 -> 11086.54 | R26: 0 | S26: 0 | T26: 0 | U26: =+'Exhibit A-2 no Z rows'!U27 -> 9500000 | V26: =+'Exhibit A-2 no Z rows'!V27 -> 1161194 | W26: =+'Exhibit A-2 no Z rows'!W27 -> 3.5727551e+09
A27: =+'Exhibit A-2 no Z rows'!A29 -> Excess (Deficiency) of Revenues over Expenditures | B27: =+'Exhibit A-2 no Z rows'!B29 -> 7.6187822e+10 | C27: 0 | D27: =+'Exhibit A-2 no Z rows'!D29 -> -7300000 | E27: =+'Exhibit A-2 no Z rows'!E29 -> -711.84 | F27: =+'Exhibit A-2 no Z rows'!F29 -> -990361.14 | G27: =+'Exhibit A-2 no Z rows'!G29 -> -73028.34 | H27: =+'Exhibit A-2 no Z rows'!H29 -> 579960.33 | I27: 0 | J27: =+'Exhibit A-2 no Z rows'!J29 -> 1.1756187e+09 | K27: 0 | L27: =+'Exhibit A-2 no Z rows'!L29 -> 1373.55 | M27: 0 | N27: =+'Exhibit A-2 no Z rows'!N29 -> 44290906 | O27: =+'Exhibit A-2 no Z rows'!O29 -> 92056753 | P27: =+'Exhibit A-2 no Z rows'!P29 -> 4844810 | Q27: =+'Exhibit A-2 no Z rows'!Q29 -> -11086.54 | R27: =+'Exhibit A-2 no Z rows'!R29 -> 4.3066379e+08 | S27: 0 | T27: 0 | U27: =+'Exhibit A-2 no Z rows'!U29 -> -9500000 | V27: =+'Exhibit A-2 no Z rows'!V29 -> 33877351 | W27: =+'Exhibit A-2 no Z rows'!W29 -> 7.7951881e+10
A28: =+'Exhibit A-2 no Z rows'!A31 -> OTHER FINANCING SOURCES (USES)
A29: =+'Exhibit A-2 no Z rows'!A32 -> Transfer In | B29: =+'Exhibit A-2 no Z rows'!B32 -> 5.5466578e+08 | C29: 0 | D29: =+'Exhibit A-2 no Z rows'!D32 -> 7300000 | E29: 0 | F29: =+'Exhibit A-2 no Z rows'!F32 -> 990361.14 | G29: 0 | H29: 0 | I29: 0 | J29: =+'Exhibit A-2 no Z rows'!J32 -> 6.877026e+09 | K29: 0 | L29: 0 | M29: 0 | N29: 0 | O29: 0 | P29: 0 | Q29: =+'Exhibit A-2 no Z rows'!Q32 -> 11086.54 | R29: 0 | S29: 0 | T29: 0 | U29: =+'Exhibit A-2 no Z rows'!U32 -> 9500000 | V29: =+'Exhibit A-2 no Z rows'!V32 -> 4679077.2 | W29: =+'Exhibit A-2 no Z rows'!W32 -> 7.4541723e+09
A30: =+'Exhibit A-2 no Z rows'!A33 -> Transfer Out | B30: =+'Exhibit A-2 no Z rows'!B33 -> -2.8384168e+10 | C30: 355974.57 | D30: 0 | E30: 0 | F30: 0 | G30: 0 | H30: =+'Exhibit A-2 no Z rows'!H33 -> -2637434 | I30: 0 | J30: =+'Exhibit A-2 no Z rows'!J33 -> -4.9311842e+09 | K30: 0 | L30: =+'Exhibit A-2 no Z rows'!L33 -> -1373.09 | M30: 0 | N30: =+'Exhibit A-2 no Z rows'!N33 -> -44290906 | O30: =+'Exhibit A-2 no Z rows'!O33 -> -92056753 | P30: =+'Exhibit A-2 no Z rows'!P33 -> -4844810 | Q30: 0 | R30: =+'Exhibit A-2 no Z rows'!R33 -> -3.5809789e+08 | S30: 0 | T30: 0 | U30: 0 | V30: =+'Exhibit A-2 no Z rows'!V33 -> -20351550 | W30: -3.3837277e+10
A31: =+'Exhibit A-2 no Z rows'!A34 -> Legislative Transfer Out | B31: -4.1912534e+10 | C31: 0 | D31: 0 | E31: 0 | F31: 0 | G31: 0 | H31: 0 | I31: 0 | J31: 0 | K31: 0 | L31: 0 | M31: 0 | N31: 0 | O31: 0 | P31: 0 | Q31: 0 | R31: 0 | S31: 0 | T31: 0 | U31: 0 | V31: 0 | W31: -4.1912534e+10
A32: =+'Exhibit A-2 no Z rows'!A35 -> Sale of Capital Assets | B32: =+'Exhibit A-2 no Z rows'!B35 -> 31526.9 | C32: 0 | D32: 0 | E32: 0 | F32: 0 | G32: 0 | H32: 0 | I32: 0 | J32: 0 | K32: 0 | L32: 0 | M32: 0 | N32: 0 | O32: 0 | P32: 0 | Q32: 0 | R32: 0 | S32: 0 | T32: 0 | U32: 0 | V32: 0 | W32: =+'Exhibit A-2 no Z rows'!W35 -> 31526.9
A33: =+'Exhibit A-2 no Z rows'!A36 -> Insurance Recoveries | B33: =+'Exhibit A-2 no Z rows'!B36 -> 91386.88 | C33: 0 | D33: 0 | E33: 0 | F33: 0 | G33: 0 | H33: 0 | I33: 0 | J33: 0 | K33: 0 | L33: 0 | M33: 0 | N33: 0 | O33: 0 | P33: 0 | Q33: 0 | R33: 0 | S33: 0 | T33: 0 | U33: 0 | V33: 0 | W33: =+'Exhibit A-2 no Z rows'!W36 -> 91386.88
A34: =+'Exhibit A-2 no Z rows'!A37 -> Total Other Financing Sources (Uses) | B34: -6.9741913e+10 | C34: 355974.57 | D34: =+'Exhibit A-2 no Z rows'!D37 -> 7300000 | E34: 0 | F34: =+'Exhibit A-2 no Z rows'!F37 -> 990361.14 | G34: 0 | H34: =+'Exhibit A-2 no Z rows'!H37 -> -2637434 | I34: 0 | J34: =+'Exhibit A-2 no Z rows'!J37 -> 1.9458418e+09 | K34: 0 | L34: =+'Exhibit A-2 no Z rows'!L37 -> -1373.09 | M34: 0 | N34: =+'Exhibit A-2 no Z rows'!N37 -> -44290906 | O34: =+'Exhibit A-2 no Z rows'!O37 -> -92056753 | P34: =+'Exhibit A-2 no Z rows'!P37 -> -4844810 | Q34: =+'Exhibit A-2 no Z rows'!Q37 -> 11086.54 | R34: =+'Exhibit A-2 no Z rows'!R37 -> -3.5809789e+08 | S34: 0 | T34: 0 | U34: =+'Exhibit A-2 no Z rows'!U37 -> 9500000 | V34: =+'Exhibit A-2 no Z rows'!V37 -> -15672473 | W34: -6.8295515e+10
A35: =+'Exhibit A-2 no Z rows'!A39 -> Net Change in Fund Balances | B35: 6.4459092e+09 | C35: 355974.57 | D35: 0 | E35: =+'Exhibit A-2 no Z rows'!E39 -> -711.84 | F35: =+'Exhibit A-2 no Z rows'!F39 -> 3.4924597e-10 | G35: =+'Exhibit A-2 no Z rows'!G39 -> -73028.34 | H35: =+'Exhibit A-2 no Z rows'!H39 -> -2057473.7 | I35: 0 | J35: =+'Exhibit A-2 no Z rows'!J39 -> 3.1214605e+09 | K35: 0 | L35: =+'Exhibit A-2 no Z rows'!L39 -> 0.46 | M35: 0 | N35: 0 | O35: 0 | P35: 0 | Q35: 0 | R35: =+'Exhibit A-2 no Z rows'!R39 -> 72565899 | S35: 0 | T35: 0 | U35: 0 | V35: =+'Exhibit A-2 no Z rows'!V39 -> 18204879 | W35: 9.6563652e+09
A36: =+'Exhibit A-2 no Z rows'!A41 -> FUND FINANCIAL STATEMENT – FUND BALANCES
A37: =+'Exhibit A-2 no Z rows'!A42 -> Fund Balances, September 1, 2024 | B37: =+'Exhibit A-2 no Z rows'!B42 -> 2.3266896e+10 | C37: =+'Exhibit A-2 no Z rows'!C42 -> -355974.57 | D37: 0 | E37: 0 | F37: 0 | G37: 0 | H37: =+'Exhibit A-2 no Z rows'!H42 -> 9907513.5 | I37: =+'Exhibit A-2 no Z rows'!I42 -> -15095.58 | J37: =+'Exhibit A-2 no Z rows'!J42 -> 2.3796251e+10 | K37: 0 | L37: =+'Exhibit A-2 no Z rows'!L42 -> 36.02 | M37: 0 | N37: 0 | O37: 0 | P37: =+'Exhibit A-2 no Z rows'!P42 -> -11425167 | Q37: 0 | R37: =+'Exhibit A-2 no Z rows'!R42 -> 8.6929396e+08 | S37: 0 | T37: 0 | U37: 0 | V37: =+'Exhibit A-2 no Z rows'!V42 -> 1.0146299e+08 | W37: =+'Exhibit A-2 no Z rows'!W42 -> 4.8032015e+10
A38: =+'Exhibit A-2 no Z rows'!A43 -> Fund Balances, September 1, 2024, as Restated | B38: =+'Exhibit A-2 no Z rows'!B43 -> 2.3266896e+10 | C38: =+'Exhibit A-2 no Z rows'!C43 -> -355974.57 | D38: 0 | E38: 0 | F38: =+'Exhibit A-2 no Z rows'!F43 -> 3.4924597e-10 | G38: 0 | H38: =+'Exhibit A-2 no Z rows'!H43 -> 9907513.5 | I38: =+'Exhibit A-2 no Z rows'!I43 -> -15095.58 | J38: =+'Exhibit A-2 no Z rows'!J43 -> 2.3796251e+10 | K38: 0 | L38: =+'Exhibit A-2 no Z rows'!L43 -> 36.02 | M38: 0 | N38: 0 | O38: 0 | P38: =+'Exhibit A-2 no Z rows'!P43 -> -11425167 | Q38: 0 | R38: =+'Exhibit A-2 no Z rows'!R43 -> 8.6929396e+08 | S38: 0 | T38: 0 | U38: 0 | V38: =+'Exhibit A-2 no Z rows'!V43 -> 1.0146299e+08 | W38: =+'Exhibit A-2 no Z rows'!W43 -> 4.8032015e+10
A39: =+'Exhibit A-2 no Z rows'!A45 -> Fund Balances, August 31, 2025 | B39: 2.9712805e+10 | C39: 0 | D39: 0 | E39: =+'Exhibit A-2 no Z rows'!E45 -> -711.84 | F39: =+'Exhibit A-2 no Z rows'!F45 -> 6.9849193e-10 | G39: =+'Exhibit A-2 no Z rows'!G45 -> -73028.34 | H39: =+'Exhibit A-2 no Z rows'!H45 -> 7850039.8 | I39: =+'Exhibit A-2 no Z rows'!I45 -> -15095.58 | J39: =+'Exhibit A-2 no Z rows'!J45 -> 2.6917712e+10 | K39: 0 | L39: =+'Exhibit A-2 no Z rows'!L45 -> 36.48 | M39: 0 | N39: 0 | O39: 0 | P39: =+'Exhibit A-2 no Z rows'!P45 -> -11425167 | Q39: 0 | R39: =+'Exhibit A-2 no Z rows'!R45 -> 9.4185986e+08 | S39: 0 | T39: 0 | U39: 0 | V39: =+'Exhibit A-2 no Z rows'!V45 -> 1.1966786e+08 | W39: 5.7688381e+10
A40: Return to TOC
A41: End of Sheet

Sheet Exhibit B-2 Final
A1: Comptroller – Fiscal (902)
A2: EXHIBIT B-2
A3: Combining Statement of Revenues, Expenditures and
A4: Changes in Fund Balances – Special Revenue Funds
A5: For the Fiscal Year Ended August 31, 2025
B6: Unclaimed Property Securities Fund (0001) U/F (4113) | C6: State Highway Fund (0006) U/F (0006) | D6: Property Tax Relief Fund (0304) U/F (0304) | E6: Tax Reduction and Excellence in Education Fund (0305) U/F (0305) | F6: Judicial Fund (0573) U/F (0573, 5730) | G6: General Land Office County Right of Way Leases (0808) U/F (2521) | H6: Binding Arbitration Trust Fund (0838) U/F (8380) | I6: International Fuels Tax Agreement Trust Fund (0886) U/F (0886) | J6: Flood Area School and Road Trust Fund (0903) U/F (2903) | K6: Opioid Abatement Local Operating Trust Fund (1202) U/F (1202) | L6: Habitat Protection Fund (9999) U/F (2999) | M6: Total (Exhibit B-2) 2025
A7: =+'Exhibit B-2 no Z rows'!A2 -> REVENUES
A8: =+'Exhibit B-2 no Z rows'!A3 -> Taxes (GR) | B8: $ | C8: $ | D8: =+'Exhibit B-2 no Z rows'!D3 -> 2.4809099e+09 | E8: =+'Exhibit B-2 no Z rows'!E3 -> 2298421000 | F8: $ | G8: $ | H8: $ | I8: $ | J8: $ | K8: $ | L8: $ | M8: =+'Exhibit B-2 no Z rows'!M3 -> 4.7793309e+09
A9: =+'Exhibit B-2 no Z rows'!A4 -> Interest and Other Investment Income (GR) | D9: =+'Exhibit B-2 no Z rows'!D4 -> 4458859.2 | I9: =+'Exhibit B-2 no Z rows'!I4 -> 153506.82 | K9: =+'Exhibit B-2 no Z rows'!K4 -> 87.86 | L9: =+'Exhibit B-2 no Z rows'!L4 -> 567202.75 | M9: =+'Exhibit B-2 no Z rows'!M4 -> 5179656.7
A10: =+'Exhibit B-2 no Z rows'!A5 -> Other (GR) | H10: =+'Exhibit B-2 no Z rows'!H5 -> 1596014 | I10: =+'Exhibit B-2 no Z rows'!I5 -> 44622534 | M10: =+'Exhibit B-2 no Z rows'!M5 -> 46218548
A11: =+'Exhibit B-2 no Z rows'!A6 -> Total Revenues | B11: 0 | C11: 0 | D11: =+'Exhibit B-2 no Z rows'!D6 -> 2485368790 | E11: =+'Exhibit B-2 no Z rows'!E6 -> 2298421000 | F11: 0 | G11: 0 | H11: =+'Exhibit B-2 no Z rows'!H6 -> 1596014 | I11: =+'Exhibit B-2 no Z rows'!I6 -> 44776041 | J11: 0 | K11: =+'Exhibit B-2 no Z rows'!K6 -> 87.86 | L11: =+'Exhibit B-2 no Z rows'!L6 -> 567202.75 | M11: =+'Exhibit B-2 no Z rows'!M6 -> 4.8307291e+09
A13: =+'Exhibit B-2 no Z rows'!A8 -> EXPENDITURES
A14: =+'Exhibit B-2 no Z rows'!A9 -> Professional Fees and Services | H14: =+'Exhibit B-2 no Z rows'!H9 -> 1614414 | M14: =+'Exhibit B-2 no Z rows'!M9 -> 1614414
A15: =+'Exhibit B-2 no Z rows'!A10 -> Claims and Judgments | C15: =+'Exhibit B-2 no Z rows'!C10 -> 81168.23 | M15: =+'Exhibit B-2 no Z rows'!M10 -> 81168.23
A16: =+'Exhibit B-2 no Z rows'!A11 -> Intergovernmental Payments | G16: =+'Exhibit B-2 no Z rows'!G11 -> 6320074.4 | I16: =+'Exhibit B-2 no Z rows'!I11 -> 44550470 | L16: =+'Exhibit B-2 no Z rows'!L11 -> 1501744.4 | M16: =+'Exhibit B-2 no Z rows'!M11 -> 52372288
A17: =+'Exhibit B-2 no Z rows'!A12 -> Other Expenditures | L17: =+'Exhibit B-2 no Z rows'!L12 -> 5202.44 | M17: =+'Exhibit B-2 no Z rows'!M12 -> 5202.44
A18: =+'Exhibit B-2 no Z rows'!A13 -> Total Expenditures | B18: 0 | C18: =+'Exhibit B-2 no Z rows'!C13 -> 81168.23 | D18: 0 | E18: 0 | F18: 0 | G18: =+'Exhibit B-2 no Z rows'!G13 -> 6320074.4 | H18: =+'Exhibit B-2 no Z rows'!H13 -> 1614414 | I18: =+'Exhibit B-2 no Z rows'!I13 -> 44550470 | J18: 0 | K18: 0 | L18: =+'Exhibit B-2 no Z rows'!L13 -> 1506946.8 | M18: =+'Exhibit B-2 no Z rows'!M13 -> 54073073
A20: =+'Exhibit B-2 no Z rows'!A15 -> Excess (Deficiency) of Revenues over Expenditures | B20: 0 | C20: =+'Exhibit B-2 no Z rows'!C15 -> -81168.23 | D20: =+'Exhibit B-2 no Z rows'!D15 -> 2485368790 | E20: =+'Exhibit B-2 no Z rows'!E15 -> 2298421000 | F20: 0 | G20: =+'Exhibit B-2 no Z rows'!G15 -> -6320074.4 | H20: =+'Exhibit B-2 no Z rows'!H15 -> -18400 | I20: =+'Exhibit B-2 no Z rows'!I15 -> 225571.33 | J20: 0 | K20: =+'Exhibit B-2 no Z rows'!K15 -> 87.86 | L20: =+'Exhibit B-2 no Z rows'!L15 -> -939744.09 | M20: =+'Exhibit B-2 no Z rows'!M15 -> 4.7766561e+09
A22: =+'Exhibit B-2 no Z rows'!A17 -> OTHER FINANCING SOURCES (USES)
A23: =+'Exhibit B-2 no Z rows'!A18 -> Transfer In | C23: =+'Exhibit B-2 no Z rows'!C18 -> 81168.23 | D23: =+'Exhibit B-2 no Z rows'!D18 -> 6147400000 | G23: =+'Exhibit B-2 no Z rows'!G18 -> 5751714.7 | M23: =+'Exhibit B-2 no Z rows'!M18 -> 6.1532329e+09
A24: =+'Exhibit B-2 no Z rows'!A19 -> Transfer Out | D24: =+'Exhibit B-2 no Z rows'!D19 -> -8.6386625e+09 | E24: =+'Exhibit B-2 no Z rows'!E19 -> -2298421000 | I24: =+'Exhibit B-2 no Z rows'!I19 -> -153506.82 | M24: =+'Exhibit B-2 no Z rows'!M19 -> -1.0937237e+10
A25: =+'Exhibit B-2 no Z rows'!A20 -> Total Other Financing Sources (Uses) | B25: 0 | C25: =+'Exhibit B-2 no Z rows'!C20 -> 81168.23 | D25: =+'Exhibit B-2 no Z rows'!D20 -> -2.4912625e+09 | E25: =+'Exhibit B-2 no Z rows'!E20 -> -2298421000 | F25: 0 | G25: =+'Exhibit B-2 no Z rows'!G20 -> 5751714.7 | H25: 0 | I25: =+'Exhibit B-2 no Z rows'!I20 -> -153506.82 | J25: 0 | K25: 0 | L25: 0 | M25: =+'Exhibit B-2 no Z rows'!M20 -> -4.7840041e+09
A27: =+'Exhibit B-2 no Z rows'!A22 -> Net Change in Fund Balances | B27: 0 | C27: 0 | D27: =+'Exhibit B-2 no Z rows'!D22 -> -5893714.1 | E27: 0 | F27: 0 | G27: =+'Exhibit B-2 no Z rows'!G22 -> -568359.65 | H27: =+'Exhibit B-2 no Z rows'!H22 -> -18400 | I27: =+'Exhibit B-2 no Z rows'!I22 -> 72064.51 | J27: 0 | K27: =+'Exhibit B-2 no Z rows'!K22 -> 87.86 | L27: =+'Exhibit B-2 no Z rows'!L22 -> -939744.09 | M27: =+'Exhibit B-2 no Z rows'!M22 -> -7348065.5
A29: =+'Exhibit B-2 no Z rows'!A24 -> FUND FINANCIAL STATEMENT – FUND BALANCES
A30: =+'Exhibit B-2 no Z rows'!A25 -> Fund Balances, September 1, 2024 | D30: =+'Exhibit B-2 no Z rows'!D25 -> 6318878.3 | G30: =+'Exhibit B-2 no Z rows'!G25 -> 3276729.3 | H30: =+'Exhibit B-2 no Z rows'!H25 -> 22150 | I30: =+'Exhibit B-2 no Z rows'!I25 -> 5985706.3 | K30: =+'Exhibit B-2 no Z rows'!K25 -> 2006.52 | L30: =+'Exhibit B-2 no Z rows'!L25 -> 13106548 | M30: =+'Exhibit B-2 no Z rows'!M25 -> 28712018
A32: =+'Exhibit B-2 no Z rows'!A27 -> Fund Balances, August 31, 2025 | B32: 0 | C32: 0 | D32: =+'Exhibit B-2 no Z rows'!D27 -> 425164.17 | E32: 0 | F32: 0 | G32: =+'Exhibit B-2 no Z rows'!G27 -> 2708369.6 | H32: =+'Exhibit B-2 no Z rows'!H27 -> 3750 | I32: =+'Exhibit B-2 no Z rows'!I27 -> 6057770.8 | J32: 0 | K32: =+'Exhibit B-2 no Z rows'!K27 -> 2094.38 | L32: =+'Exhibit B-2 no Z rows'!L27 -> 12166803 | M32: =+'Exhibit B-2 no Z rows'!M27 -> 21363952

Sheet Exhibit C-2 Final
A1: Comptroller – Fiscal (902)
A2: EXHIBIT C-2
A3: Combining Statement of Revenues, Expenditures,
A4: and Changes in Fund Balances – Permanent Funds
A5: For the Fiscal Year Ended August 31, 2025
B6: Supporting Graduate Education Fund (0179) U/F (1179) | C6: Military & Veterans Exemptions Fund (0210) U/F (1210) | D6: Available Texas Universty Fund (0214) U/F(0214) | E6: Total (Exhibit C-2) 2025
A7: =+'Exhibit C-2 no Z rows'!A2 -> REVENUES
A8: =+'Exhibit C-2 no Z rows'!A3 -> Interest and Other Investment Income (GR) | B8: =+'Exhibit C-2 no Z rows'!B3 -> 5735549.8 | C8: =+'Exhibit C-2 no Z rows'!C3 -> 4789056.5 | D8: =+'Exhibit C-2 no Z rows'!D3 -> -30384.85 | E8: =+'Exhibit C-2 no Z rows'!E3 -> 10494221
A9: =+'Exhibit C-2 no Z rows'!A4 -> Net Increase (Decrease) in Fair Value (GR) | B9: =+'Exhibit C-2 no Z rows'!B4 -> 29211420 | C9: =+'Exhibit C-2 no Z rows'!C4 -> 18961869 | E9: =+'Exhibit C-2 no Z rows'!E4 -> 48173288
A10: =+'Exhibit C-2 no Z rows'!A5 -> Other (GR) | C10: =+'Exhibit C-2 no Z rows'!C5 -> 10767184 | D10: =+'Exhibit C-2 no Z rows'!D5 -> 1.8331899e+08 | E10: =+'Exhibit C-2 no Z rows'!E5 -> 1.9408618e+08
A11: =+'Exhibit C-2 no Z rows'!A6 -> Total Revenues | B11: =+'Exhibit C-2 no Z rows'!B6 -> 34946969 | C11: =+'Exhibit C-2 no Z rows'!C6 -> 34518109 | D11: =+'Exhibit C-2 no Z rows'!D6 -> 1.8328861e+08 | E11: =+'Exhibit C-2 no Z rows'!E6 -> 2.5275369e+08
A13: =+'Exhibit C-2 no Z rows'!A8 -> EXPENDITURES
A14: =+'Exhibit C-2 no Z rows'!A9 -> Professional Fees and Services | B14: =+'Exhibit C-2 no Z rows'!B9 -> 567864.77 | C14: =+'Exhibit C-2 no Z rows'!C9 -> 421170.56 | E14: =+'Exhibit C-2 no Z rows'!E9 -> 989035.33
A15: =+'Exhibit C-2 no Z rows'!A10 -> Intergovernmental Payments | C15: =+'Exhibit C-2 no Z rows'!C10 -> 640855 | E15: =+'Exhibit C-2 no Z rows'!E10 -> 640855
A16: =+'Exhibit C-2 no Z rows'!A11 -> Total Expenditures | B16: =+'Exhibit C-2 no Z rows'!B11 -> 567864.77 | C16: =+'Exhibit C-2 no Z rows'!C11 -> 1062025.6 | D16: 0 | E16: =+'Exhibit C-2 no Z rows'!E11 -> 1629890.3
A18: =+'Exhibit C-2 no Z rows'!A13 -> Excess (Deficiency) of Revenues over Expenditures | B18: =+'Exhibit C-2 no Z rows'!B13 -> 34379105 | C18: =+'Exhibit C-2 no Z rows'!C13 -> 33456083 | D18: =+'Exhibit C-2 no Z rows'!D13 -> 1.8328861e+08 | E18: =+'Exhibit C-2 no Z rows'!E13 -> 2.511238e+08
A20: =+'Exhibit C-2 no Z rows'!A15 -> OTHER FINANCING SOURCES (USES)
A21: =+'Exhibit C-2 no Z rows'!A16 -> Transfer In | C21: =+'Exhibit C-2 no Z rows'!C16 -> 143882.97 | D21: =+'Exhibit C-2 no Z rows'!D16 -> 1.5171364e+08 | E21: =+'Exhibit C-2 no Z rows'!E16 -> 1.5185752e+08
A22: =+'Exhibit C-2 no Z rows'!A17 -> Transfer Out | C22: =+'Exhibit C-2 no Z rows'!C17 -> -11393103 | D22: =+'Exhibit C-2 no Z rows'!D17 -> -1.9969143e+08 | E22: =+'Exhibit C-2 no Z rows'!E17 -> -2.1108453e+08
A23: =+'Exhibit C-2 no Z rows'!A18 -> Contributions to permanent foundation principal | B23: =+'Exhibit C-2 no Z rows'!B18 -> -14442612 | C23: =+'Exhibit C-2 no Z rows'!C18 -> -10767184 | E23: =+'Exhibit C-2 no Z rows'!E18 -> -25209796
A24: =+'Exhibit C-2 no Z rows'!A19 -> Total Other Financing Sources (Uses) | B24: =+'Exhibit C-2 no Z rows'!B19 -> -14442612 | C24: =+'Exhibit C-2 no Z rows'!C19 -> -22016404 | D24: =+'Exhibit C-2 no Z rows'!D19 -> -47977789 | E24: =+'Exhibit C-2 no Z rows'!E19 -> -84436804
A26: =+'Exhibit C-2 no Z rows'!A21 -> Net Change in Fund Balances | B26: =+'Exhibit C-2 no Z rows'!B21 -> 19936493 | C26: =+'Exhibit C-2 no Z rows'!C21 -> 11439680 | D26: =+'Exhibit C-2 no Z rows'!D21 -> 1.3531082e+08 | E26: =+'Exhibit C-2 no Z rows'!E21 -> 1.6668699e+08
A28: =+'Exhibit C-2 no Z rows'!A23 -> FUND FINANCIAL STATEMENT – FUND BALANCES
A29: =+'Exhibit C-2 no Z rows'!A24 -> Fund Balances, September 1, 2024 | B29: =+'Exhibit C-2 no Z rows'!B24 -> 4.5333502e+08 | C29: =+'Exhibit C-2 no Z rows'!C24 -> 3.4192741e+08 | D29: =+'Exhibit C-2 no Z rows'!D24 -> 30616539 | E29: =+'Exhibit C-2 no Z rows'!E24 -> 8.2587896e+08
A31: =+'Exhibit C-2 no Z rows'!A26 -> Fund Balances, August 31, 2025 | B31: =+'Exhibit C-2 no Z rows'!B26 -> 4.7327151e+08 | C31: =+'Exhibit C-2 no Z rows'!C26 -> 3.5336709e+08 | D31: =+'Exhibit C-2 no Z rows'!D26 -> 1.6592736e+08 | E31: =+'Exhibit C-2 no Z rows'!E26 -> 9.9256596e+08

Sheet Exhibit B-1
A1: Comptroller – Fiscal (902) EXHIBIT B-1 Combining Balance Sheet – Special Revenue Funds August 31, 2025
A2: Financial Statement Line Items | B2: Unclaimed Property Securities Fund (0001) U/F (4113) | C2: State Highway Fund (0006) U/F (0006) | D2: Property Tax Relief Fund (0304) U/F (0304) | E2: Tax Reduction and Excellence in Education Fund (0305) U/F (0305) | F2: Judicial Fund (0573) U/F (0573, 5730) | G2: General Land Office County Right of Way Leases (0808) U/F (2521) | H2: Binding Arbitration Trust Fund (0838) U/F (8380) | I2: International Fuels Tax Agreement Trust Fund (0886) U/F (0886) | J2: Flood Area School and Road Trust Fund (0903) U/F (2903) | K2: Opioid Abatement Local Operating Trust Fund (1202) U/F (1202) | L2: Habitat Protection Fund (9999) U/F (2999) | M2: Total (Exhibit B-1) 2025
A3: =+'[1]Exhibit B-1 no Z rows'!A2 -> ASSETS
A4: =+'[1]Exhibit B-1 no Z rows'!A3 -> Current Assets:
A5: =+'[1]Exhibit B-1 no Z rows'!A4 -> Cash and Cash Equivalents:
A6: =+'[1]Exhibit B-1 no Z rows'!A5 -> Cash in Bank (Note 3) | B6: =+'[1]Exhibit B-1 no Z rows'!B5 -> 6437885.9 | C6: 0 | D6: 0 | E6: 0 | F6: 0 | G6: 0 | H6: 0 | I6: 0 | J6: 0 | K6: 0 | L6: =+'[1]Exhibit B-1 no Z rows'!L5 -> 12251128 | M6: =+'[1]Exhibit B-1 no Z rows'!M5 -> 18689014
A7: =+'[1]Exhibit B-1 no Z rows'!A6 -> Cash in State Treasury | B7: 0 | C7: 0 | D7: 0 | E7: 0 | F7: 0 | G7: 0 | H7: =+'[1]Exhibit B-1 no Z rows'!H6 -> 3750 | I7: =+'[1]Exhibit B-1 no Z rows'!I6 -> 6057770.8 | J7: 0 | K7: =+'[1]Exhibit B-1 no Z rows'!K6 -> 2086.78 | L7: 0 | M7: =+'[1]Exhibit B-1 no Z rows'!M6 -> 6063607.5
A8: =+'[1]Exhibit B-1 no Z rows'!A7 -> Short Term Investments (Note 3) | B8: =+'[1]Exhibit B-1 no Z rows'!B7 -> 1316237.2 | C8: 0 | D8: 0 | E8: 0 | F8: 0 | G8: 0 | H8: 0 | I8: 0 | J8: 0 | K8: 0 | L8: 0 | M8: =+'[1]Exhibit B-1 no Z rows'!M7 -> 1316237.2
A9: =+'[1]Exhibit B-1 no Z rows'!A8 -> Receivables: | B9: 0 | C9: 0 | D9: 0 | E9: 0 | F9: 0 | G9: 0 | H9: 0 | I9: 0 | J9: 0 | K9: 0 | L9: 0 | M9: 0
A10: =+'[1]Exhibit B-1 no Z rows'!A9 -> Interest and Dividends | B10: =+'[1]Exhibit B-1 no Z rows'!B9 -> 27840.12 | C10: 0 | D10: =+'[1]Exhibit B-1 no Z rows'!D9 -> 425164.17 | E10: 0 | F10: 0 | G10: 0 | H10: 0 | I10: 0 | J10: 0 | K10: =+'[1]Exhibit B-1 no Z rows'!K9 -> 7.6 | L10: 0 | M10: =+'[1]Exhibit B-1 no Z rows'!M9 -> 453011.89
A11: =+'[1]Exhibit B-1 no Z rows'!A10 -> Due From Other Agencies | B11: 0 | C11: =+'[1]Exhibit B-1 no Z rows'!C10 -> 81168.23 | D11: 0 | E11: 0 | F11: 0 | G11: =+'[1]Exhibit B-1 no Z rows'!G10 -> 2708426.3 | H11: 0 | I11: 0 | J11: 0 | K11: 0 | L11: 0 | M11: =+'[1]Exhibit B-1 no Z rows'!M10 -> 2789594.5
A12: =+'[1]Exhibit B-1 no Z rows'!A11 -> Total Current Assets | B12: =+'[1]Exhibit B-1 no Z rows'!B11 -> 7781963.3 | C12: =+'[1]Exhibit B-1 no Z rows'!C11 -> 81168.23 | D12: =+'[1]Exhibit B-1 no Z rows'!D11 -> 425164.17 | E12: 0 | F12: 0 | G12: =+'[1]Exhibit B-1 no Z rows'!G11 -> 2708426.3 | H12: =+'[1]Exhibit B-1 no Z rows'!H11 -> 3750 | I12: =+'[1]Exhibit B-1 no Z rows'!I11 -> 6057770.8 | J12: 0 | K12: =+'[1]Exhibit B-1 no Z rows'!K11 -> 2094.38 | L12: =+'[1]Exhibit B-1 no Z rows'!L11 -> 12251128 | M12: =+'[1]Exhibit B-1 no Z rows'!M11 -> 29311466
A13: =+'[1]Exhibit B-1 no Z rows'!A12 -> Non-Current Assets:
A14: =+'[1]Exhibit B-1 no Z rows'!A13 -> Investments (Note 3) | B14: =+'[1]Exhibit B-1 no Z rows'!B13 -> 9.7465808e+08 | C14: 0 | D14: 0 | E14: 0 | F14: 0 | G14: 0 | H14: 0 | I14: 0 | J14: 0 | K14: 0 | L14: 0 | M14: =+'[1]Exhibit B-1 no Z rows'!M13 -> 9.7465808e+08
A15: =+'[1]Exhibit B-1 no Z rows'!A14 -> Total Non-Current Assets | B15: =+'[1]Exhibit B-1 no Z rows'!B14 -> 9.7465808e+08 | C15: 0 | D15: 0 | E15: 0 | F15: 0 | G15: 0 | H15: 0 | I15: 0 | J15: 0 | K15: 0 | L15: 0 | M15: =+'[1]Exhibit B-1 no Z rows'!M14 -> 9.7465808e+08
A16: =+'[1]Exhibit B-1 no Z rows'!A15 -> Total Assets | B16: =+'[1]Exhibit B-1 no Z rows'!B15 -> 9.8244004e+08 | C16: =+'[1]Exhibit B-1 no Z rows'!C15 -> 81168.23 | D16: =+'[1]Exhibit B-1 no Z rows'!D15 -> 425164.17 | E16: 0 | F16: 0 | G16: =+'[1]Exhibit B-1 no Z rows'!G15 -> 2708426.3 | H16: =+'[1]Exhibit B-1 no Z rows'!H15 -> 3750 | I16: =+'[1]Exhibit B-1 no Z rows'!I15 -> 6057770.8 | J16: 0 | K16: =+'[1]Exhibit B-1 no Z rows'!K15 -> 2094.38 | L16: =+'[1]Exhibit B-1 no Z rows'!L15 -> 12251128 | M16: =+'[1]Exhibit B-1 no Z rows'!M15 -> 1.0039695e+09
A17: =+'[1]Exhibit B-1 no Z rows'!A18 -> Total Assets and Deferred Outflows of Resources | B17: =+'[1]Exhibit B-1 no Z rows'!B18 -> 9.8244004e+08 | C17: =+'[1]Exhibit B-1 no Z rows'!C18 -> 81168.23 | D17: =+'[1]Exhibit B-1 no Z rows'!D18 -> 425164.17 | E17: 0 | F17: 0 | G17: =+'[1]Exhibit B-1 no Z rows'!G18 -> 2708426.3 | H17: =+'[1]Exhibit B-1 no Z rows'!H18 -> 3750 | I17: =+'[1]Exhibit B-1 no Z rows'!I18 -> 6057770.8 | J17: 0 | K17: =+'[1]Exhibit B-1 no Z rows'!K18 -> 2094.38 | L17: =+'[1]Exhibit B-1 no Z rows'!L18 -> 12251128 | M17: =+'[1]Exhibit B-1 no Z rows'!M18 -> 1.0039695e+09
A18: =+'[1]Exhibit B-1 no Z rows'!A20 -> LIABILITIES AND FUND BALANCES
A19: =+'[1]Exhibit B-1 no Z rows'!A21 -> Current Liabilities:
A20: =+'[1]Exhibit B-1 no Z rows'!A22 -> Payables From:
A21: =+'[1]Exhibit B-1 no Z rows'!A23 -> Accounts | B21: 0 | C21: =+'[1]Exhibit B-1 no Z rows'!C23 -> 81168.23 | D21: 0 | E21: 0 | F21: 0 | G21: =+'[1]Exhibit B-1 no Z rows'!G23 -> 56.64 | H21: 0 | I21: 0 | J21: 0 | K21: 0 | L21: =+'[1]Exhibit B-1 no Z rows'!L23 -> 84324.93 | M21: =+'[1]Exhibit B-1 no Z rows'!M23 -> 165549.8
A22: =+'[1]Exhibit B-1 no Z rows'!A24 -> Total Current Liabilities | B22: 0 | C22: =+'[1]Exhibit B-1 no Z rows'!C24 -> 81168.23 | D22: 0 | E22: 0 | F22: 0 | G22: =+'[1]Exhibit B-1 no Z rows'!G24 -> 56.64 | H22: 0 | I22: 0 | J22: 0 | K22: 0 | L22: =+'[1]Exhibit B-1 no Z rows'!L24 -> 84324.93 | M22: =+'[1]Exhibit B-1 no Z rows'!M24 -> 165549.8
A23: =+'[1]Exhibit B-1 no Z rows'!A25 -> Total Liabilities | B23: 0 | C23: =+'[1]Exhibit B-1 no Z rows'!C25 -> 81168.23 | D23: 0 | E23: 0 | F23: 0 | G23: =+'[1]Exhibit B-1 no Z rows'!G25 -> 56.64 | H23: 0 | I23: 0 | J23: 0 | K23: 0 | L23: =+'[1]Exhibit B-1 no Z rows'!L25 -> 84324.93 | M23: =+'[1]Exhibit B-1 no Z rows'!M25 -> 165549.8
A24: =+'[1]Exhibit B-1 no Z rows'!A27 -> DEFERRED INFLOWS
A25: =+'[1]Exhibit B-1 no Z rows'!A28 -> Deferred Inflows of Resources (Note 29) | B25: =+'[1]Exhibit B-1 no Z rows'!B28 -> 9.8244004e+08 | C25: 0 | D25: 0 | E25: 0 | F25: 0 | G25: 0 | H25: 0 | I25: 0 | J25: 0 | K25: 0 | L25: 0 | M25: =+'[1]Exhibit B-1 no Z rows'!M28 -> 9.8244004e+08
A26: =+'[1]Exhibit B-1 no Z rows'!A29 -> Total Deferred Inflows | B26: =+'[1]Exhibit B-1 no Z rows'!B29 -> 9.8244004e+08 | C26: 0 | D26: 0 | E26: 0 | F26: 0 | G26: 0 | H26: 0 | I26: 0 | J26: 0 | K26: 0 | L26: 0 | M26: =+'[1]Exhibit B-1 no Z rows'!M29 -> 9.8244004e+08
A27: =+'[1]Exhibit B-1 no Z rows'!A31 -> FUND FINANCIAL STATEMENT – FUND BALANCES
A28: =+'[1]Exhibit B-1 no Z rows'!A32 -> Fund Balances (Deficits):
A29: =+'[1]Exhibit B-1 no Z rows'!A33 -> Restricted | B29: 0 | C29: 0 | D29: =+'[1]Exhibit B-1 no Z rows'!D33 -> 425164.17 | E29: 0 | F29: 0 | G29: =+'[1]Exhibit B-1 no Z rows'!G33 -> 2708369.6 | H29: 0 | I29: 0 | J29: 0 | K29: =+'[1]Exhibit B-1 no Z rows'!K33 -> 2094.38 | L29: =+'[1]Exhibit B-1 no Z rows'!L33 -> 12166803 | M29: =+'[1]Exhibit B-1 no Z rows'!M33 -> 15302432
A30: =+'[1]Exhibit B-1 no Z rows'!A34 -> Committed | B30: 0 | C30: 0 | D30: 0 | E30: 0 | F30: 0 | G30: 0 | H30: =+'[1]Exhibit B-1 no Z rows'!H34 -> 3750 | I30: =+'[1]Exhibit B-1 no Z rows'!I34 -> 6057770.8 | J30: 0 | K30: 0 | L30: 0 | M30: =+'[1]Exhibit B-1 no Z rows'!M34 -> 6061520.8
A31: =+'[1]Exhibit B-1 no Z rows'!A35 -> Total Fund Balances | B31: 0 | C31: 0 | D31: =+'[1]Exhibit B-1 no Z rows'!D35 -> 425164.17 | E31: 0 | F31: 0 | G31: =+'[1]Exhibit B-1 no Z rows'!G35 -> 2708369.6 | H31: =+'[1]Exhibit B-1 no Z rows'!H35 -> 3750 | I31: =+'[1]Exhibit B-1 no Z rows'!I35 -> 6057770.8 | J31: 0 | K31: =+'[1]Exhibit B-1 no Z rows'!K35 -> 2094.38 | L31: =+'[1]Exhibit B-1 no Z rows'!L35 -> 12166803 | M31: =+'[1]Exhibit B-1 no Z rows'!M35 -> 21363952
A32: =+'[1]Exhibit B-1 no Z rows'!A37 -> Total Liabilities, Deferred Inflows and Fund Balances | B32: =+'[1]Exhibit B-1 no Z rows'!B37 -> 9.8244004e+08 | C32: =+'[1]Exhibit B-1 no Z rows'!C37 -> 81168.23 | D32: =+'[1]Exhibit B-1 no Z rows'!D37 -> 425164.17 | E32: 0 | F32: 0 | G32: =+'[1]Exhibit B-1 no Z rows'!G37 -> 2708426.3 | H32: =+'[1]Exhibit B-1 no Z rows'!H37 -> 3750 | I32: =+'[1]Exhibit B-1 no Z rows'!I37 -> 6057770.8 | J32: 0 | K32: =+'[1]Exhibit B-1 no Z rows'!K37 -> 2094.38 | L32: =+'[1]Exhibit B-1 no Z rows'!L37 -> 12251128 | M32: =+'[1]Exhibit B-1 no Z rows'!M37 -> 1.0039695e+09
A33: Return to TOC
A34: End of Sheet

Sheet Exhibit B-2
A1: Comptroller – Fiscal (902) EXHIBIT B-2 Combining Statement of Revenues, Expenditures and Changes in Fund Balances – Special Revenue Funds For the Fiscal Year Ended August 31, 2025
A2: Financial Statement Line Items | B2: Unclaimed Property Securities Fund (0001) U/F (4113) | C2: State Highway Fund (0006) U/F (0006) | D2: Property Tax Relief Fund (0304) U/F (0304) | E2: Tax Reduction and Excellence in Education Fund (0305) U/F (0305) | F2: Judicial Fund (0573) U/F (0573, 5730) | G2: General Land Office County Right of Way Leases (0808) U/F (2521) | H2: Binding Arbitration Trust Fund (0838) U/F (8380) | I2: International Fuels Tax Agreement Trust Fund (0886) U/F (0886) | J2: Flood Area School and Road Trust Fund (0903) U/F (2903) | K2: Opioid Abatement Local Operating Trust Fund (1202) U/F (1202) | L2: Habitat Protection Fund (9999) U/F (2999) | M2: Total (Exhibit B-2) 2025
A3: =+'[1]Exhibit B-2 no Z rows'!A2 -> REVENUES
A4: =+'[1]Exhibit B-2 no Z rows'!A3 -> Taxes (GR) | B4: 0 | C4: 0 | D4: =+'[1]Exhibit B-2 no Z rows'!D3 -> 2.4809099e+09 | E4: =+'[1]Exhibit B-2 no Z rows'!E3 -> 2298421000 | F4: 0 | G4: 0 | H4: 0 | I4: 0 | J4: 0 | K4: 0 | L4: 0 | M4: =+'[1]Exhibit B-2 no Z rows'!M3 -> 4.7793309e+09
A5: =+'[1]Exhibit B-2 no Z rows'!A4 -> Interest and Other Investment Income (GR) | B5: 0 | C5: 0 | D5: =+'[1]Exhibit B-2 no Z rows'!D4 -> 4458859.2 | E5: 0 | F5: 0 | G5: 0 | H5: 0 | I5: =+'[1]Exhibit B-2 no Z rows'!I4 -> 153506.82 | J5: 0 | K5: =+'[1]Exhibit B-2 no Z rows'!K4 -> 87.86 | L5: =+'[1]Exhibit B-2 no Z rows'!L4 -> 567202.75 | M5: =+'[1]Exhibit B-2 no Z rows'!M4 -> 5179656.7
A6: =+'[1]Exhibit B-2 no Z rows'!A5 -> Other (GR) | B6: 0 | C6: 0 | D6: 0 | E6: 0 | F6: 0 | G6: 0 | H6: =+'[1]Exhibit B-2 no Z rows'!H5 -> 1596014 | I6: =+'[1]Exhibit B-2 no Z rows'!I5 -> 44622534 | J6: 0 | K6: 0 | L6: 0 | M6: =+'[1]Exhibit B-2 no Z rows'!M5 -> 46218548
A7: =+'[1]Exhibit B-2 no Z rows'!A6 -> Total Revenues | B7: 0 | C7: 0 | D7: =+'[1]Exhibit B-2 no Z rows'!D6 -> 2485368790 | E7: =+'[1]Exhibit B-2 no Z rows'!E6 -> 2298421000 | F7: 0 | G7: 0 | H7: =+'[1]Exhibit B-2 no Z rows'!H6 -> 1596014 | I7: =+'[1]Exhibit B-2 no Z rows'!I6 -> 44776041 | J7: 0 | K7: =+'[1]Exhibit B-2 no Z rows'!K6 -> 87.86 | L7: =+'[1]Exhibit B-2 no Z rows'!L6 -> 567202.75 | M7: =+'[1]Exhibit B-2 no Z rows'!M6 -> 4.8307291e+09
A8: =+'[1]Exhibit B-2 no Z rows'!A8 -> EXPENDITURES
A9: =+'[1]Exhibit B-2 no Z rows'!A9 -> Professional Fees and Services | B9: 0 | C9: 0 | D9: 0 | E9: 0 | F9: 0 | G9: 0 | H9: =+'[1]Exhibit B-2 no Z rows'!H9 -> 1614414 | I9: 0 | J9: 0 | K9: 0 | L9: 0 | M9: =+'[1]Exhibit B-2 no Z rows'!M9 -> 1614414
A10: =+'[1]Exhibit B-2 no Z rows'!A10 -> Claims and Judgments | B10: 0 | C10: =+'[1]Exhibit B-2 no Z rows'!C10 -> 81168.23 | D10: 0 | E10: 0 | F10: 0 | G10: 0 | H10: 0 | I10: 0 | J10: 0 | K10: 0 | L10: 0 | M10: =+'[1]Exhibit B-2 no Z rows'!M10 -> 81168.23
A11: =+'[1]Exhibit B-2 no Z rows'!A11 -> Intergovernmental Payments | B11: 0 | C11: 0 | D11: 0 | E11: 0 | F11: 0 | G11: =+'[1]Exhibit B-2 no Z rows'!G11 -> 6320074.4 | H11: 0 | I11: =+'[1]Exhibit B-2 no Z rows'!I11 -> 44550470 | J11: 0 | K11: 0 | L11: =+'[1]Exhibit B-2 no Z rows'!L11 -> 1501744.4 | M11: =+'[1]Exhibit B-2 no Z rows'!M11 -> 52372288
A12: =+'[1]Exhibit B-2 no Z rows'!A12 -> Other Expenditures | B12: 0 | C12: 0 | D12: 0 | E12: 0 | F12: 0 | G12: 0 | H12: 0 | I12: 0 | J12: 0 | K12: 0 | L12: =+'[1]Exhibit B-2 no Z rows'!L12 -> 5202.44 | M12: =+'[1]Exhibit B-2 no Z rows'!M12 -> 5202.44
A13: =+'[1]Exhibit B-2 no Z rows'!A13 -> Total Expenditures | B13: 0 | C13: =+'[1]Exhibit B-2 no Z rows'!C13 -> 81168.23 | D13: 0 | E13: 0 | F13: 0 | G13: =+'[1]Exhibit B-2 no Z rows'!G13 -> 6320074.4 | H13: =+'[1]Exhibit B-2 no Z rows'!H13 -> 1614414 | I13: =+'[1]Exhibit B-2 no Z rows'!I13 -> 44550470 | J13: 0 | K13: 0 | L13: =+'[1]Exhibit B-2 no Z rows'!L13 -> 1506946.8 | M13: =+'[1]Exhibit B-2 no Z rows'!M13 -> 54073073
A14: =+'[1]Exhibit B-2 no Z rows'!A15 -> Excess (Deficiency) of Revenues over Expenditures | B14: 0 | C14: =+'[1]Exhibit B-2 no Z rows'!C15 -> -81168.23 | D14: =+'[1]Exhibit B-2 no Z rows'!D15 -> 2485368790 | E14: =+'[1]Exhibit B-2 no Z rows'!E15 -> 2298421000 | F14: 0 | G14: =+'[1]Exhibit B-2 no Z rows'!G15 -> -6320074.4 | H14: =+'[1]Exhibit B-2 no Z rows'!H15 -> -18400 | I14: =+'[1]Exhibit B-2 no Z rows'!I15 -> 225571.33 | J14: 0 | K14: =+'[1]Exhibit B-2 no Z rows'!K15 -> 87.86 | L14: =+'[1]Exhibit B-2 no Z rows'!L15 -> -939744.09 | M14: =+'[1]Exhibit B-2 no Z rows'!M15 -> 4.7766561e+09
A15: =+'[1]Exhibit B-2 no Z rows'!A17 -> OTHER FINANCING SOURCES (USES)
A16: =+'[1]Exhibit B-2 no Z rows'!A18 -> Transfer In | B16: 0 | C16: =+'[1]Exhibit B-2 no Z rows'!C18 -> 81168.23 | D16: =+'[1]Exhibit B-2 no Z rows'!D18 -> 6147400000 | E16: 0 | F16: 0 | G16: =+'[1]Exhibit B-2 no Z rows'!G18 -> 5751714.7 | H16: 0 | I16: 0 | J16: 0 | K16: 0 | L16: 0 | M16: =+'[1]Exhibit B-2 no Z rows'!M18 -> 6.1532329e+09
A17: =+'[1]Exhibit B-2 no Z rows'!A19 -> Transfer Out | B17: 0 | C17: 0 | D17: =+'[1]Exhibit B-2 no Z rows'!D19 -> -8.6386625e+09 | E17: =+'[1]Exhibit B-2 no Z rows'!E19 -> -2298421000 | F17: 0 | G17: 0 | H17: 0 | I17: =+'[1]Exhibit B-2 no Z rows'!I19 -> -153506.82 | J17: 0 | K17: 0 | L17: 0 | M17: =+'[1]Exhibit B-2 no Z rows'!M19 -> -1.0937237e+10
A18: =+'[1]Exhibit B-2 no Z rows'!A20 -> Total Other Financing Sources (Uses) | B18: 0 | C18: =+'[1]Exhibit B-2 no Z rows'!C20 -> 81168.23 | D18: =+'[1]Exhibit B-2 no Z rows'!D20 -> -2.4912625e+09 | E18: =+'[1]Exhibit B-2 no Z rows'!E20 -> -2298421000 | F18: 0 | G18: =+'[1]Exhibit B-2 no Z rows'!G20 -> 5751714.7 | H18: 0 | I18: =+'[1]Exhibit B-2 no Z rows'!I20 -> -153506.82 | J18: 0 | K18: 0 | L18: 0 | M18: =+'[1]Exhibit B-2 no Z rows'!M20 -> -4.7840041e+09
A19: =+'[1]Exhibit B-2 no Z rows'!A22 -> Net Change in Fund Balances | B19: 0 | C19: 0 | D19: =+'[1]Exhibit B-2 no Z rows'!D22 -> -5893714.1 | E19: 0 | F19: 0 | G19: =+'[1]Exhibit B-2 no Z rows'!G22 -> -568359.65 | H19: =+'[1]Exhibit B-2 no Z rows'!H22 -> -18400 | I19: =+'[1]Exhibit B-2 no Z rows'!I22 -> 72064.51 | J19: 0 | K19: =+'[1]Exhibit B-2 no Z rows'!K22 -> 87.86 | L19: =+'[1]Exhibit B-2 no Z rows'!L22 -> -939744.09 | M19: =+'[1]Exhibit B-2 no Z rows'!M22 -> -7348065.5
A20: =+'[1]Exhibit B-2 no Z rows'!A24 -> FUND FINANCIAL STATEMENT – FUND BALANCES
A21: =+'[1]Exhibit B-2 no Z rows'!A25 -> Fund Balances, September 1, 2024 | B21: 0 | C21: 0 | D21: =+'[1]Exhibit B-2 no Z rows'!D25 -> 6318878.3 | E21: 0 | F21: 0 | G21: =+'[1]Exhibit B-2 no Z rows'!G25 -> 3276729.3 | H21: =+'[1]Exhibit B-2 no Z rows'!H25 -> 22150 | I21: =+'[1]Exhibit B-2 no Z rows'!I25 -> 5985706.3 | J21: 0 | K21: =+'[1]Exhibit B-2 no Z rows'!K25 -> 2006.52 | L21: =+'[1]Exhibit B-2 no Z rows'!L25 -> 13106548 | M21: =+'[1]Exhibit B-2 no Z rows'!M25 -> 28712018
A22: =+'[1]Exhibit B-2 no Z rows'!A27 -> Fund Balances, August 31, 2025 | B22: 0 | C22: 0 | D22: =+'[1]Exhibit B-2 no Z rows'!D27 -> 425164.17 | E22: 0 | F22: 0 | G22: =+'[1]Exhibit B-2 no Z rows'!G27 -> 2708369.6 | H22: =+'[1]Exhibit B-2 no Z rows'!H27 -> 3750 | I22: =+'[1]Exhibit B-2 no Z rows'!I27 -> 6057770.8 | J22: 0 | K22: =+'[1]Exhibit B-2 no Z rows'!K27 -> 2094.38 | L22: =+'[1]Exhibit B-2 no Z rows'!L27 -> 12166803 | M22: =+'[1]Exhibit B-2 no Z rows'!M27 -> 21363952
A23: Return to TOC
A24: End of Sheet

Sheet Exhibit C-1
A1: Comptroller – Fiscal (902) EXHIBIT C-1 Combining Balance Sheet – Permanent Funds August 31, 2025
A2: Financial Statement Line Items | B2: Supporting Graduate Education Fund (0179) U/F (1179) | C2: Military & Veterans Exemptions Fund (0210) U/F (0210,1210) | D2: Available Texas University Fund (0214) U/F(0214) | E2: Total (Exhibit C-1) 2025
A3: =+'[1]Exhibit C-1 no Z rows'!A2 -> ASSETS
A4: =+'[1]Exhibit C-1 no Z rows'!A3 -> Current Assets:
A5: =+'[1]Exhibit C-1 no Z rows'!A4 -> Cash and Cash Equivalents:
A6: =+'[1]Exhibit C-1 no Z rows'!A5 -> Cash in State Treasury | B6: 0 | C6: =+'[1]Exhibit C-1 no Z rows'!C5 -> 319277.76 | D6: =+'[1]Exhibit C-1 no Z rows'!D5 -> 1.6845448e+08 | E6: =+'[1]Exhibit C-1 no Z rows'!E5 -> 1.6877376e+08
A7: =+'[1]Exhibit C-1 no Z rows'!A6 -> Short Term Investments (Note 3) | B7: =+'[1]Exhibit C-1 no Z rows'!B6 -> 13060389 | C7: =+'[1]Exhibit C-1 no Z rows'!C6 -> 11069850 | D7: 0 | E7: =+'[1]Exhibit C-1 no Z rows'!E6 -> 24130239
A8: =+'[1]Exhibit C-1 no Z rows'!A7 -> Interest and Dividends | B8: =+'[1]Exhibit C-1 no Z rows'!B7 -> 147366.94 | C8: =+'[1]Exhibit C-1 no Z rows'!C7 -> 118569.49 | D8: =+'[1]Exhibit C-1 no Z rows'!D7 -> 1076.12 | E8: =+'[1]Exhibit C-1 no Z rows'!E7 -> 267012.55
A9: =+'[1]Exhibit C-1 no Z rows'!A8 -> Due From Other Agencies | B9: 0 | C9: 0 | D9: =+'[1]Exhibit C-1 no Z rows'!D8 -> 224337.3 | E9: =+'[1]Exhibit C-1 no Z rows'!E8 -> 224337.3
A10: =+'[1]Exhibit C-1 no Z rows'!A9 -> Total Current Assets | B10: =+'[1]Exhibit C-1 no Z rows'!B9 -> 13207755 | C10: =+'[1]Exhibit C-1 no Z rows'!C9 -> 11507698 | D10: =+'[1]Exhibit C-1 no Z rows'!D9 -> 1.686799e+08 | E10: =+'[1]Exhibit C-1 no Z rows'!E9 -> 1.9339535e+08
A11: =+'[1]Exhibit C-1 no Z rows'!A10 -> Non-Current Assets:
A12: =+'[1]Exhibit C-1 no Z rows'!A11 -> Investments (Note 3) | B12: =+'[1]Exhibit C-1 no Z rows'!B11 -> 4.6041506e+08 | C12: =+'[1]Exhibit C-1 no Z rows'!C11 -> 3.4209914e+08 | D12: 0 | E12: =+'[1]Exhibit C-1 no Z rows'!E11 -> 8.0251419e+08
A13: =+'[1]Exhibit C-1 no Z rows'!A12 -> Total Non-Current Assets | B13: =+'[1]Exhibit C-1 no Z rows'!B12 -> 4.6041506e+08 | C13: =+'[1]Exhibit C-1 no Z rows'!C12 -> 3.4209914e+08 | D13: 0 | E13: =+'[1]Exhibit C-1 no Z rows'!E12 -> 8.0251419e+08
A14: =+'[1]Exhibit C-1 no Z rows'!A13 -> Total Assets | B14: =+'[1]Exhibit C-1 no Z rows'!B13 -> 4.7362281e+08 | C14: =+'[1]Exhibit C-1 no Z rows'!C13 -> 3.5360683e+08 | D14: =+'[1]Exhibit C-1 no Z rows'!D13 -> 1.686799e+08 | E14: =+'[1]Exhibit C-1 no Z rows'!E13 -> 9.9590954e+08
A15: =+'[1]Exhibit C-1 no Z rows'!A16 -> Total Assets and Deferred Outflows of Resources | B15: =+'[1]Exhibit C-1 no Z rows'!B16 -> 4.7362281e+08 | C15: =+'[1]Exhibit C-1 no Z rows'!C16 -> 3.5360683e+08 | D15: =+'[1]Exhibit C-1 no Z rows'!D16 -> 1.686799e+08 | E15: =+'[1]Exhibit C-1 no Z rows'!E16 -> 9.9590954e+08
A16: =+'[1]Exhibit C-1 no Z rows'!A18 -> LIABILITIES AND FUND BALANCES
A17: =+'[1]Exhibit C-1 no Z rows'!A19 -> Liabilities:
A18: =+'[1]Exhibit C-1 no Z rows'!A20 -> Current Liabilities:
A19: =+'[1]Exhibit C-1 no Z rows'!A21 -> Payables From:
A20: =+'[1]Exhibit C-1 no Z rows'!A22 -> Accounts | B20: =+'[1]Exhibit C-1 no Z rows'!B22 -> 227191.88 | C20: =+'[1]Exhibit C-1 no Z rows'!C22 -> 154098.28 | D20: 0 | E20: =+'[1]Exhibit C-1 no Z rows'!E22 -> 381290.16
A21: =+'[1]Exhibit C-1 no Z rows'!A23 -> Interest | B21: =+'[1]Exhibit C-1 no Z rows'!B23 -> 120390.19 | C21: =+'[1]Exhibit C-1 no Z rows'!C23 -> 81657.49 | D21: 0 | E21: =+'[1]Exhibit C-1 no Z rows'!E23 -> 202047.68
A22: =+'[1]Exhibit C-1 no Z rows'!A24 -> Investment Trade Payable | B22: =+'[1]Exhibit C-1 no Z rows'!B24 -> 3720.31 | C22: =+'[1]Exhibit C-1 no Z rows'!C24 -> 2523.39 | D22: 0 | E22: =+'[1]Exhibit C-1 no Z rows'!E24 -> 6243.7
A23: =+'[1]Exhibit C-1 no Z rows'!A25 -> Due To Other Agencies | B23: 0 | C23: =+'[1]Exhibit C-1 no Z rows'!C25 -> 1465.93 | D23: =+'[1]Exhibit C-1 no Z rows'!D25 -> 2752539.7 | E23: =+'[1]Exhibit C-1 no Z rows'!E25 -> 2754005.6
A24: =+'[1]Exhibit C-1 no Z rows'!A26 -> Total Current Liabilities | B24: =+'[1]Exhibit C-1 no Z rows'!B26 -> 351302.38 | C24: =+'[1]Exhibit C-1 no Z rows'!C26 -> 239745.09 | D24: =+'[1]Exhibit C-1 no Z rows'!D26 -> 2752539.7 | E24: =+'[1]Exhibit C-1 no Z rows'!E26 -> 3343587.2
A25: =+'[1]Exhibit C-1 no Z rows'!A27 -> Total Liabilities | B25: =+'[1]Exhibit C-1 no Z rows'!B27 -> 351302.38 | C25: =+'[1]Exhibit C-1 no Z rows'!C27 -> 239745.09 | D25: =+'[1]Exhibit C-1 no Z rows'!D27 -> 2752539.7 | E25: =+'[1]Exhibit C-1 no Z rows'!E27 -> 3343587.2
A26: =+'[1]Exhibit C-1 no Z rows'!A30 -> FUND FINANCIAL STATEMENT – FUND BALANCES
A27: =+'[1]Exhibit C-1 no Z rows'!A31 -> Fund Balances (Deficits):
A28: =+'[1]Exhibit C-1 no Z rows'!A32 -> Nonspendable
A29: =+'[1]Exhibit C-1 no Z rows'!A33 -> Restricted | B29: =+'[1]Exhibit C-1 no Z rows'!B33 -> 4.7327151e+08 | C29: =+'[1]Exhibit C-1 no Z rows'!C33 -> 3.5336709e+08 | D29: =+'[1]Exhibit C-1 no Z rows'!D33 -> 1.6592736e+08 | E29: =+'[1]Exhibit C-1 no Z rows'!E33 -> 9.9256596e+08
A30: =+'[1]Exhibit C-1 no Z rows'!A34 -> Total Fund Balances | B30: =+'[1]Exhibit C-1 no Z rows'!B34 -> 4.7327151e+08 | C30: =+'[1]Exhibit C-1 no Z rows'!C34 -> 3.5336709e+08 | D30: =+'[1]Exhibit C-1 no Z rows'!D34 -> 1.6592736e+08 | E30: =+'[1]Exhibit C-1 no Z rows'!E34 -> 9.9256596e+08
A31: =+'[1]Exhibit C-1 no Z rows'!A36 -> Total Liabilities, Deferred Inflows and Fund Balances | B31: =+'[1]Exhibit C-1 no Z rows'!B36 -> 4.7362281e+08 | C31: =+'[1]Exhibit C-1 no Z rows'!C36 -> 3.5360683e+08 | D31: =+'[1]Exhibit C-1 no Z rows'!D36 -> 1.686799e+08 | E31: =+'[1]Exhibit C-1 no Z rows'!E36 -> 9.9590954e+08
A32: Return to TOC
A33: End of Sheet

Sheet Exhibit C-2
A1: Comptroller – Fiscal (902) EXHIBIT C-2 Combining Statement of Revenues, Expenditures, and Changes in Fund Balances – Permanent Funds. For the Fiscal Year Ended August 31, 2025
A2: Financial Statement Line Items | B2: Supporting Graduate Education Fund (0179) U/F (1179) | C2: Military & Veterans Exemptions Fund (0210) U/F (1210) | D2: Available Texas Universty Fund (0214) U/F(0214) | E2: Total (Exhibit C-2) 2025
A3: =+'[1]Exhibit C-2 no Z rows'!A2 -> REVENUES
A4: =+'[1]Exhibit C-2 no Z rows'!A3 -> Interest and Other Investment Income (GR) | B4: =+'[1]Exhibit C-2 no Z rows'!B3 -> 5735549.8 | C4: =+'[1]Exhibit C-2 no Z rows'!C3 -> 4789056.5 | D4: =+'[1]Exhibit C-2 no Z rows'!D3 -> -30384.85 | E4: =+'[1]Exhibit C-2 no Z rows'!E3 -> 10494221
A5: =+'[1]Exhibit C-2 no Z rows'!A4 -> Net Increase (Decrease) in Fair Value (GR) | B5: =+'[1]Exhibit C-2 no Z rows'!B4 -> 29211420 | C5: =+'[1]Exhibit C-2 no Z rows'!C4 -> 18961869 | D5: 0 | E5: =+'[1]Exhibit C-2 no Z rows'!E4 -> 48173288
A6: =+'[1]Exhibit C-2 no Z rows'!A5 -> Other (GR) | B6: 0 | C6: =+'[1]Exhibit C-2 no Z rows'!C5 -> 10767184 | D6: =+'[1]Exhibit C-2 no Z rows'!D5 -> 1.8331899e+08 | E6: =+'[1]Exhibit C-2 no Z rows'!E5 -> 1.9408618e+08
A7: =+'[1]Exhibit C-2 no Z rows'!A6 -> Total Revenues | B7: =+'[1]Exhibit C-2 no Z rows'!B6 -> 34946969 | C7: =+'[1]Exhibit C-2 no Z rows'!C6 -> 34518109 | D7: =+'[1]Exhibit C-2 no Z rows'!D6 -> 1.8328861e+08 | E7: =+'[1]Exhibit C-2 no Z rows'!E6 -> 2.5275369e+08
A8: =+'[1]Exhibit C-2 no Z rows'!A8 -> EXPENDITURES
A9: =+'[1]Exhibit C-2 no Z rows'!A9 -> Professional Fees and Services | B9: =+'[1]Exhibit C-2 no Z rows'!B9 -> 567864.77 | C9: =+'[1]Exhibit C-2 no Z rows'!C9 -> 421170.56 | D9: 0 | E9: =+'[1]Exhibit C-2 no Z rows'!E9 -> 989035.33
A10: =+'[1]Exhibit C-2 no Z rows'!A10 -> Intergovernmental Payments | B10: 0 | C10: =+'[1]Exhibit C-2 no Z rows'!C10 -> 640855 | D10: 0 | E10: =+'[1]Exhibit C-2 no Z rows'!E10 -> 640855
A11: =+'[1]Exhibit C-2 no Z rows'!A11 -> Total Expenditures | B11: =+'[1]Exhibit C-2 no Z rows'!B11 -> 567864.77 | C11: =+'[1]Exhibit C-2 no Z rows'!C11 -> 1062025.6 | D11: 0 | E11: =+'[1]Exhibit C-2 no Z rows'!E11 -> 1629890.3
A12: =+'[1]Exhibit C-2 no Z rows'!A13 -> Excess (Deficiency) of Revenues over Expenditures | B12: =+'[1]Exhibit C-2 no Z rows'!B13 -> 34379105 | C12: =+'[1]Exhibit C-2 no Z rows'!C13 -> 33456083 | D12: =+'[1]Exhibit C-2 no Z rows'!D13 -> 1.8328861e+08 | E12: =+'[1]Exhibit C-2 no Z rows'!E13 -> 2.511238e+08
A13: =+'[1]Exhibit C-2 no Z rows'!A15 -> OTHER FINANCING SOURCES (USES)
A14: =+'[1]Exhibit C-2 no Z rows'!A16 -> Transfer In | B14: 0 | C14: =+'[1]Exhibit C-2 no Z rows'!C16 -> 143882.97 | D14: =+'[1]Exhibit C-2 no Z rows'!D16 -> 1.5171364e+08 | E14: =+'[1]Exhibit C-2 no Z rows'!E16 -> 1.5185752e+08
A15: =+'[1]Exhibit C-2 no Z rows'!A17 -> Transfer Out | B15: 0 | C15: =+'[1]Exhibit C-2 no Z rows'!C17 -> -11393103 | D15: =+'[1]Exhibit C-2 no Z rows'!D17 -> -1.9969143e+08 | E15: =+'[1]Exhibit C-2 no Z rows'!E17 -> -2.1108453e+08
A16: =+'[1]Exhibit C-2 no Z rows'!A18 -> Contributions to permanent foundation principal | B16: =+'[1]Exhibit C-2 no Z rows'!B18 -> -14442612 | C16: =+'[1]Exhibit C-2 no Z rows'!C18 -> -10767184 | D16: 0 | E16: =+'[1]Exhibit C-2 no Z rows'!E18 -> -25209796
A17: =+'[1]Exhibit C-2 no Z rows'!A19 -> Total Other Financing Sources (Uses) | B17: =+'[1]Exhibit C-2 no Z rows'!B19 -> -14442612 | C17: =+'[1]Exhibit C-2 no Z rows'!C19 -> -22016404 | D17: =+'[1]Exhibit C-2 no Z rows'!D19 -> -47977789 | E17: =+'[1]Exhibit C-2 no Z rows'!E19 -> -84436804
A18: =+'[1]Exhibit C-2 no Z rows'!A21 -> Net Change in Fund Balances | B18: =+'[1]Exhibit C-2 no Z rows'!B21 -> 19936493 | C18: =+'[1]Exhibit C-2 no Z rows'!C21 -> 11439680 | D18: =+'[1]Exhibit C-2 no Z rows'!D21 -> 1.3531082e+08 | E18: =+'[1]Exhibit C-2 no Z rows'!E21 -> 1.6668699e+08
A19: =+'[1]Exhibit C-2 no Z rows'!A23 -> FUND FINANCIAL STATEMENT – FUND BALANCES
A20: =+'[1]Exhibit C-2 no Z rows'!A24 -> Fund Balances, September 1, 2024 | B20: =+'[1]Exhibit C-2 no Z rows'!B24 -> 4.5333502e+08 | C20: =+'[1]Exhibit C-2 no Z rows'!C24 -> 3.4192741e+08 | D20: =+'[1]Exhibit C-2 no Z rows'!D24 -> 30616539 | E20: =+'[1]Exhibit C-2 no Z rows'!E24 -> 8.2587896e+08
A21: =+'[1]Exhibit C-2 no Z rows'!A26 -> Fund Balances, August 31, 2025 | B21: =+'[1]Exhibit C-2 no Z rows'!B26 -> 4.7327151e+08 | C21: =+'[1]Exhibit C-2 no Z rows'!C26 -> 3.5336709e+08 | D21: =+'[1]Exhibit C-2 no Z rows'!D26 -> 1.6592736e+08 | E21: =+'[1]Exhibit C-2 no Z rows'!E26 -> 9.9256596e+08
A22: Return to TOC
A23: End of Sheet

Sheet Exhibit I-1
A1: Comptroller – Fiscal (902) EXHIBIT I-1 Combining Statement of Fiduciary Net Position –Private-Purpose Trust Funds August 31, 2025
A2: Financial Statement Line Items | B2: Private Purpose Tobacco Settlement Political Subdivision Trust (0872) U/F (2872) | C2: Federal Resource Receipt Distribution Fund (0521) U/F (0521) | D2: Private Purpose Flood Area School and Road Trust Fund (0903) U/F (0903) | E2: Total (Exhibit I-1) 2025
A3: =+'Exhibit I-1 no Z rows'!A2 -> ASSETS
A4: =+'Exhibit I-1 no Z rows'!A3 -> Cash and Cash Equivalents | B4: 0 | C4: =+'Exhibit I-1 no Z rows'!C3 -> 32579.81 | D4: =+'Exhibit I-1 no Z rows'!D3 -> 3459674.7 | E4: =+'Exhibit I-1 no Z rows'!E3 -> 3492254.5
A5: =+'Exhibit I-1 no Z rows'!A4 -> Receivables:
A6: =+'Exhibit I-1 no Z rows'!A5 -> Federal | B6: 0 | C6: 0 | D6: =+'Exhibit I-1 no Z rows'!D5 -> 2832867.8 | E6: =+'Exhibit I-1 no Z rows'!E5 -> 2832867.8
A7: =+'Exhibit I-1 no Z rows'!A6 -> Interest and Dividends | B7: 0 | C7: 0 | D7: =+'Exhibit I-1 no Z rows'!D6 -> 12485.85 | E7: =+'Exhibit I-1 no Z rows'!E6 -> 12485.85
A8: =+'Exhibit I-1 no Z rows'!A7 -> Total Assets | B8: 0 | C8: =+'Exhibit I-1 no Z rows'!C7 -> 32579.81 | D8: =+'Exhibit I-1 no Z rows'!D7 -> 6305028.3 | E8: =+'Exhibit I-1 no Z rows'!E7 -> 6337608.1
A9: Liabilities
A10: Accounts Payable | B10: 0 | C10: 0 | D10: 0 | E10: 0
A11: Total Liabilities | B11: 0 | C11: 0 | D11: 0 | E11: 0
A12: =+'Exhibit I-1 no Z rows'!A8 -> NET POSITION
A13: =+'Exhibit I-1 no Z rows'!A9 -> Fiduciary NP Other Purposes | B13: 0 | C13: =+'Exhibit I-1 no Z rows'!C9 -> 32579.81 | D13: =+'Exhibit I-1 no Z rows'!D9 -> 6305028.3 | E13: =+'Exhibit I-1 no Z rows'!E9 -> 6337608.1
A14: =+'Exhibit I-1 no Z rows'!A10 -> Total Net Position | B14: 0 | C14: =+'Exhibit I-1 no Z rows'!C10 -> 32579.81 | D14: =+'Exhibit I-1 no Z rows'!D10 -> 6305028.3 | E14: =+'Exhibit I-1 no Z rows'!E10 -> 6337608.1
A15: =+'Exhibit I-1 no Z rows'!A11 -> * USAS D24 GAAP fund is noted as (XXXX) ** USAS D23 fund is noted as U/F (XXXX)
A16: Return to TOC
A17: End of Sheet

Sheet Exhibit I-2
A1: Comptroller – Fiscal (902) EXHIBIT I-2 Combining Statement of Changes in Fiduciary Net Position –Private-Purpose Trust Funds For the Fiscal Year Ended August 31, 2025
A2: Financial Statement Line Items | B2: Private Purpose Tobacco Settlement Political Subdivision Trust (0872) U/F (2872) | C2: Federal Resource Receipt Distribution Fund (0521) U/F (0521) | D2: Private Purpose Flood Area School and Road Trust Fund (0903) U/F (0903) | E2: Total (Exhibit I-2) 2025
A3: =+'[1]Exhibit I-2 no Z rows'!A2 -> ADDITIONS
A4: =+'[1]Exhibit I-2 no Z rows'!A3 -> Contributions:
A5: =+'[1]Exhibit I-2 no Z rows'!A4 -> Federal Contributions | B5: 0 | C5: 0 | D5: =+'[1]Exhibit I-2 no Z rows'!D4 -> 3685942 | E5: =+'[1]Exhibit I-2 no Z rows'!E4 -> 3685942
A6: =+'[1]Exhibit I-2 no Z rows'!A5 -> Total Contributions | B6: 0 | C6: 0 | D6: =+'[1]Exhibit I-2 no Z rows'!D5 -> 3685942 | E6: =+'[1]Exhibit I-2 no Z rows'!E5 -> 3685942
A7: =+'[1]Exhibit I-2 no Z rows'!A6 -> Investment Income:
A8: =+'[1]Exhibit I-2 no Z rows'!A7 -> From Investing Activities:
A9: =+'[1]Exhibit I-2 no Z rows'!A8 -> Interest, Dividend and Other | B9: 0 | C9: 0 | D9: =+'[1]Exhibit I-2 no Z rows'!D8 -> 154877.66 | E9: =+'[1]Exhibit I-2 no Z rows'!E8 -> 154877.66
A10: =+'[1]Exhibit I-2 no Z rows'!A9 -> Total Investing Income (Loss) | B10: 0 | C10: 0 | D10: =+'[1]Exhibit I-2 no Z rows'!D9 -> 154877.66 | E10: =+'[1]Exhibit I-2 no Z rows'!E9 -> 154877.66
A11: =+'[1]Exhibit I-2 no Z rows'!A10 -> Net Income from Investing Activities | B11: 0 | C11: 0 | D11: =+'[1]Exhibit I-2 no Z rows'!D10 -> 154877.66 | E11: =+'[1]Exhibit I-2 no Z rows'!E10 -> 154877.66
A12: =+'[1]Exhibit I-2 no Z rows'!A11 -> Total Net Investment Income (Loss) | B12: 0 | C12: 0 | D12: =+'[1]Exhibit I-2 no Z rows'!D11 -> 154877.66 | E12: =+'[1]Exhibit I-2 no Z rows'!E11 -> 3995697.4
A13: =+'[1]Exhibit I-2 no Z rows'!A12 -> Other Additions:
A14: =+'[1]Exhibit I-2 no Z rows'!A13 -> Transfer In | B14: =+'[1]Exhibit I-2 no Z rows'!B13 -> 109001180 | C14: 0 | D14: 0 | E14: =+'[1]Exhibit I-2 no Z rows'!E13 -> 109001180
A15: =+'[1]Exhibit I-2 no Z rows'!A14 -> Total Other Additions | B15: =+'[1]Exhibit I-2 no Z rows'!B14 -> 109001180 | C15: 0 | D15: 0 | E15: =+'[1]Exhibit I-2 no Z rows'!E14 -> 109001180
A16: =+'[1]Exhibit I-2 no Z rows'!A15 -> Total Additions | B16: =+'[1]Exhibit I-2 no Z rows'!B15 -> 109001180 | C16: 0 | D16: =+'[1]Exhibit I-2 no Z rows'!D15 -> 3840819.7 | E16: =+'[1]Exhibit I-2 no Z rows'!E15 -> 1.1299688e+08
A17: =+'[1]Exhibit I-2 no Z rows'!A16 -> DEDUCTIONS
A18: =+'[1]Exhibit I-2 no Z rows'!A17 -> Intergovernmental Payments | B18: =+'[1]Exhibit I-2 no Z rows'!B17 -> 109001180 | C18: 0 | D18: =+'[1]Exhibit I-2 no Z rows'!D17 -> 4908769.4 | E18: =+'[1]Exhibit I-2 no Z rows'!E17 -> 1.1390995e+08
A19: =+'[1]Exhibit I-2 no Z rows'!A18 -> Total Deductions | B19: =+'[1]Exhibit I-2 no Z rows'!B18 -> 109001180 | C19: 0 | D19: =+'[1]Exhibit I-2 no Z rows'!D18 -> 4908769.4 | E19: =+'[1]Exhibit I-2 no Z rows'!E18 -> 1.1390995e+08
A20: =+'[1]Exhibit I-2 no Z rows'!A19 -> INCREASE (DECREASE) IN NET POSITION | B20: 0 | C20: 0 | D20: =+'[1]Exhibit I-2 no Z rows'!D19 -> -1067949.6 | E20: =+'[1]Exhibit I-2 no Z rows'!E19 -> -1067949.6
A21: =+'[1]Exhibit I-2 no Z rows'!A20 -> NET POSITION
A22: =+'[1]Exhibit I-2 no Z rows'!A21 -> Net Position, September 1, 2024 | B22: 0 | C22: =+'[1]Exhibit I-2 no Z rows'!C21 -> 32579.81 | D22: =+'[1]Exhibit I-2 no Z rows'!D21 -> 7372978 | E22: =+'[1]Exhibit I-2 no Z rows'!E21 -> 7405557.8
A23: =+'[1]Exhibit I-2 no Z rows'!A22 -> Net Position, August 31, 2025 | B23: 0 | C23: =+'[1]Exhibit I-2 no Z rows'!C22 -> 32579.81 | D23: =+'[1]Exhibit I-2 no Z rows'!D22 -> 6305028.3 | E23: =+'[1]Exhibit I-2 no Z rows'!E22 -> 6337608.1
A24: =+'[1]Exhibit I-2 no Z rows'!A23 -> * USAS D24 GAAP fund is noted as (XXXX) ** USAS D23 fund is noted as U/F (XXXX)
A25: Return to TOC
A26: End of Sheet

Sheet Exhibit J-1
A1: Comptroller – Fiscal (902) EXHIBIT J-1 Combining Statement of Fiduciary Net Position - Custodial Funds August 31, 2025
A2: Financial Statement Line Items | B2: Economic Development Custodial Funds (3425) U/F (0874, 1874, 2874, 3874, 4874, 5874, 0882) | C2: Total (Exhibit J-1)
A3: =+'[1]Exhibit J-1 no Z rows'!A2 -> ASSETS
A4: =+'[1]Exhibit J-1 no Z rows'!A3 -> Cash and Cash Equivalents:
A5: =+'[1]Exhibit J-1 no Z rows'!A4 -> Cash in State Treasury | B5: =+'[1]Exhibit J-1 no Z rows'!B4 -> 1.7965965e+09 | C5: =+'[1]Exhibit J-1 no Z rows'!C4 -> 1.7965965e+09
A6: =+'[1]Exhibit J-1 no Z rows'!A5 -> Total Assets | B6: =+'[1]Exhibit J-1 no Z rows'!B5 -> 1.7965965e+09 | C6: =+'[1]Exhibit J-1 no Z rows'!C5 -> 1.7965965e+09
A7: =+'[1]Exhibit J-1 no Z rows'!A6 -> NET POSITION
A8: =+'[1]Exhibit J-1 no Z rows'!A7 -> Fiduciary NP Other Purposes | B8: =+'[1]Exhibit J-1 no Z rows'!B7 -> 1.7965965e+09 | C8: =+'[1]Exhibit J-1 no Z rows'!C7 -> 1.7965965e+09
A9: =+'[1]Exhibit J-1 no Z rows'!A8 -> Total Net Position | B9: =+'[1]Exhibit J-1 no Z rows'!B8 -> 1.7965965e+09 | C9: =+'[1]Exhibit J-1 no Z rows'!C8 -> 1.7965965e+09
A10: =+'[1]Exhibit J-1 no Z rows'!A9 -> * USAS D24 GAAP fund is noted as (XXXX) ** USAS D23 fund is noted as U/F (XXXX)
A11: Return to TOC
A12: End of Sheet

Sheet Exhibit J-2
A1: Comptroller – Fiscal (902) EXHIBIT J-2 Combining Statement of Changes in Fiduciary Net Position -Custodial Funds For the Fiscal Year Ended August 31, 2025
A2: Financial Statement Line Items | B2: Economic Development Custodial Funds (3425) U/F (0874, 1874, 2874, 3874, 4874, 5874, 0882) | C2: Total (Exhibit J-2)
A3: =+'[1]Exhibit J-2 no Z rows'!A2 -> ADDITIONS
A4: =+'[1]Exhibit J-2 no Z rows'!A3 -> Investment Income:
A5: =+'[1]Exhibit J-2 no Z rows'!A4 -> From Investing Activities:
A6: =+'[1]Exhibit J-2 no Z rows'!A5 -> Interest, Dividend and Other | B6: =+'[1]Exhibit J-2 no Z rows'!B5 -> 11364029 | C6: =+'[1]Exhibit J-2 no Z rows'!C5 -> 11364029
A7: =+'[1]Exhibit J-2 no Z rows'!A6 -> Total Investing Income (Loss) | B7: =+'[1]Exhibit J-2 no Z rows'!B6 -> 11364029 | C7: =+'[1]Exhibit J-2 no Z rows'!C6 -> 11364029
A8: =+'[1]Exhibit J-2 no Z rows'!A7 -> Net Income from Investing Activities | B8: =+'[1]Exhibit J-2 no Z rows'!B7 -> 11364029 | C8: =+'[1]Exhibit J-2 no Z rows'!C7 -> 11364029
A9: =+'[1]Exhibit J-2 no Z rows'!A8 -> Total Net Investment Income (Loss) | B9: =+'[1]Exhibit J-2 no Z rows'!B8 -> 11364029 | C9: =+'[1]Exhibit J-2 no Z rows'!C8 -> 11364029
A10: =+'[1]Exhibit J-2 no Z rows'!A9 -> Other Additions:
A11: =+'[1]Exhibit J-2 no Z rows'!A10 -> Other Revenue | B11: =+'[1]Exhibit J-2 no Z rows'!B10 -> 1.4298696e+10 | C11: =+'[1]Exhibit J-2 no Z rows'!C10 -> 1.4298696e+10
A12: =+'[1]Exhibit J-2 no Z rows'!A11 -> Total Other Additions | B12: =+'[1]Exhibit J-2 no Z rows'!B11 -> 1.4298696e+10 | C12: =+'[1]Exhibit J-2 no Z rows'!C11 -> 1.4298696e+10
A13: =+'[1]Exhibit J-2 no Z rows'!A12 -> Total Additions | B13: =+'[1]Exhibit J-2 no Z rows'!B12 -> 1.431006e+10 | C13: =+'[1]Exhibit J-2 no Z rows'!C12 -> 1.431006e+10
A14: =+'[1]Exhibit J-2 no Z rows'!A13 -> DEDUCTIONS
A15: =+'[1]Exhibit J-2 no Z rows'!A14 -> Interest Expense | B15: =+'[1]Exhibit J-2 no Z rows'!B14 -> 11071771 | C15: =+'[1]Exhibit J-2 no Z rows'!C14 -> 11071771
A16: =+'[1]Exhibit J-2 no Z rows'!A15 -> Intergovernmental Payments | B16: =+'[1]Exhibit J-2 no Z rows'!B15 -> 1.4219961e+10 | C16: =+'[1]Exhibit J-2 no Z rows'!C15 -> 1.4219961e+10
A17: =+'[1]Exhibit J-2 no Z rows'!A16 -> Total Deductions | B17: =+'[1]Exhibit J-2 no Z rows'!B16 -> 1.4231033e+10 | C17: =+'[1]Exhibit J-2 no Z rows'!C16 -> 1.4231033e+10
A18: =+'[1]Exhibit J-2 no Z rows'!A17 -> INCREASE (DECREASE) IN NET POSITION | B18: =+'[1]Exhibit J-2 no Z rows'!B17 -> 79027441 | C18: =+'[1]Exhibit J-2 no Z rows'!C17 -> 79027441
A19: =+'[1]Exhibit J-2 no Z rows'!A18 -> NET POSITION
A20: =+'[1]Exhibit J-2 no Z rows'!A19 -> Net Position, September 1, 2024 | B20: =+'[1]Exhibit J-2 no Z rows'!B19 -> 1.717569e+09 | C20: =+'[1]Exhibit J-2 no Z rows'!C19 -> 1.717569e+09
A21: =+'[1]Exhibit J-2 no Z rows'!A20 -> Net Position, August 31, 2025 | B21: =+'[1]Exhibit J-2 no Z rows'!B20 -> 1.7965965e+09 | C21: =+'[1]Exhibit J-2 no Z rows'!C20 -> 1.7965965e+09
A22: =+'[1]Exhibit J-2 no Z rows'!A21 -> * USAS D24 GAAP fund is noted as (XXXX) ** USAS D23 fund is noted as U/F (XXXX)
A23: Return to TOC
A24: End of Sheet

Sheet Schedule 1-A
A1: Comptroller – Fiscal (902) SCHEDULE 1A Schedule of Federal Financial Assistance For the Fiscal Year Ended August 31, 2025
A2: Federal Grantor/Pass Through Grantor/Program Title | B2: ALN Number | C2: Pass-Through From State Agy.Or Univ.Amount | D2: Pass-Through From Non-State Entities Amount | E2: Direct Program Amount | F2: Through & Direct Program | G2: Pass-Through From State Agy. Or Univ. Amount | H2: Pass-Through From Non-State Entities Amount | I2: Expenditures Amount | J2: Total Pass-Through & Expenditures
A3: U.S. Department of Defense Payments
A4: to States in Lieu of Real Estate Taxes | B4: 12.112 | C4: 0 | D4: 0 | E4: 4908769.4 | F4: 4908769.4 | G4: 0 | H4: 0 | I4: 4908769.4 | J4: 4908769.4
A5: Total U.S. Dept of Defense | C5: 0 | D5: 0 | E5: 4908769.4 | F5: 4908769.4 | G5: 0 | H5: 0 | I5: 4908769.4 | J5: 4908769.4
A6: Total Federal Financial Assistance | C6: 0 | D6: 0 | E6: 4908769.4 | F6: 4908769.4 | G6: 0 | H6: 0 | I6: 4908769.4 | J6: 4908769.4
A7: NOTE 2 – RECONCILIATION
A8: Per Combined Balance Sheet –
A9: Governmental Funds (Exh II):
A10: Federal Revenues | C10: 0 | D10: 0 | E10: 0 | F10: 0 | G10: 0 | H10: 0 | I10: 0 | J10: 0
A11: Pass-Through Revenues | C11: 0 | D11: 0 | E11: 0 | F11: 0 | G11: 0 | H11: 0 | I11: 0 | J11: 0
A12: Per Combined Statement of Changes | C12: 0 | D12: 0 | E12: 0 | F12: 0 | G12: 0 | H12: 0 | I12: 0 | J12: 0
A13: in Fiduciary Net Assets - Fiduciary | C13: 0 | D13: 0 | E13: 0 | F13: 0 | G13: 0 | H13: 0 | I13: 0 | J13: 0
A14: Funds – (Exh VII): | C14: 0 | D14: 0 | E14: 0 | F14: 0 | G14: 0 | H14: 0 | I14: 0 | J14: 0
A15: Federal Revenues | C15: 4908769.4 | D15: 0 | E15: 0 | F15: 0 | G15: 0 | H15: 0 | I15: 0 | J15: 0
A16: Reconciling Items | C16: 0 | D16: 0 | E16: 0 | F16: 0 | G16: 0 | H16: 0 | I16: 0 | J16: 0
A17: Total Pass-Through and Expenditures | D17: 0 | E17: 0 | F17: 0 | G17: 0 | H17: 0 | I17: 0 | J17: 0
A18: Per Federal Schedule | C18: 4908769.4 | D18: 0 | E18: 0 | F18: 0 | G18: 0 | H18: 0 | I18: 0 | J18: 0
A19: Return to TOC
A20: End of Sheet

Sheet Schedule 4
A1: Comptroller – Fiscal (902) SCHEDULE 4 Schedule of Modified to Full Accrual Adjustments - Governmental Balance Sheet/Statement of Net Position - Governmental August 31, 2025
A2: Account Title | B2: Governmental Funds Total | C2: Capital Assets Adjustments | D2: Long-Term Liabilities Adjustments | E2: Other Adjustments | F2: Statement of Net Assets
A3: ASSETS
A4: Current Assets:
A5: Cash and Cash Equivalents:
A6: Cash in State Treasury | B6: 3.4910884e+10 | C6: 0 | D6: 0 | E6: 0 | F6: 3.4910884e+10
A7: Cash in Bank (Note 3) | B7: 18689014 | C7: 0 | D7: 0 | E7: 0 | F7: 18689014
A8: Legislative Appropriations | B8: -2.3370899e+08 | C8: 0 | D8: 0 | E8: 0 | F8: -2.3370899e+08
A9: Short Term Investments (Note 3) | B9: 2.6458354e+08 | C9: 0 | D9: 0 | E9: 0 | F9: 2.6458354e+08
A10: Receivables:
A11: Accounts | B11: 2.8546667e+08 | C11: 0 | D11: 0 | E11: 0 | F11: 2.8546667e+08
A12: Investment Trades | B12: 17281151 | C12: 0 | D12: 0 | E12: 0 | F12: 17281151
A13: Interest and Dividends | B13: 55796424 | C13: 0 | D13: 0 | E13: 0 | F13: 55796424
A14: Taxes (Note 27) | B14: 5.5073257e+09 | C14: 0 | D14: 0 | E14: 0 | F14: 5.5073257e+09
A15: Due From Other Agencies | B15: 2.1157521e+09 | C15: 0 | D15: 0 | E15: 0 | F15: 2.1157521e+09
A16: Interfund Receivable | B16: 0 | C16: 0 | D16: 0 | E16: 0 | F16: 0
A17: Other Current Assets | B17: 0 | C17: 0 | D17: 0 | E17: 0 | F17: 0
A18: Total Current Assets | B18: 4.2942069e+10 | C18: 0 | D18: 0 | E18: 0 | F18: 4.2942069e+10
A19: Non-Current Assets:
A20: Taxes Receivable (Note 27)
A21: Investments (Note 3) | B21: 2.2952289e+10 | C21: 0 | D21: 0 | E21: 0 | F21: 2.2952289e+10
A22: Capital Assets:
A23: Depreciable
A24: Furniture and Equipment | B24: 0 | C24: 276704.43 | D24: 0 | E24: 0 | F24: 276704.43
A25: Accumulated Depreciation | B25: 0 | C25: -276704.43 | D25: 0 | E25: 0 | F25: -276704.43
A26: Computer Software | B26: 0 | C26: 3207683.9 | D26: 0 | E26: 0 | F26: 3207683.9
A27: Accumulated Amortization | B27: 0 | C27: -3207683.9 | D27: 0 | E27: 0 | F27: -3207683.9
A28: Total Non-Current Assets | B28: 2.2952289e+10 | C28: 0 | D28: 0 | E28: 0 | F28: 2.2952289e+10
A29: Total Assets | B29: 6.5894359e+10 | C29: 0 | D29: 0 | E29: 0 | F29: 6.5894359e+10
A30: LIABILITIES AND FUND BALANCES
A31: Liabilities:
A32: Current Liabilities:
A33: Payables From:
A34: Accounts | B34: 21299138 | C34: 0 | D34: 0 | E34: 0 | F34: 21299138
A35: Interest | B35: 202047.68 | C35: 0 | D35: 0 | E35: 0 | F35: 202047.68
A36: Federal
A37: Interfund Payable | B37: 3942733 | C37: 0 | D37: 0 | E37: 0 | F37: 3942733
A38: Investment Trade | B38: 31929376 | C38: 0 | D38: 0 | E38: 0 | F38: 31929376
A39: Hedging Derivative Investment Liability
A40: Other Intergovernmental | B40: 27318651 | C40: 0 | D40: 0 | E40: 0 | F40: 27318651
A41: Unclaimed Property Claimaint Liabilites
A42: Taxes Refund Payable | B42: 3.5608978e+08 | C42: 0 | D42: 0 | E42: 0 | F42: 3.5608978e+08
A43: Other | B43: 3.3401025e+08 | C43: 0 | D43: 0 | E43: 0 | F43: 3.3401025e+08
A44: Due To Other Agencies | B44: 5.0024055e+09 | C44: 0 | D44: 0 | E44: 0 | F44: 5.0024055e+09
A45: Unearned Revenues | B45: 4.3241054e+08 | C45: 0 | D45: 0 | E45: -4.1199094e+08 | F45: 20419600
A46: Employee's Compensable Leave (Note 5) | B46: 0 | C46: 0 | D46: 0 | E46: 0 | F46: 0
A47: Other Current Liabilities | B47: 0 | C47: 0 | D47: 0 | E47: 0 | F47: 0
A48: Total Current Liabilities | B48: 6.209608e+09 | C48: 0 | D48: 0 | E48: -4.1199094e+08 | F48: 5.7976171e+09
A49: Total Liabilities | B49: 6.209608e+09 | C49: 0 | D49: 0 | E49: -4.1199094e+08 | F49: 5.7976171e+09
A50: DEFERRED INFLOWS
A51: Deferred Inflows of Resources (Note 29) | B51: 9.8244004e+08 | C51: 0 | D51: 0 | E51: 0 | F51: 9.8244004e+08
A52: Total Deferred Inflows | B52: 9.8244004e+08 | C52: 0 | D52: 0 | E52: 0 | F52: 9.8244004e+08
A53: FUND FINANCIAL STATEMENT – FUND BALANCES
A54: Fund Balances (Deficits):
A55: Nonspendable for Prepaid Items
A56: Nonspendable for LT Taxes Receivable
A57: Restricted | B57: 1.9575783e+09 | C57: 0 | D57: 0 | E57: 0 | F57: 0
A58: Committed | B58: 1.2572942e+08 | C58: 0 | D58: 0 | E58: 0 | F58: 0
A59: Assigned | B59: 0 | C59: 0 | D59: 0 | E59: 0 | F59: 0
A60: Unassigned | B60: 5.6619003e+10 | C60: 0 | D60: 0 | E60: 0 | F60: 0
A61: Total Fund Balances | B61: 5.870231e+10 | C61: 0 | D61: 0 | E61: 0 | F61: 0
A62: Total Liabilities and Fund Balances | B62: 6.5894359e+10 | C62: 0 | D62: 0 | E62: 0 | F62: 0
A63: GOVERNMENT-WIDE STATEMENT– NET POSITION
A64: Net Position:
A65: Net Investments in Capital Assets
A66: Unrestricted | B66: 5.870231e+10 | C66: 0 | D66: 0 | E66: 4.1199094e+08 | F66: 5.9114301e+10
A67: Total Net Position | B67: 5.870231e+10 | C67: 0 | D67: 0 | E67: 4.1199094e+08 | F67: 5.9114301e+10
A68: Return to TOC
A69: End of Sheet

Sheet Schedule 4 concluded
A1: Comptroller – Fiscal (902) SCHEDULE 4 Schedule of Modified to Full Accrual Adjustments - Governmental Balance Sheet/Statement of Net Position - Governmental August 31, 2025
A2: Account Title | B2: Governmental Funds Total | C2: Capital Assets Adjustments | D2: Long-Term Liabilities Adjustments | E2: Other Adjustments | F2: Statement of Net Assets
A3: REVENUES
A4: Taxes | B4: 7.93073e+10 | C4: 0 | D4: 0 | E4: -1.009633e+09 | F4: 7.8297667e+10
A5: Federal Revenues
A6: Federal Pass-Through | B6: 0 | C6: 0 | D6: 0 | E6: 0 | F6: 0
A7: State Grant Pass-Through Revenue | B7: 0 | C7: 0 | D7: 0 | E7: 0 | F7: 0
A8: Licenses, Fees & Permits | B8: 1.5796935e+09 | C8: 0 | D8: 0 | E8: 0 | F8: 1.5796935e+09
A9: Interest and Other Investment Income | B9: 2.2513944e+09 | C9: 0 | D9: 0 | E9: 0 | F9: 2.2513944e+09
A10: Net Increase (Decrease) in Fair Value (GR) | B10: 7.1276449e+08 | C10: 0 | D10: 0 | E10: 0 | F10: 7.1276449e+08
A11: Land Income | B11: 4974757.5 | C11: 0 | D11: 0 | E11: 0 | F11: 4974757.5
A12: Settlement of Claims | B12: 8.0384368e+08 | C12: 0 | D12: 0 | E12: 38568558 | F12: 8.4241223e+08
A13: Sales of Goods and Services | B13: 33319189 | C13: 0 | D13: 0 | E13: 0 | F13: 33319189
A14: Other | B14: 1.9148279e+09 | C14: 0 | D14: 0 | E14: 0 | F14: 1.9148279e+09
A15: Total Revenues | B15: 8.6608118e+10 | C15: 0 | D15: 0 | E15: -9.7106448e+08 | F15: 8.5637054e+10
A16: EXPENDITURES
A17: Salaries And Wages | B17: 684782.56 | C17: 0 | D17: -35206.58 | E17: 0 | F17: 649575.98
A18: Payroll Related Costs | B18: 1.4015663e+09 | C18: 0 | D18: 0 | E18: 0 | F18: 1.4015663e+09
A19: Professional Fees and Services | B19: 18836479 | C19: 0 | D19: 0 | E19: 0 | F19: 18836479
A20: Travel | B20: 19535.04 | C20: 0 | D20: 0 | E20: 0 | F20: 19535.04
A21: Materials and Supplies | B21: 15326.49 | C21: 0 | D21: 0 | E21: 0 | F21: 15326.49
A22: Communications and Utilities | B22: 862929.59 | C22: 0 | D22: 0 | E22: 0 | F22: 862929.59
A23: Repairs and Maintenance | B23: 103451.46 | C23: 0 | D23: 0 | E23: 0 | F23: 103451.46
A24: Rentals and Leases | B24: 0 | C24: 0 | D24: 0 | E24: 0 | F24: 0
A25: Printing and Reproduction | B25: 0 | C25: 0 | D25: 0 | E25: 0 | F25: 0
A26: Claims and Judgments | B26: 26900036 | C26: 0 | D26: 0 | E26: 0 | F26: 26900036
A27: Federal Grant Pass-Through Expenditures | B27: 0 | C27: 0 | D27: 0 | E27: 0 | F27: 0
A28: State Grant Pass-Through Expenditures | B28: 0 | C28: 0 | D28: 0 | E28: 0 | F28: 0
... A40: Excess (Deficiency) of Revenues Over Expenditures | B40: 8.297966e+10 | C40: 0 | D40: 35206.58 | E40: -9.7106448e+08 | F40: 8.2008631e+10
A41: OTHER FINANCING SOURCES (USES)
A42: Transfer In | B42: 1.3759263e+10 | C42: 0 | D42: 0 | E42: 0 | F42: 1.3759263e+10
A43: Transfer Out | B43: -44985598234 | C43: 0 | D43: 0 | E43: 0 | F43: -44985598234
A44: Legislative Transfer In | B44: 0 | C44: 0 | D44: 0 | E44: 0 | F44: 0
A45: Legislative Transfer Out | B45: -4.1912534e+10 | C45: 0 | D45: 0 | E45: 0 | F45: -4.1912534e+10
A46: Sale of Capital Assets | B46: 31526.9 | C46: 0 | D46: 0 | E46: 0 | F46: 31526.9
A47: Contributions to permanent foundation principal | B47: -25209796 | C47: 0 | D47: 0 | E47: 0 | F47: -25209796
A48: Insurance Recoveries | B48: 91386.88 | C48: 0 | D48: 0 | E48: 0 | F48: 91386.88
A49: Total Other Financing Sources and Uses | B49: -7.3163956e+10 | C49: 0 | D49: 0 | E49: 0 | F49: -7.3163956e+10
A50: Net Change in Fund Balances/Net Assets | B50: 9.8157042e+09
A51: FUND FINANCIAL STATEMENT – FUND BALANCES
A52: Fund Balances, September 1, 2024 | B52: 4.8886606e+10
A53: Restatements (Note 14) | B53: 0
A54: Fund Balances, September 1, 2024, as Restated | B54: 4.8886606e+10
A55: Fund Balances, August 31, 2025 | B55: 5.870231e+10
A56: GOVERNMENT-WIDE STATEMENT – NET POSITION
A57: Net Position/Net Change in Net Position | C57: 0 | D57: 35206.58 | E57: -9.7106448e+08 | F57: -9.7102928e+08
A58: Net Position, September 1, 2024 | C58: 0 | D58: -35206.58 | E58: 1.3830554e+09 | F58: 1.3830202e+09
A59: Restatements (Note 14) | C59: 0 | D59: 0 | E59: 0 | F59: 0
A60: Net Position, September 1, 2024, as Restated | C60: 0 | D60: -35206.58 | E60: 1.3830554e+09 | F60: 1.3830202e+09
A61: Net Position, August 31, 2025 | B61: 5.870231e+10 | C61: 0 | D61: 0 | E61: 4.1199094e+08 | F61: 5.9114301e+10
A62: Return to TOC
A63: End of Sheet

Sheet Schedule 5
A1: Comptroller – Fiscal (902) SCHEDULE 5 Schedule of Tax Revenue, Tax Receivable and Deferred Inflow Tax Revenue For the Fiscal Year Ended August 31, 2025
A2: Tax Revenue
A3: Tax Type | B3: Modified Accrual | C3: Full Accrual | D3: Taxes Receivable | E3: Refunds Payable | F3: Net Taxes Receivable
A4: Sales and Use | B4: 4.4689291e+10 | C4: 4.4689291e+10 | D4: 3.2370505e+09 | E4: 0 | F4: 3.2370505e+09
A5: Motor Vehicle & MFG Housing | B5: 6.5183549e+09 | C5: 6.5183549e+09 | D5: 2.7205445e+08 | E5: 0 | F5: 2.7205445e+08
A6: Motor Fuels (1) | B6: 95973236 | C6: 95973236 | D6: 8882684.7 | E6: 0 | F6: 8882684.7
A7: Oil & Natural Gas Production | B7: 8.0919128e+09 | C7: 8.0919128e+09 | D7: 1.0262055e+09 | E7: -3.5608978e+08 | F7: 6.7011569e+08
A8: Franchise (2) | B8: 5.980212e+09 | C8: 5.980212e+09 | D8: 0 | E8: 0 | F8: 0
A9: Insurance | B9: 4.9777548e+09 | C9: 4.9777548e+09 | D9: 5.9700971e+08 | E9: 0 | F9: 5.9700971e+08
A10: Cigarette & Tobacco | B10: 5.0547129e+08 | C10: 5.0547129e+08 | D10: 22597669 | E10: 0 | F10: 22597669
A11: Other Taxes:
A12: Alcoholic Beverage | B12: 1.8121767e+09 | C12: 1.8121767e+09 | D12: 1.5768136e+08 | E12: 0 | F12: 1.5768136e+08
A13: Utility | B13: 7.5913782e+08 | C13: 7.5913782e+08 | D13: 1.0675194e+08 | E13: 0 | F13: 1.0675194e+08
A14: Hotel and Motel | B14: 7.9961068e+08 | C14: 7.9961068e+08 | D14: 79091952 | E14: 0 | F14: 79091952
A15: Other | B15: 1.6172669e+08 | C15: 1.6172669e+08 | D15: 0 | E15: 0 | F15: 0
A16: Total Taxes | B16: 7.4391622e+10 | C16: 7.4391622e+10 | D16: 5.5073257e+09 | E16: -3.5608978e+08 | F16: 5.1512359e+09
A17: Tax Type | B17: Deferred Inflow Tax Revenue (3)
A18: Sales and Use | B18: 0
A19: Motor Vehicle & MFG Housing | B19: 0
A20: Motor Fuels (1) | B20: 0
A21: Oil & Natural Gas Production | B21: 0
A22: Franchise (2) | B22: 0
A23: Insurance | B23: 0
A24: Cigarette & Tobacco | B24: 0
A25: Other Taxes:
A26: Alcoholic Beverage | B26: 0
A27: Utility | B27: 0
A28: Hotel and Motel | B28: 0
A29: Total Taxes | B29: 0
A30: (1) Motor fuel tax revenue, taxes receivable & deferred inflows of tax revenue transferred to the Texas Department of Transportation and Texas Education Agency will be reported by those agencies instead of Comptroller-Fiscal.
A31: (2) Franchise taxes receivable will be finalize in January, 2026.
A32: (3) Deferred Inflow Tax Revenue will be finalized in the ACFR.
A33: Return to TOC
A34: End of Sheet
B38: 0 | C38: 0 | D38: 0 | E38: 0

Sheet Exhibit J-1 Final
A1: Comptroller – Fiscal (902)
A2: EXHIBIT J-1
A3: Combining Statement of Fiduciary Net Position -
A4: Custodial Funds
A5: August 31, 2025
B6: Economic Development Custodial Funds (3425) U/F (0874, 1874, 2874, 3874, 4874, 5874, 0882) | C6: Total (Exhibit J-1)
A7: =+'Exhibit J-1 no Z rows'!A2 -> ASSETS
A8: =+'Exhibit J-1 no Z rows'!A3 -> Cash and Cash Equivalents:
A9: =+'Exhibit J-1 no Z rows'!A4 -> Cash in State Treasury | B9: =+'Exhibit J-1 no Z rows'!B4 -> 1.7965965e+09 | C9: =+'Exhibit J-1 no Z rows'!C4 -> 1.7965965e+09
A10: =+'Exhibit J-1 no Z rows'!A5 -> Total Assets | B10: =+'Exhibit J-1 no Z rows'!B5 -> 1.7965965e+09 | C10: =+'Exhibit J-1 no Z rows'!C5 -> 1.7965965e+09
A11: =+'Exhibit J-1 no Z rows'!A6 -> NET POSITION
A12: =+'Exhibit J-1 no Z rows'!A7 -> Fiduciary NP Other Purposes | B12: =+'Exhibit J-1 no Z rows'!B7 -> 1.7965965e+09 | C12: =+'Exhibit J-1 no Z rows'!C7 -> 1.7965965e+09
A13: =+'Exhibit J-1 no Z rows'!A8 -> Total Net Position | B13: =+'Exhibit J-1 no Z rows'!B8 -> 1.7965965e+09 | C13: =+'Exhibit J-1 no Z rows'!C8 -> 1.7965965e+09
A14: =+'Exhibit J-1 no Z rows'!A9 -> * USAS D24 GAAP fund is noted as (XXXX) ** USAS D23 fund is noted as U/F (XXXX)

Sheet Exhibit VII Final
A1: Comptroller – Fiscal (902)
A2: EXHIBIT VII
A3: Combined Statement of Changes in Fiduciary Net Position
A4: Fiduciary Funds
A5: For the Fiscal Year Ended August 31, 2025
B6: Private Purpose Trust Funds (Exhibit I-2) | C6: Custodial Funds (Exhibit J-2) | D6: Total (Exhibit VII) 2025
A7: =+'Exhibit VII no Z rows'!A2 -> ADDITIONS
A8: =+'Exhibit VII no Z rows'!A3 -> Contributions:
A9: =+'Exhibit VII no Z rows'!A4 -> Federal Contributions | B9: =+'Exhibit VII no Z rows'!B4 -> 3685942 | C9: $ | D9: =+'Exhibit VII no Z rows'!D4 -> 3685942
A10: =+'Exhibit VII no Z rows'!A5 -> Total Contributions | B10: =+'Exhibit VII no Z rows'!B5 -> 3685942 | C10: 0 | D10: =+'Exhibit VII no Z rows'!D5 -> 3685942
A11: =+'Exhibit VII no Z rows'!A6 -> Investment Income:
A12: =+'Exhibit VII no Z rows'!A7 -> From Investing Activities:
A13: =+'Exhibit VII no Z rows'!A8 -> Interest, Dividend and Other | B13: =+'Exhibit VII no Z rows'!B8 -> 154877.66 | C13: =+'Exhibit VII no Z rows'!C8 -> 11364029 | D13: =+'Exhibit VII no Z rows'!D8 -> 11518906
A14: =+'Exhibit VII no Z rows'!A9 -> Total Investing Income (Loss) | B14: =+'Exhibit VII no Z rows'!B9 -> 154877.66 | C14: =+'Exhibit VII no Z rows'!C9 -> 11364029 | D14: =+'Exhibit VII no Z rows'!D9 -> 11518906
A15: =+'Exhibit VII no Z rows'!A10 -> Net Income from Investing Activities | B15: =+'Exhibit VII no Z rows'!B10 -> 154877.66 | C15: =+'Exhibit VII no Z rows'!C10 -> 11364029 | D15: =+'Exhibit VII no Z rows'!D10 -> 11518906
A16: =+'Exhibit VII no Z rows'!A11 -> Total Net Investment Income (Loss) | B16: =+'Exhibit VII no Z rows'!B11 -> 154877.66 | C16: =+'Exhibit VII no Z rows'!C11 -> 11364029 | D16: =+'Exhibit VII no Z rows'!D11 -> 11518906
A17: =+'Exhibit VII no Z rows'!A12 -> Other Additions:
A18: =+'Exhibit VII no Z rows'!A13 -> Other Revenue | C18: =+'Exhibit VII no Z rows'!C13 -> 1.4298696e+10 | D18: =+'Exhibit VII no Z rows'!D13 -> 1.4298696e+10
A19: =+'Exhibit VII no Z rows'!A14 -> Transfer In | B19: =+'Exhibit VII no Z rows'!B14 -> 109001180 | D19: =+'Exhibit VII no Z rows'!D14 -> 109001180
A20: =+'Exhibit VII no Z rows'!A15 -> Total Other Additions | B20: =+'Exhibit VII no Z rows'!B15 -> 109001180 | C20: =+'Exhibit VII no Z rows'!C15 -> 1.4298696e+10 | D20: =+'Exhibit VII no Z rows'!D15 -> 1.4407697e+10
A21: =+'Exhibit VII no Z rows'!A16 -> Total Additions | B21: =+'Exhibit VII no Z rows'!B16 -> 1.12842e+08 | C21: =+'Exhibit VII no Z rows'!C16 -> 1.431006e+10 | D21: =+'Exhibit VII no Z rows'!D16 -> 1.4422902e+10
A22: =+'Exhibit VII no Z rows'!A17 -> DEDUCTIONS
A23: =+'Exhibit VII no Z rows'!A18 -> Interest Expense | C23: =+'Exhibit VII no Z rows'!C18 -> 11071771 | D23: =+'Exhibit VII no Z rows'!D18 -> 11071771
A24: =+'Exhibit VII no Z rows'!A19 -> Intergovernmental Payments | B24: =+'Exhibit VII no Z rows'!B19 -> 1.1390995e+08 | C24: =+'Exhibit VII no Z rows'!C19 -> 1.4219961e+10 | D24: =+'Exhibit VII no Z rows'!D19 -> 1.4333871e+10
A25: =+'Exhibit VII no Z rows'!A20 -> Total Deductions | B25: =+'Exhibit VII no Z rows'!B20 -> 1.1390995e+08 | C25: =+'Exhibit VII no Z rows'!C20 -> 1.4231033e+10 | D25: =+'Exhibit VII no Z rows'!D20 -> 1.4344943e+10
A26: =+'Exhibit VII no Z rows'!A21 -> INCREASE (DECREASE) IN NET POSITION | B26: =+'Exhibit VII no Z rows'!B21 -> -1067949.7 | C26: =+'Exhibit VII no Z rows'!C21 -> 79027441 | D26: =+'Exhibit VII no Z rows'!D21 -> 77959492
A27: =+'Exhibit VII no Z rows'!A22 -> NET POSITION
A28: =+'Exhibit VII no Z rows'!A23 -> Net Position, September 1, 2024 | B28: =+'Exhibit VII no Z rows'!B23 -> 7405557.8 | C28: =+'Exhibit VII no Z rows'!C23 -> 1.717569e+09 | D28: =+'Exhibit VII no Z rows'!D23 -> 1.7249746e+09
A29: =+'Exhibit VII no Z rows'!A24 -> Net Position, September 1, 2024, as Restated | B29: =+'Exhibit VII no Z rows'!B24 -> 7405557.8 | C29: =+'Exhibit VII no Z rows'!C24 -> 1.717569e+09 | D29: =+'Exhibit VII no Z rows'!D24 -> 1.7249746e+09
A30: =+'Exhibit VII no Z rows'!A25 -> Net Position, August 31, 2025 | B30: =+'Exhibit VII no Z rows'!B25 -> 6337608.1 | C30: =+'Exhibit VII no Z rows'!C25 -> 1.7965965e+09 | D30: =+'Exhibit VII no Z rows'!D25 -> 1.8029341e+09
A31: =+'Exhibit VII no Z rows'!A26 -> The accompanying notes to the financial statements are an integral part of this statement.

Sheet Exhibit I-2 Final
A1: Comptroller – Fiscal (902)
A2: EXHIBIT I-2
A3: Combining Statement of Changes in Fiduciary Net Position –
A4: Private-Purpose Trust Funds
A5: For the Fiscal Year Ended August 31, 2025
B6: Private Purpose Tobacco Settlement Political Subdivision Trust (0872) U/F (2872) | C6: Federal Resource Receipt Distribution Fund (0521) U/F (0521) | D6: Private Purpose Flood Area School and Road Trust Fund (0903) U/F (0903) | E6: Total (Exhibit I-2) 2025
A7: =+'Exhibit I-2 no Z rows'!A2 -> ADDITIONS
A8: =+'Exhibit I-2 no Z rows'!A3 -> Contributions:
A9: =+'Exhibit I-2 no Z rows'!A4 -> Federal Contributions | B9: $ | C9: $ | D9: =+'Exhibit I-2 no Z rows'!D4 -> 3685942 | E9: =+'Exhibit I-2 no Z rows'!E4 -> 3685942
A10: =+'Exhibit I-2 no Z rows'!A5 -> Total Contributions | B10: 0 | C10: 0 | D10: =+'Exhibit I-2 no Z rows'!D5 -> 3685942 | E10: =+'Exhibit I-2 no Z rows'!E5 -> 3685942
A11: =+'Exhibit I-2 no Z rows'!A6 -> Investment Income:
A12: =+'Exhibit I-2 no Z rows'!A7 -> From Investing Activities:
A13: =+'Exhibit I-2 no Z rows'!A8 -> Interest, Dividend and Other | D13: =+'Exhibit I-2 no Z rows'!D8 -> 154877.66 | E13: =+'Exhibit I-2 no Z rows'!E8 -> 154877.66
A14: =+'Exhibit I-2 no Z rows'!A9 -> Total Investing Income (Loss) | B14: 0 | C14: 0 | D14: =+'Exhibit I-2 no Z rows'!D9 -> 154877.66 | E14: =+'Exhibit I-2 no Z rows'!E9 -> 154877.66
A15: =+'Exhibit I-2 no Z rows'!A10 -> Net Income from Investing Activities | B15: 0 | C15: 0 | D15: =+'Exhibit I-2 no Z rows'!D10 -> 154877.66 | E15: =+'Exhibit I-2 no Z rows'!E10 -> 154877.66
A16: =+'Exhibit I-2 no Z rows'!A11 -> Total Net Investment Income (Loss) | B16: 0 | C16: 0 | D16: =+'Exhibit I-2 no Z rows'!D11 -> 154877.66 | E16: =+'Exhibit I-2 no Z rows'!E11 -> 3995697.4
A17: =+'Exhibit I-2 no Z rows'!A12 -> Other Additions:
A18: =+'Exhibit I-2 no Z rows'!A13 -> Transfer In | B18: =+'Exhibit I-2 no Z rows'!B13 -> 109001180 | E18: =+'Exhibit I-2 no Z rows'!E13 -> 109001180
A19: =+'Exhibit I-2 no Z rows'!A14 -> Total Other Additions | B19: =+'Exhibit I-2 no Z rows'!B14 -> 109001180 | C19: 0 | D19: 0 | E19: =+'Exhibit I-2 no Z rows'!E14 -> 109001180
A20: =+'Exhibit I-2 no Z rows'!A15 -> Total Additions | B20: =+'Exhibit I-2 no Z rows'!B15 -> 109001180 | C20: 0 | D20: =+'Exhibit I-2 no Z rows'!D15 -> 3840819.7 | E20: =+'Exhibit I-2 no Z rows'!E15 -> 1.1299688e+08
A21: =+'Exhibit I-2 no Z rows'!A16 -> DEDUCTIONS
A22: =+'Exhibit I-2 no Z rows'!A17 -> Intergovernmental Payments | B22: =+'Exhibit I-2 no Z rows'!B17 -> 109001180 | D22: =+'Exhibit I-2 no Z rows'!D17 -> 4908769.4 | E22: =+'Exhibit I-2 no Z rows'!E17 -> 1.1390995e+08
A23: =+'Exhibit I-2 no Z rows'!A18 -> Total Deductions | B23: =+'Exhibit I-2 no Z rows'!B18 -> 109001180 | C23: 0 | D23: =+'Exhibit I-2 no Z rows'!D18 -> 4908769.4 | E23: =+'Exhibit I-2 no Z rows'!E18 -> 1.1390995e+08
A24: =+'Exhibit I-2 no Z rows'!A19 -> INCREASE (DECREASE) IN NET POSITION | D24: =+'Exhibit I-2 no Z rows'!D19 -> -1067949.6 | E24: =+'Exhibit I-2 no Z rows'!E19 -> -1067949.6
A25: =+'Exhibit I-2 no Z rows'!A20 -> NET POSITION
A26: =+'Exhibit I-2 no Z rows'!A21 -> Net Position, September 1, 2024 | B26: 0 | C26: =+'Exhibit I-2 no Z rows'!C21 -> 32579.81 | D26: =+'Exhibit I-2 no Z rows'!D21 -> 7372978 | E26: =+'Exhibit I-2 no Z rows'!E21 -> 7405557.8
A27: =+'Exhibit I-2 no Z rows'!A22 -> Net Position, August 31, 2025 | B27: 0 | C27: =+'Exhibit I-2 no Z rows'!C22 -> 32579.81 | D27: =+'Exhibit I-2 no Z rows'!D22 -> 6305028.3 | E27: =+'Exhibit I-2 no Z rows'!E22 -> 6337608.1
A28: =+'Exhibit I-2 no Z rows'!A23 -> * USAS D24 GAAP fund is noted as (XXXX) ** USAS D23 fund is noted as U/F (XXXX)

Sheet Exhibit J-2 Final
A1: Comptroller – Fiscal (902)
A2: EXHIBIT J-2
A3: Combining Statement of Changes in Fiduciary Net Position -
A4: Custodial Funds
A5: For the Fiscal Year Ended August 31, 2025
B6: Economic Development Custodial Funds (3425) U/F (0874, 1874, 2874, 3874, 4874, 5874, 0882) | C6: Total (Exhibit J-2)
A7: =+'Exhibit J-2 no Z rows'!A2 -> ADDITIONS
A8: =+'Exhibit J-2 no Z rows'!A3 -> Investment Income:
A9: =+'Exhibit J-2 no Z rows'!A4 -> From Investing Activities:
A10: =+'Exhibit J-2 no Z rows'!A5 -> Interest, Dividend and Other | B10: =+'Exhibit J-2 no Z rows'!B5 -> 11364029 | C10: =+'Exhibit J-2 no Z rows'!C5 -> 11364029
A11: =+'Exhibit J-2 no Z rows'!A6 -> Total Investing Income (Loss) | B11: =+'Exhibit J-2 no Z rows'!B6 -> 11364029 | C11: =+'Exhibit J-2 no Z rows'!C6 -> 11364029
A12: =+'Exhibit J-2 no Z rows'!A7 -> Net Income from Investing Activities | B12: =+'Exhibit J-2 no Z rows'!B7 -> 11364029 | C12: =+'Exhibit J-2 no Z rows'!C7 -> 11364029
A13: =+'Exhibit J-2 no Z rows'!A8 -> Total Net Investment Income (Loss) | B13: =+'Exhibit J-2 no Z rows'!B8 -> 11364029 | C13: =+'Exhibit J-2 no Z rows'!C8 -> 11364029
A14: =+'Exhibit J-2 no Z rows'!A9 -> Other Additions:
A15: =+'Exhibit J-2 no Z rows'!A10 -> Other Revenue | B15: =+'Exhibit J-2 no Z rows'!B10 -> 1.4298696e+10 | C15: =+'Exhibit J-2 no Z rows'!C10 -> 1.4298696e+10
A16: =+'Exhibit J-2 no Z rows'!A11 -> Total Other Additions | B16: =+'Exhibit J-2 no Z rows'!B11 -> 1.4298696e+10 | C16: =+'Exhibit J-2 no Z rows'!C11 -> 1.4298696e+10
A17: =+'Exhibit J-2 no Z rows'!A12 -> Total Additions | B17: =+'Exhibit J-2 no Z rows'!B12 -> 1.431006e+10 | C17: =+'Exhibit J-2 no Z rows'!C12 -> 1.431006e+10
A18: =+'Exhibit J-2 no Z rows'!A13 -> DEDUCTIONS
A19: =+'Exhibit J-2 no Z rows'!A14 -> Interest Expense | B19: =+'Exhibit J-2 no Z rows'!B14 -> 11071771 | C19: =+'Exhibit J-2 no Z rows'!C14 -> 11071771
A20: =+'Exhibit J-2 no Z rows'!A15 -> Intergovernmental Payments | B20: =+'Exhibit J-2 no Z rows'!B15 -> 1.4219961e+10 | C20: =+'Exhibit J-2 no Z rows'!C15 -> 1.4219961e+10
A21: =+'Exhibit J-2 no Z rows'!A16 -> Total Deductions | B21: =+'Exhibit J-2 no Z rows'!B16 -> 1.4231033e+10 | C21: =+'Exhibit J-2 no Z rows'!C16 -> 1.4231033e+10
A22: =+'Exhibit J-2 no Z rows'!A17 -> INCREASE (DECREASE) IN NET POSITION | B22: =+'Exhibit J-2 no Z rows'!B17 -> 79027441 | C22: =+'Exhibit J-2 no Z rows'!C17 -> 79027441
A23: =+'Exhibit J-2 no Z rows'!A18 -> NET POSITION
A24: =+'Exhibit J-2 no Z rows'!A19 -> Net Position, September 1, 2024 | B24: =+'Exhibit J-2 no Z rows'!B19 -> 1.717569e+09 | C24: =+'Exhibit J-2 no Z rows'!C19 -> 1.717569e+09
A25: =+'Exhibit J-2 no Z rows'!A20 -> Net Position, August 31, 2025 | B25: =+'Exhibit J-2 no Z rows'!B20 -> 1.7965965e+09 | C25: =+'Exhibit J-2 no Z rows'!C20 -> 1.7965965e+09
A26: =+'Exhibit J-2 no Z rows'!A21 -> * USAS D24 GAAP fund is noted as (XXXX) ** USAS D23 fund is noted as U/F (XXXX)

Sheet Exhibit I - no Z rows
A1: 0 | B1: 1 | C1: 2 | D1: 3 | E1: 4
A2: 0 | B2: General Funds (Exhibit A-1) | C2: Special Revenue Funds (Exhibit B-1) | D2: Permanent Funds (Exhibit C-1) | E2: Governmental Funds Total
A3: ASSETS | B3: 0 | C3: 0 | D3: 0 | E3: 0
A4: Current Assets: | B4: 0 | C4: 0 | D4: 0 | E4: 0
A5: Cash and Cash Equivalents: | B5: 0 | C5: 0 | D5: 0 | E5: 0
A6: Cash in Bank (Note 3) | B6: 0 | C6: 18689014 | D6: 0 | E6: 18689014
A7: Cash in State Treasury | B7: 3.3150254e+10 | C7: 6063607.5 | D7: 1.6877376e+08 | E7: 3.3325092e+10
A8: Legislative Appropriations | B8: -2.3408732e+08 | C8: 0 | D8: 0 | E8: -2.3408732e+08
A9: Short Term Investments (Note 3) | B9: 2.3913706e+08 | C9: 1316237.2 | D9: 24130239 | E9: 2.6458354e+08
A10: Receivables: | E10: 0
A11: Accounts | B11: 2.8546667e+08 | C11: 0 | D11: 0 | E11: 2.8546667e+08
A12: Taxes (Note 27) | B12: 5.5073257e+09 | C12: 0 | D12: 0 | E12: 5.5073257e+09
A13: Investment Trades | B13: 17281151 | C13: 0 | D13: 0 | E13: 17281151
A14: Interest and Dividends | B14: 55076400 | C14: 453011.89 | D14: 267012.55 | E14: 55796424
A15: Due From Other Agencies | B15: 2.1127382e+09 | C15: 2789594.5 | D15: 224337.3 | E15: 2.1157521e+09
A16: Total Current Assets | B16: 4.1133192e+10 | C16: 29311466 | D16: 1.9339535e+08 | E16: 4.1355899e+10
A17: Non-Current Assets:
A18: Receivables | B18: 0 | C18: 0 | D18: 0 | E18: 0
A19: Investments (Note 3) | B19: 2.1175117e+10 | C19: 9.7465808e+08 | D19: 8.0251419e+08 | E19: 2.2952289e+10
A20: Total Non-Current Assets | B20: 2.1175117e+10 | C20: 9.7465808e+08 | D20: 8.0251419e+08 | E20: 2.2952289e+10
A21: Total Assets | B21: 6.2308309e+10 | C21: 1.0039695e+09 | D21: 9.9590954e+08 | E21: 6.4308188e+10
A22: 0 | B22: 0 | C22: 0 | D22: 0 | E22: 0
A23: 0
A24: LIABILITIES AND FUND BALANCES
A25: Liabilities:
A26: Current Liabilities:
A27: Payables From:
A28: Accounts | B28: 20752298 | C28: 165549.8 | D28: 381290.16 | E28: 21299138
A29: Interest | B29: 0 | C29: 0 | D29: 202047.68 | E29: 202047.68
A30: Interfund Payable | B30: 3942733 | C30: 0 | D30: 0 | E30: 3942733
A31: Investment Trade Payable | B31: 31923132 | C31: 0 | D31: 6243.7 | E31: 31929376
A32: Other Intergovernmental | B32: 27318651 | C32: 0 | D32: 0 | E32: 27318651
A33: Taxes Refund Payable | B33: 3.5608978e+08 | C33: 0 | D33: 0 | E33: 3.5608978e+08
A34: Other | B34: 3.3401025e+08 | C34: 0 | D34: 0 | E34: 3.3401025e+08
A35: Due To Other Agencies | B35: 4.9996515e+09 | C35: 0 | D35: 2754005.6 | E35: 5.0024055e+09
A36: Unearned Revenues | B36: 4.3241054e+08 | C36: 0 | D36: 0 | E36: 4.3241054e+08
A37: Total Current Liabilities | B37: 6.2060989e+09 | C37: 165549.8 | D37: 3343587.2 | E37: 6.209608e+09
A38: Total Liabilities | B38: 6.2060989e+09 | C38: 165549.8 | D38: 3343587.2 | E38: 6.209608e+09
A39: 0
A40: DEFERRED INFLOWS
A41: Deferred Inflows of Resources (Note 29) | B41: 0 | C41: 9.8244004e+08 | D41: 0 | E41: 9.8244004e+08
A42: Total Deferred Inflows | B42: 0 | C42: 9.8244004e+08 | D42: 0 | E42: 9.8244004e+08
A43: 0
A44: FUND FINANCIAL STATEMENT – FUND BALANCES
A45: Fund Balances (Deficits):
A46: Nonspendable | B46: 0 | C46: 0 | D46: -3.7252903e-09 | E46: -3.7252903e-09
A47: Restricted | B47: 9.497099e+08 | C47: 15302432 | D47: 9.9256596e+08 | E47: 1.9575783e+09
A48: Committed | B48: 1.196679e+08 | C48: 6061520.8 | D48: 0 | E48: 1.2572942e+08
A49: Unassigned | B49: 5.5032832e+10 | C49: 0 | D49: 0 | E49: 5.5032832e+10
A50: Total Fund Balances | B50: 5.610221e+10 | C50: 21363952 | D50: 9.9256596e+08 | E50: 5.711614e+10
A51: 0
A52: Total Liabilities, Deferred Inflows of Resources and Fund Balances | B52: 6.2308309e+10 | C52: 1.0039695e+09 | D52: 9.9590954e+08 | E52: 6.4308188e+10
A53: 0 | B53: 0 | C53: 0 | D53: 0 | E53: 0
A54: The accompanying Notes to the Financial Statements are an integral part of this financial statement. | B54: 0 | C54: 0 | D54: 0 | E54: 0

Sheet Exhibit A-1 - no Z rows
A1: 0 | B1: 1 | C1: 2 | D1: 3 | E1: 4 | F1: 5 | G1: 6 | H1: 7 | I1: 8 | J1: 9 | K1: 10 | L1: 11 | M1: 12 | N1: 13 | O1: 14 | P1: 15 | Q1: 16 | R1: 17 | S1: 18 | T1: 19 | U1: 20
A2: ASSETS | B2: 0 | C2: 0 | D2: 0 | E2: 0 | F2: 0 | G2: 0 | H2: 0 | I2: 0 | J2: 0 | K2: 0 | L2: 0 | M2: 0 | N2: 0 | O2: 0 | P2: 0 | Q2: 0 | R2: 0 | S2: 0 | T2: 0 | U2: 0
A3: Current Assets: | B3: 0 | C3: 0 | D3: 0 | E3: 0 | F3: 0 | G3: 0 | H3: 0 | I3: 0 | J3: 0 | K3: 0 | L3: 0 | M3: 0 | N3: 0 | O3: 0 | P3: 0 | Q3: 0 | R3: 0 | S3: 0 | T3: 0 | U3: 0
A4: Cash and Cash Equivalents: | B4: 0 | C4: 0 | D4: 0 | E4: 0 | F4: 0 | G4: 0 | H4: 0 | I4: 0 | J4: 0 | K4: 0 | L4: 0 | M4: 0 | N4: 0 | O4: 0 | P4: 0 | Q4: 0 | R4: 0 | S4: 0 | T4: 0 | U4: 0
A5: Cash in State Treasury | B5: 2.8652403e+10 | C5: -355974.57 | D5: 0 | E5: 0 | F5: 0 | G5: 0 | H5: 7833201.3 | I5: 0 | J5: 3.4268271e+09 | K5: 0 | L5: 0 | M5: 0 | N5: 0 | O5: 0 | P5: 0 | Q5: 9.4185986e+08 | R5: 0 | S5: 0 | T5: 1.2168732e+08 | U5: 3.3150254e+10
A6: Short Term Investments (Note 3) | B6: 0 | C6: 0 | D6: 0 | E6: 0 | F6: 0 | G6: 0 | H6: 0 | I6: 0 | J6: 2.3913706e+08 | K6: 0 | L6: 0 | M6: 0 | N6: 0 | O6: 0 | P6: 0 | Q6: 0 | R6: 0 | S6: 0 | T6: 0 | U6: 2.3913706e+08
A7: Legislative Appropriations | B7: -2.3408732e+08 | C7: 0 | D7: 0 | E7: 0 | F7: 0 | G7: 0 | H7: 0 | I7: 0 | J7: 0 | K7: 0 | L7: 0 | M7: 0 | N7: 0 | O7: 0 | P7: 0 | Q7: 0 | R7: 0 | S7: 0 | T7: 0 | U7: -2.3408732e+08
A8: Receivables: | B8: 0 | C8: 0 | D8: 0 | E8: 0 | F8: 0 | G8: 0 | H8: 0 | I8: 0 | J8: 0 | K8: 0 | L8: 0 | M8: 0 | N8: 0 | O8: 0 | P8: 0 | Q8: 0 | R8: 0 | S8: 0 | T8: 0 | U8: 0
A9: Accounts | B9: 0 | C9: 0 | D9: 0 | E9: 0 | F9: 0 | G9: 0 | H9: 0 | I9: 0 | J9: 0 | K9: 0 | L9: 0 | M9: 0 | N9: 0 | O9: 0 | P9: 0 | Q9: 2.8546667e+08 | R9: 0 | S9: 0 | T9: 0 | U9: 2.8546667e+08
A10: Taxes (Note 27) | B10: 5.5073257e+09 | C10: 0 | D10: 0 | E10: 0 | F10: 0 | G10: 0 | H10: 0 | I10: 0 | J10: 0 | K10: 0 | L10: 0 | M10: 0 | N10: 0 | O10: 0 | P10: 0 | Q10: 0 | R10: 0 | S10: 0 | T10: 0 | U10: 5.5073257e+09
A11: Investment Trades | B11: 0 | C11: 0 | D11: 0 | E11: 0 | F11: 0 | G11: 0 | H11: 0 | I11: 0 | J11: 17281151 | K11: 0 | L11: 0 | M11: 0 | N11: 0 | O11: 0 | P11: 0 | Q11: 0 | R11: 0 | S11: 0 | T11: 0 | U11: 17281151
A12: Interest and Dividends | B12: 2033.25 | C12: 0 | D12: 0 | E12: 0 | F12: 0 | G12: 0 | H12: 28763.82 | I12: 0 | J12: 55045566 | K12: 0 | L12: 36.48 | M12: 0 | N12: 0 | O12: 0 | P12: 0 | Q12: 0 | R12: 0 | S12: 0 | T12: 0 | U12: 55076400
A13: Due From Other Agencies | B13: 63909315 | C13: 0 | D13: 0 | E13: 0 | F13: 0 | G13: 0 | H13: 0 | I13: 0 | J13: 2.0488289e+09 | K13: 0 | L13: 0 | M13: 0 | N13: 0 | O13: 0 | P13: 0 | Q13: 0 | R13: 0 | S13: 0 | T13: 0 | U13: 2.1127382e+09
... A18: Total Assets | B18: 3.3989552e+10 | C18: -355974.57 | D18: 0 | E18: 0 | F18: 0 | G18: 0 | H18: 7861965.1 | I18: 0 | J18: 2.6962237e+10 | K18: 0 | L18: 36.48 | M18: 0 | N18: 0 | O18: 0 | P18: 0 | Q18: 1.2273265e+09 | R18: 0 | S18: 0 | T18: 1.2168732e+08 | U18: 6.2308309e+10
A19: 0 | B19: 0 | C19: 0 | D19: 0 | E19: 0 | F19: 0 | G19: 0 | H19: 0 | I19: 0 | J19: 0 | K19: 0 | L19: 0 | M19: 0 | N19: 0 | O19: 0 | P19: 0 | Q19: 0 | R19: 0 | S19: 0 | T19: 0 | U19: 0
A20: 0 | B20: 0 | C20: 0 | D20: 0 | E20: 0 | F20: 0 | G20: 0 | H20: 0 | I20: 0 | J20: 0 | K20: 0 | L20: 0 | M20: 0 | N20: 0 | O20: 0 | P20: 0 | Q20: 0 | R20: 0 | S20: 0 | T20: 0 | U20: 0
A21: Total Assets and Deferred Outflows of Resources | B21: 3.3989552e+10 | C21: -355974.57 | D21: 0 | E21: 0 | F21: 0 | G21: 0 | H21: 7861965.1 | I21: 0 | J21: 2.6962237e+10 | K21: 0 | L21: 36.48 | M21: 0 | N21: 0 | O21: 0 | P21: 0 | Q21: 1.2273265e+09 | R21: 0 | S21: 0 | T21: 1.2168732e+08 | U21: 6.2308309e+10
A22: 0 | B22: 0 | C22: 0 | D22: 0 | E22: 0 | F22: 0 | G22: 0 | H22: 0 | I22: 0 | J22: 0 | K22: 0 | L22: 0 | M22: 0 | N22: 0 | O22: 0 | P22: 0 | Q22: 0 | R22: 0 | S22: 0 | T22: 0 | U22: 0
A23: LIABILITIES AND FUND BALANCES | B23: 0 | C23: 0 | D23: 0 | E23: 0 | F23: 0 | G23: 0 | H23: 0 | I23: 0 | J23: 0 | K23: 0 | L23: 0 | M23: 0 | N23: 0 | O23: 0 | P23: 0 | Q23: 0 | R23: 0 | S23: 0 | T23: 0 | U23: 0
A24: Liabilities: | B24: 0 | C24: 0 | D24: 0 | E24: 0 | F24: 0 | G24: 0 | H24: 0 | I24: 0 | J24: 0 | K24: 0 | L24: 0 | M24: 0 | N24: 0 | O24: 0 | P24: 0 | Q24: 0 | R24: 0 | S24: 0 | T24: 0 | U24: 0
A25: Current Liabilities: | B25: 0 | C25: 0 | D25: 0 | E25: 0 | F25: 0 | G25: 0 | H25: 0 | I25: 0 | J25: 0 | K25: 0 | L25: 0 | M25: 0 | N25: 0 | O25: 0 | P25: 0 | Q25: 0 | R25: 0 | S25: 0 | T25: 0 | U25: 0
A26: Payables From: | B26: 0 | C26: 0 | D26: 0 | E26: 0 | F26: 0 | G26: 0 | H26: 0 | I26: 0 | J26: 0 | K26: 0 | L26: 0 | M26: 0 | N26: 0 | O26: 0 | P26: 0 | Q26: 0 | R26: 0 | S26: 0 | T26: 0 | U26: 0
A27: Accounts | B27: 20594266 | C27: 0 | D27: 0 | E27: 711.84 | F27: 0 | G27: 73028.34 | H27: 0 | I27: 0 | J27: 84292.02 | K27: 0 | L27: 0 | M27: 0 | N27: 0 | O27: 0 | P27: 0 | Q27: 0 | R27: 0 | S27: 0 | T27: 0 | U27: 20752298
A28: Interfund Payable | B28: 3942733 | C28: 0 | D28: 0 | E28: 0 | F28: 0 | G28: 0 | H28: 0 | I28: 0 | J28: 0 | K28: 0 | L28: 0 | M28: 0 | N28: 0 | O28: 0 | P28: 0 | Q28: 0 | R28: 0 | S28: 0 | T28: 0 | U28: 3942733
A29: Investment Trade Payable | B29: 0 | C29: 0 | D29: 0 | E29: 0 | F29: 0 | G29: 0 | H29: 0 | I29: 0 | J29: 31923132 | K29: 0 | L29: 0 | M29: 0 | N29: 0 | O29: 0 | P29: 0 | Q29: 0 | R29: 0 | S29: 0 | T29: 0 | U29: 31923132
A30: Other Intergovernmental | B30: 27318651 | C30: 0 | D30: 0 | E30: 0 | F30: 0 | G30: 0 | H30: 0 | I30: 0 | J30: 0 | K30: 0 | L30: 0 | M30: 0 | N30: 0 | O30: 0 | P30: 0 | Q30: 0 | R30: 0 | S30: 0 | T30: 0 | U30: 27318651
A31: Taxes Refund Payable | B31: 3.5608978e+08 | C31: 0 | D31: 0 | E31: 0 | F31: 0 | G31: 0 | H31: 0 | I31: 0 | J31: 0 | K31: 0 | L31: 0 | M31: 0 | N31: 0 | O31: 0 | P31: 0 | Q31: 0 | R31: 0 | S31: 0 | T31: 0 | U31: 3.5608978e+08
A32: Other | B32: 3.3401025e+08 | C32: 0 | D32: 0 | E32: 0 | F32: 0 | G32: 0 | H32: 0 | I32: 0 | J32: 0 | K32: 0 | L32: 0 | M32: 0 | N32: 0 | O32: 0 | P32: 0 | Q32: 0 | R32: 0 | S32: 0 | T32: 0 | U32: 3.3401025e+08
A33: Due To Other Agencies | B33: 4.9851024e+09 | C33: 0 | D33: 0 | E33: 0 | F33: 0 | G33: 0 | H33: 11925.3 | I33: 0 | J33: 12517739 | K33: 0 | L33: 0 | M33: 0 | N33: 0 | O33: 0 | P33: 0 | Q33: 0 | R33: 0 | S33: 0 | T33: 2019459.8 | U33: 4.9996515e+09
A34: Unearned Revenues | B34: 1.3550361e+08 | C34: 0 | D34: 0 | E34: 0 | F34: 0 | G34: 0 | H34: 0 | I34: 15095.58 | J34: 0 | K34: 0 | L34: 0 | M34: 0 | N34: 0 | O34: 0 | P34: 11425167 | Q34: 2.8546667e+08 | R34: 0 | S34: 0 | T34: 0 | U34: 4.3241054e+08
... A36: Total Liabilities | B36: 5.8625617e+09 | C36: 0 | D36: 0 | E36: 711.84 | F36: 0 | G36: 73028.34 | H36: 11925.3 | I36: 15095.58 | J36: 44525163 | K36: 0 | L36: 0 | M36: 0 | N36: 0 | O36: 0 | P36: 11425167 | Q36: 2.8546667e+08 | R36: 0 | S36: 0 | T36: 2019459.8 | U36: 6.2060989e+09
A37: 0 | B37: 0 | C37: 0 | D37: 0 | E37: 0 | F37: 0 | G37: 0 | H37: 0 | I37: 0 | J37: 0 | K37: 0 | L37: 0 | M37: 0 | N37: 0 | O37: 0 | P37: 0 | Q37: 0 | R37: 0 | S37: 0 | T37: 0 | U37: 0
A38: 0 | B38: 0 | C38: 0 | D38: 0 | E38: 0 | F38: 0 | G38: 0 | H38: 0 | I38: 0 | J38: 0 | K38: 0 | L38: 0 | M38: 0 | N38: 0 | O38: 0 | P38: 0 | Q38: 0 | R38: 0 | S38: 0 | T38: 0 | U38: 0
A39: FUND FINANCIAL STATEMENT – FUND BALANCES | B39: 0 | C39: 0 | D39: 0 | E39: 0 | F39: 0 | G39: 0 | H39: 0 | I39: 0 | J39: 0 | K39: 0 | L39: 0 | M39: 0 | N39: 0 | O39: 0 | P39: 0 | Q39: 0 | R39: 0 | S39: 0 | T39: 0 | U39: 0
A40: Fund Balances (Deficits): | B40: 0 | C40: 0 | D40: 0 | E40: 0 | F40: 0 | G40: 0 | H40: 0 | I40: 0 | J40: 0 | K40: 0 | L40: 0 | M40: 0 | N40: 0 | O40: 0 | P40: 0 | Q40: 0 | R40: 0 | S40: 0 | T40: 0 | U40: 0
A41: Restricted | B41: 0 | C41: 0 | D41: 0 | E41: 0 | F41: 0 | G41: 0 | H41: 7850039.8 | I41: 0 | J41: 0 | K41: 0 | L41: 0 | M41: 0 | N41: 0 | O41: 0 | P41: 0 | Q41: 9.4185986e+08 | R41: 0 | S41: 0 | T41: 0 | U41: 9.497099e+08
A42: Committed | B42: 0 | C42: 0 | D42: 0 | E42: 0 | F42: 0 | G42: 0 | H42: 0 | I42: 0 | J42: 0 | K42: 0 | L42: 36.48 | M42: 0 | N42: 0 | O42: 0 | P42: 0 | Q42: 0 | R42: 0 | S42: 0 | T42: 1.1966786e+08 | U42: 1.196679e+08
A43: Unassigned | B43: 2.8126991e+10 | C43: -355974.57 | D43: 0 | E43: -711.84 | F43: 3.4924597e-10 | G43: -73028.34 | H43: 0 | I43: -15095.58 | J43: 2.6917712e+10 | K43: 0 | L43: 2.6373348e-13 | M43: 0 | N43: 0 | O43: 0 | P43: -11425167 | Q43: -2.9802322e-08 | R43: 0 | S43: 0 | T43: -2.2351742e-08 | U43: 5.5032832e+10
A44: Total Fund Balances | B44: 2.8126991e+10 | C44: -355974.57 | D44: 0 | E44: -711.84 | F44: 3.4924597e-10 | G44: -73028.34 | H44: 7850039.8 | I44: -15095.58 | J44: 2.6917712e+10 | K44: 0 | L44: 36.48 | M44: 0 | N44: 0 | O44: 0 | P44: -11425167 | Q44: 9.4185986e+08 | R44: 0 | S44: 0 | T44: 1.1966786e+08 | U44: 5.610221e+10
A45: 0 | B45: 0 | C45: 0 | D45: 0 | E45: 0 | F45: 0 | G45: 0 | H45: 0 | I45: 0 | J45: 0 | K45: 0 | L45: 0 | M45: 0 | N45: 0 | O45: 0 | P45: 0 | Q45: 0 | R45: 0 | S45: 0 | T45: 0 | U45: 0
A46: Total Liabilities, Deferred Inflows and Fund Balances | B46: 3.3989552e+10 | C46: -355974.57 | D46: 0 | E46: 0 | F46: 3.4924597e-10 | G46: 0 | H46: 7861965.1 | I46: 0 | J46: 2.6962237e+10 | K46: 0 | L46: 36.48 | M46: 0 | N46: 0 | O46: 0 | P46: 0 | Q46: 1.2273265e+09 | R46: 0 | S46: 0 | T46: 1.2168732e+08 | U46: 6.2308309e+10

Sheet Exhibit B-1 no Z rows
A1: 0 | B1: 1 | C1: 2 | D1: 3 | E1: 4 | F1: 5 | G1: 6 | H1: 7 | I1: 8 | J1: 9 | K1: 10 | L1: 11 | M1: 12
A2: ASSETS | B2: 0 | C2: 0 | D2: 0 | E2: 0 | F2: 0 | G2: 0 | H2: 0 | I2: 0 | J2: 0 | K2: 0 | L2: 0 | M2: 0
A3: Current Assets: | B3: 0 | C3: 0 | D3: 0 | E3: 0 | F3: 0 | G3: 0 | H3: 0 | I3: 0 | J3: 0 | K3: 0 | L3: 0 | M3: 0
A4: Cash and Cash Equivalents: | B4: 0 | C4: 0 | D4: 0 | E4: 0 | F4: 0 | G4: 0 | H4: 0 | I4: 0 | J4: 0 | K4: 0 | L4: 0 | M4: 0
A5: Cash in Bank (Note 3) | B5: 6437885.9 | C5: 0 | D5: 0 | E5: 0 | F5: 0 | G5: 0 | H5: 0 | I5: 0 | J5: 0 | K5: 0 | L5: 12251128 | M5: 18689014
A6: Cash in State Treasury | B6: 0 | C6: 0 | D6: 0 | E6: 0 | F6: 0 | G6: 0 | H6: 3750 | I6: 6057770.8 | J6: 0 | K6: 2086.78 | L6: 0 | M6: 6063607.5
A7: Short Term Investments (Note 3) | B7: 1316237.2 | C7: 0 | D7: 0 | E7: 0 | F7: 0 | G7: 0 | H7: 0 | I7: 0 | J7: 0 | K7: 0 | L7: 0 | M7: 1316237.2
A8: Receivables: | B8: 0 | C8: 0 | D8: 0 | E8: 0 | F8: 0 | G8: 0 | H8: 0 | I8: 0 | J8: 0 | K8: 0 | L8: 0 | M8: 0
A9: Interest and Dividends | B9: 27840.12 | C9: 0 | D9: 425164.17 | E9: 0 | F9: 0 | G9: 0 | H9: 0 | I9: 0 | J9: 0 | K9: 7.6 | L9: 0 | M9: 453011.89
A10: Due From Other Agencies | B10: 0 | C10: 81168.23 | D10: 0 | E10: 0 | F10: 0 | G10: 2708426.3 | H10: 0 | I10: 0 | J10: 0 | K10: 0 | L10: 0 | M10: 2789594.5
A11: Total Current Assets | B11: 7781963.3 | C11: 81168.23 | D11: 425164.17 | E11: 0 | F11: 0 | G11: 2708426.3 | H11: 3750 | I11: 6057770.8 | J11: 0 | K11: 2094.38 | L11: 12251128 | M11: 29311466
A12: Non-Current Assets: | B12: 0 | C12: 0 | D12: 0 | E12: 0 | F12: 0 | G12: 0 | H12: 0 | I12: 0 | J12: 0 | K12: 0 | L12: 0 | M12: 0
A13: Investments (Note 3) | B13: 9.7465808e+08 | C13: 0 | D13: 0 | E13: 0 | F13: 0 | G13: 0 | H13: 0 | I13: 0 | J13: 0 | K13: 0 | L13: 0 | M13: 9.7465808e+08
... A15: Total Assets | B15: 9.8244004e+08 | C15: 81168.23 | D15: 425164.17 | E15: 0 | F15: 0 | G15: 2708426.3 | H15: 3750 | I15: 6057770.8 | J15: 0 | K15: 2094.38 | L15: 12251128 | M15: 1.0039695e+09
A16: 0 | B16: 0 | C16: 0 | D16: 0 | E16: 0 | F16: 0 | G16: 0 | H16: 0 | I16: 0 | J16: 0 | K16: 0 | L16: 0 | M16: 0
A17: 0 | B17: 0 | C17: 0 | D17: 0 | E17: 0 | F17: 0 | G17: 0 | H17: 0 | I17: 0 | J17: 0 | K17: 0 | L17: 0 | M17: 0
A18: Total Assets and Deferred Outflows of Resources | B18: 9.8244004e+08 | C18: 81168.23 | D18: 425164.17 | E18: 0 | F18: 0 | G18: 2708426.3 | H18: 3750 | I18: 6057770.8 | J18: 0 | K18: 2094.38 | L18: 12251128 | M18: 1.0039695e+09
A19: 0 | B19: 0 | C19: 0 | D19: 0 | E19: 0 | F19: 0 | G19: 0 | H19: 0 | I19: 0 | J19: 0 | K19: 0 | L19: 0 | M19: 0
A20: LIABILITIES AND FUND BALANCES | B20: 0 | C20: 0 | D20: 0 | E20: 0 | F20: 0 | G20: 0 | H20: 0 | I20: 0 | J20: 0 | K20: 0 | L20: 0 | M20: 0
A21: Current Liabilities: | B21: 0 | C21: 0 | D21: 0 | E21: 0 | F21: 0 | G21: 0 | H21: 0 | I21: 0 | J21: 0 | K21: 0 | L21: 0 | M21: 0
A22: Payables From: | B22: 0 | C22: 0 | D22: 0 | E22: 0 | F22: 0 | G22: 0 | H22: 0 | I22: 0 | J22: 0 | K22: 0 | L22: 0 | M22: 0
A23: Accounts | B23: 0 | C23: 81168.23 | D23: 0 | E23: 0 | F23: 0 | G23: 56.64 | H23: 0 | I23: 0 | J23: 0 | K23: 0 | L23: 84324.93 | M23: 165549.8
A24: Total Current Liabilities | B24: 0 | C24: 81168.23 | D24: 0 | E24: 0 | F24: 0 | G24: 56.64 | H24: 0 | I24: 0 | J24: 0 | K24: 0 | L24: 84324.93 | M24: 165549.8
A25: Total Liabilities | B25: 0 | C25: 81168.23 | D25: 0 | E25: 0 | F25: 0 | G25: 56.64 | H25: 0 | I25: 0 | J25: 0 | K25: 0 | L25: 84324.93 | M25: 165549.8
A26: 0 | B26: 0 | C26: 0 | D26: 0 | E26: 0 | F26: 0 | G26: 0 | H26: 0 | I26: 0 | J26: 0 | K26: 0 | L26: 0 | M26: 0
A27: DEFERRED INFLOWS | B27: 0 | C27: 0 | D27: 0 | E27: 0 | F27: 0 | G27: 0 | H27: 0 | I27: 0 | J27: 0 | K27: 0 | L27: 0 | M27: 0
A28: Deferred Inflows of Resources (Note 29) | B28: 9.8244004e+08 | C28: 0 | D28: 0 | E28: 0 | F28: 0 | G28: 0 | H28: 0 | I28: 0 | J28: 0 | K28: 0 | L28: 0 | M28: 9.8244004e+08
A29: Total Deferred Inflows | B29: 9.8244004e+08 | C29: 0 | D29: 0 | E29: 0 | F29: 0 | G29: 0 | H29: 0 | I29: 0 | J29: 0 | K29: 0 | L29: 0 | M29: 9.8244004e+08
A30: 0 | B30: 0 | C30: 0 | D30: 0 | E30: 0 | F30: 0 | G30: 0 | H30: 0 | I30: 0 | J30: 0 | K30: 0 | L30: 0 | M30: 0
A31: FUND FINANCIAL STATEMENT – FUND BALANCES | B31: 0 | C31: 0 | D31: 0 | E31: 0 | F31: 0 | G31: 0 | H31: 0 | I31: 0 | J31: 0 | K31: 0 | L31: 0 | M31: 0
A32: Fund Balances (Deficits): | B32: 0 | C32: 0 | D32: 0 | E32: 0 | F32: 0 | G32: 0 | H32: 0 | I32: 0 | J32: 0 | K32: 0 | L32: 0 | M32: 0
A33: Restricted | B33: 0 | C33: 0 | D33: 425164.17 | E33: 0 | F33: 0 | G33: 2708369.6 | H33: 0 | I33: 5.660695e-09 | J33: 0 | K33: 2094.38 | L33: 12166803 | M33: 15302432
A34: Committed | B34: 0 | C34: 0 | D34: 0 | E34: 0 | F34: 0 | G34: 0 | H34: 3750 | I34: 6057770.8 | J34: 0 | K34: 0 | L34: 0 | M34: 6061520.8
A35: Total Fund Balances | B35: 0 | C35: 0 | D35: 425164.17 | E35: 0 | F35: 0 | G35: 2708369.6 | H35: 3750 | I35: 6057770.8 | J35: 0 | K35: 2094.38 | L35: 12166803 | M35: 21363952
A36: 0 | B36: 0 | C36: 0 | D36: 0 | E36: 0 | F36: 0 | G36: 0 | H36: 0 | I36: 0 | J36: 0 | K36: 0 | L36: 0 | M36: 0
A37: Total Liabilities, Deferred Inflows and Fund Balances | B37: 9.8244004e+08 | C37: 81168.23 | D37: 425164.17 | E37: 0 | F37: 0 | G37: 2708426.3 | H37: 3750 | I37: 6057770.8 | J37: 0 | K37: 2094.38 | L37: 12251128 | M37: 1.0039695e+09

Sheet Exhibit C-1 no Z rows
A1: 0 | B1: 1 | C1: 2 | D1: 3 | E1: 4
A2: ASSETS | B2: 0 | C2: 0 | D2: 0 | E2: 0
A3: Current Assets: | B3: 0 | C3: 0 | D3: 0 | E3: 0
A4: Cash and Cash Equivalents: | B4: 0 | C4: 0 | D4: 0 | E4: 0
A5: Cash in State Treasury | B5: 0 | C5: 319277.76 | D5: 1.6845448e+08 | E5: 1.6877376e+08
A6: Short Term Investments (Note 3) | B6: 13060389 | C6: 11069850 | D6: 0 | E6: 24130239
A7: Interest and Dividends | B7: 147366.94 | C7: 118569.49 | D7: 1076.12 | E7: 267012.55
A8: Due From Other Agencies | B8: 0 | C8: 0 | D8: 224337.3 | E8: 224337.3
A9: Total Current Assets | B9: 13207755 | C9: 11507698 | D9: 1.686799e+08 | E9: 1.9339535e+08
A10: Non-Current Assets: | B10: 0 | C10: 0 | D10: 0 | E10: 0
A11: Investments (Note 3) | B11: 4.6041506e+08 | C11: 3.4209914e+08 | D11: 0 | E11: 8.0251419e+08
A12: Total Non-Current Assets | B12: 4.6041506e+08 | C12: 3.4209914e+08 | D12: 0 | E12: 8.0251419e+08
A13: Total Assets | B13: 4.7362281e+08 | C13: 3.5360683e+08 | D13: 1.686799e+08 | E13: 9.9590954e+08
A14: 0 | B14: 0 | C14: 0 | D14: 0 | E14: 0
A15: 0 | B15: 0 | C15: 0 | D15: 0 | E15: 0
A16: Total Assets and Deferred Outflows of Resources | B16: 4.7362281e+08 | C16: 3.5360683e+08 | D16: 1.686799e+08 | E16: 9.9590954e+08
A17: 0 | B17: 0 | C17: 0 | D17: 0 | E17: 0
A18: LIABILITIES AND FUND BALANCES | B18: 0 | C18: 0 | D18: 0 | E18: 0
A19: Liabilities: | B19: 0 | C19: 0 | D19: 0 | E19: 0
A20: Current Liabilities: | B20: 0 | C20: 0 | D20: 0 | E20: 0
A21: Payables From: | B21: 0 | C21: 0 | D21: 0 | E21: 0
A22: Accounts | B22: 227191.88 | C22: 154098.28 | D22: 0 | E22: 381290.16
A23: Interest | B23: 120390.19 | C23: 81657.49 | D23: 0 | E23: 202047.68
A24: Investment Trade Payable | B24: 3720.31 | C24: 2523.39 | D24: 0 | E24: 6243.7
A25: Due To Other Agencies | B25: 0 | C25: 1465.93 | D25: 2752539.7 | E25: 2754005.6
A26: Total Current Liabilities | B26: 351302.38 | C26: 239745.09 | D26: 2752539.7 | E26: 3343587.2
A27: Total Liabilities | B27: 351302.38 | C27: 239745.09 | D27: 2752539.7 | E27: 3343587.2
A28: 0 | B28: 0 | C28: 0 | D28: 0 | E28: 0
A29: 0 | B29: 0 | C29: 0 | D29: 0 | E29: 0
A30: FUND FINANCIAL STATEMENT – FUND BALANCES | B30: 0 | C30: 0 | D30: 0 | E30: 0
A31: Fund Balances (Deficits): | B31: 0 | C31: 0 | D31: 0 | E31: 0
A32: Nonspendable | B32: -3.7252903e-09 | C32: 0 | D32: 0 | E32: -3.7252903e-09
A33: Restricted | B33: 4.7327151e+08 | C33: 3.5336709e+08 | D33: 1.6592736e+08 | E33: 9.9256596e+08
A34: Total Fund Balances | B34: 4.7327151e+08 | C34: 3.5336709e+08 | D34: 1.6592736e+08 | E34: 9.9256596e+08
A35: 0 | B35: 0 | C35: 0 | D35: 0 | E35: 0
A36: Total Liabilities, Deferred Inflows and Fund Balances | B36: 4.7362281e+08 | C36: 3.5360683e+08 | D36: 1.686799e+08 | E36: 9.9590954e+08

Sheet Exhibit II no Z rows
A1: 0 | B1: 1 | C1: 2 | D1: 3 | E1: 4
A2: REVENUES | B2: 0 | C2: 0 | D2: 0 | E2: 0
A3: Taxes (GR) | B3: 7.452797e+10 | C3: 4.7793309e+09 | D3: 0 | E3: 7.93073e+10
A4: License, Fees & Permits (PR) | B4: 1.5796935e+09 | C4: 0 | D4: 0 | E4: 1.5796935e+09
A5: Interest and Other Investment Income (PR) | B5: -24825356 | C5: 0 | D5: 0 | E5: -24825356
A6: Interest and Other Investment Income (GR) | B6: 2.2605459e+09 | C6: 5179656.7 | D6: 10494221 | E6: 2.2762198e+09
A7: Net Increase (Decrease) in Fair Value (GR) | B7: 6.645912e+08 | C7: 0 | D7: 48173288 | E7: 7.1276449e+08
A8: Land Income (PR) | B8: 4974757.5 | C8: 0 | D8: 0 | E8: 4974757.5
A9: Settlement of Claims (GR) | B9: 8.0384368e+08 | C9: 0 | D9: 0 | E9: 8.0384368e+08
A10: Sales of Goods and Services (PR) | B10: 33319189 | C10: 0 | D10: 0 | E10: 33319189
A11: Other (GR) | B11: 1.6745232e+09 | C11: 46218548 | D11: 1.9408618e+08 | E11: 1.9148279e+09
A12: Total Revenues | B12: 8.1524636e+10 | C12: 4.8307291e+09 | D12: 2.5275369e+08 | E12: 8.6608118e+10
A13: 0 | B13: 0 | C13: 0 | D13: 0 | E13: 0
A14: EXPENDITURES | B14: 0 | C14: 0 | D14: 0 | E14: 0
A15: Salaries And Wages | B15: 684782.56 | C15: 0 | D15: 0 | E15: 684782.56
A16: Payroll Related Costs | B16: 1.4015663e+09 | C16: 0 | D16: 0 | E16: 1.4015663e+09
A17: Professional Fees and Services | B17: 16233029 | C17: 1614414 | D17: 989035.33 | E17: 18836479
A18: Travel | B18: 19535.04 | C18: 0 | D18: 0 | E18: 19535.04
A19: Materials and Supplies | B19: 15326.49 | C19: 0 | D19: 0 | E19: 15326.49
A20: Communications and Utilities | B20: 862929.59 | C20: 0 | D20: 0 | E20: 862929.59
A21: Repairs and Maintenance | B21: 103451.46 | C21: 0 | D21: 0 | E21: 103451.46
A22: Claims and Judgments | B22: 26818867 | C22: 81168.23 | D22: 0 | E22: 26900036
A23: Intergovernmental Payments | B23: 7.1851985e+08 | C23: 52372288 | D23: 640855 | E23: 7.71533e+08
A24: Interest Expense - Other | B24: 81191806 | C24: 0 | D24: 0 | E24: 81191806
A25: Other Expenditures | B25: 1.3266203e+09 | C25: 5202.44 | D25: 0 | E25: 1.3266255e+09
... A27: Total Expenditures | B27: 3.5727551e+09 | C27: 54073073 | D27: 1629890.3 | E27: 3.628458e+09
A28: 0 | B28: 0 | C28: 0 | D28: 0 | E28: 0
A29: Excess (Deficiency) of Revenues over Expenditures | B29: 7.7951881e+10 | C29: 4.7766561e+09 | D29: 2.511238e+08 | E29: 8.297966e+10
A30: 0 | B30: 0 | C30: 0 | D30: 0 | E30: 0
A31: OTHER FINANCING SOURCES (USES) | B31: 0 | C31: 0 | D31: 0 | E31: 0
A32: Transfer In | B32: 7.4541723e+09 | C32: 6.1532329e+09 | D32: 1.5185752e+08 | E32: 1.3759263e+10
A33: Transfer Out | B33: -3.3837633e+10 | C33: -1.0937237e+10 | D33: -2.1108453e+08 | E33: -4.4985954e+10
A34: Legislative Transfer Out | B34: -4.3498348e+10 | C34: 0 | D34: 0 | E34: -4.3498348e+10
A35: Sale of Capital Assets | B35: 31526.9 | C35: 0 | D35: 0 | E35: 31526.9
A36: Contributions to permanent foundation principal | B36: 0 | C36: 0 | D36: -25209796 | E36: -25209796
A37: Insurance Recoveries | B37: 91386.88 | C37: 0 | D37: 0 | E37: 91386.88
A38: Total Other Financing Sources (Uses) | B38: -6.9881686e+10 | C38: -4.7840041e+09 | D38: -84436804 | E38: -7.4750127e+10
A39: 0 | B39: 0 | C39: 0 | D39: 0 | E39: 0
A40: Net Change in Fund Balances | B40: 8.0701949e+09 | C40: -7348065.5 | D40: 1.6668699e+08 | E40: 8.2295338e+09
A41: 0 | B41: 0 | C41: 0 | D41: 0 | E41: 0
A42: FUND FINANCIAL STATEMENT – FUND BALANCES | B42: 0 | C42: 0 | D42: 0 | E42: 0
A43: Fund Balances, September 1, 2024 | B43: 4.8032015e+10 | C43: 28712018 | D43: 8.2587896e+08 | E43: 4.8886606e+10
A44: 0 | B44: 0 | C44: 0 | D44: 0 | E44: 0
A45: Fund Balances, August 31, 2025 | B45: 5.610221e+10 | C45: 21363952 | D45: 9.9256596e+08 | E45: 5.711614e+10
A46: 0 | B46: 0 | C46: 0 | D46: 0 | E46: 0
A47: The accompanying Notes to the Financial Statements are an integral part of this financial statement. | B47: 0 | C47: 0 | D47: 0 | E47: 0

Sheet Exhibit A-2 no Z rows
A1: 0 | B1: 1 | C1: 2 | D1: 3 | E1: 4 | F1: 5 | G1: 6 | H1: 7 | I1: 8 | J1: 9 | K1: 10 | L1: 11 | M1: 12 | N1: 13 | O1: 14 | P1: 15 | Q1: 16 | R1: 17 | S1: 18 | T1: 19 | U1: 20 | V1: 21 | W1: 22
A2: REVENUES | C2: 0 | D2: 0 | E2: 0 | F2: 0 | G2: 0 | H2: 0 | I2: 0 | J2: 0 | K2: 0 | L2: 0 | M2: 0 | N2: 0 | O2: 0 | P2: 0 | Q2: 0 | R2: 0 | S2: 0 | T2: 0 | U2: 0 | V2: 0
A3: Taxes (GR) | B3: 7.4391622e+10 | C3: 0 | D3: 0 | E3: 0 | F3: 0 | G3: 0 | H3: 0 | I3: 0 | J3: 0 | K3: 0 | L3: 0 | M3: 0 | N3: 44290906 | O3: 92056753 | P3: 0 | Q3: 0 | R3: 0 | S3: 0 | T3: 0 | U3: 0 | V3: 0 | W3: 7.452797e+10
A4: License, Fees & Permits (PR) | B4: 1.5704401e+09 | C4: 0 | D4: 0 | E4: 0 | F4: 4407673.4 | G4: 0 | H4: 0 | I4: 0 | J4: 0 | K4: 0 | L4: 953.32 | M4: 0 | N4: 0 | O4: 0 | P4: 4844810 | Q4: 0 | R4: 0 | S4: 0 | T4: 0 | U4: 0 | V4: 0 | W4: 1.5796935e+09
A5: Interest and Other Investment Income (PR) | B5: -24825356 | C5: 0 | D5: 0 | E5: 0 | F5: 0 | G5: 0 | H5: 0 | I5: 0 | J5: 0 | K5: 0 | L5: 0 | M5: 0 | N5: 0 | O5: 0 | P5: 0 | Q5: 0 | R5: 0 | S5: 0 | T5: 0 | U5: 0 | V5: 0 | W5: -24825356
A6: Interest and Other Investment Income (GR) | B6: 1.5469818e+09 | C6: 0 | D6: 0 | E6: 0 | F6: 0 | G6: 0 | H6: 337151.71 | I6: 0 | J6: 7.1322649e+08 | K6: 0 | L6: 420.23 | M6: 0 | N6: 0 | O6: 0 | P6: 0 | Q6: 0 | R6: 0 | S6: 0 | T6: 0 | U6: 0 | V6: 0 | W6: 2.2605459e+09
A7: Net Increase (Decrease) in Fair Value (GR) | B7: 0 | C7: 0 | D7: 0 | E7: 0 | F7: 0 | G7: 0 | H7: 0 | I7: 0 | J7: 6.645912e+08 | K7: 0 | L7: 0 | M7: 0 | N7: 0 | O7: 0 | P7: 0 | Q7: 0 | R7: 0 | S7: 0 | T7: 0 | U7: 0 | V7: 0 | W7: 6.645912e+08
A8: Land Income (PR) | B8: 4974757.5 | C8: 0 | D8: 0 | E8: 0 | F8: 0 | G8: 0 | H8: 0 | I8: 0 | J8: 0 | K8: 0 | L8: 0 | M8: 0 | N8: 0 | O8: 0 | P8: 0 | Q8: 0 | R8: 0 | S8: 0 | T8: 0 | U8: 0 | V8: 0 | W8: 4974757.5
A9: Settlement of Claims (GR) | B9: 3.3711035e+08 | C9: 0 | D9: 0 | E9: 0 | F9: 0 | G9: 0 | H9: 1030986.6 | I9: 0 | J9: 0 | K9: 0 | L9: 0 | M9: 0 | N9: 0 | O9: 0 | P9: 0 | Q9: 0 | R9: 4.3066379e+08 | S9: 0 | T9: 0 | U9: 0 | V9: 35038545 | W9: 8.0384368e+08
A10: Sales of Goods and Services (PR) | B10: 33319189 | C10: 0 | D10: 0 | E10: 0 | F10: 0 | G10: 0 | H10: 0 | I10: 0 | J10: 0 | K10: 0 | L10: 0 | M10: 0 | N10: 0 | O10: 0 | P10: 0 | Q10: 0 | R10: 0 | S10: 0 | T10: 0 | U10: 0 | V10: 0 | W10: 33319189
A11: Other (GR) | B11: 1.6745232e+09 | C11: 0 | D11: 0 | E11: 0 | F11: 0 | G11: 0 | H11: 0 | I11: 0 | J11: 0 | K11: 0 | L11: 0 | M11: 0 | N11: 0 | O11: 0 | P11: 0 | Q11: 0 | R11: 0 | S11: 0 | T11: 0 | U11: 0 | V11: 0 | W11: 1.6745232e+09
A12: Total Revenues | B12: 7.9534146e+10 | C12: 0 | D12: 0 | E12: 0 | F12: 4407673.4 | G12: 0 | H12: 1368138.3 | I12: 0 | J12: 1.3778177e+09 | K12: 0 | L12: 1373.55 | M12: 0 | N12: 44290906 | O12: 92056753 | P12: 4844810 | Q12: 0 | R12: 4.3066379e+08 | S12: 0 | T12: 0 | U12: 0 | V12: 35038545 | W12: 8.1524636e+10
A13: 0 | B13: 0 | C13: 0 | D13: 0 | E13: 0 | F13: 0 | G13: 0 | H13: 0 | I13: 0 | J13: 0 | K13: 0 | L13: 0 | M13: 0 | N13: 0 | O13: 0 | P13: 0 | Q13: 0 | R13: 0 | S13: 0 | T13: 0 | U13: 0 | V13: 0 | W13: 0
A14: EXPENDITURES | C14: 0 | D14: 0 | E14: 0 | F14: 0 | G14: 0 | H14: 0 | I14: 0 | J14: 0 | K14: 0 | L14: 0 | M14: 0 | N14: 0 | O14: 0 | P14: 0 | Q14: 0 | R14: 0 | S14: 0 | T14: 0 | U14: 0 | V14: 0 | W14: 0
A15: Salaries And Wages | B15: 0 | C15: 0 | D15: 0 | E15: 0 | F15: 0 | G15: 0 | H15: 0 | I15: 0 | J15: 0 | K15: 0 | L15: 0 | M15: 0 | N15: 0 | O15: 0 | P15: 0 | Q15: 0 | R15: 0 | S15: 0 | T15: 0 | U15: 0 | V15: 684782.56 | W15: 684782.56
A16: Payroll Related Costs | B16: 1.40138e+09 | C16: 0 | D16: 0 | E16: 0 | F16: 0 | G16: 0 | H16: 0 | I16: 0 | J16: 0 | K16: 0 | L16: 0 | M16: 0 | N16: 0 | O16: 0 | P16: 0 | Q16: 0 | R16: 0 | S16: 0 | T16: 0 | U16: 0 | V16: 186319.89 | W16: 1.4015663e+09
A17: Professional Fees and Services | B17: 15844747 | C17: 0 | D17: 0 | E17: 0 | F17: 0 | G17: 0 | H17: 0 | I17: 0 | J17: 114664.5 | K17: 0 | L17: 0 | M17: 0 | N17: 0 | O17: 0 | P17: 0 | Q17: 0 | R17: 0 | S17: 0 | T17: 0 | U17: 0 | V17: 273617.62 | W17: 16233029
A18: Travel | B18: 8251.23 | C18: 0 | D18: 0 | E18: 0 | F18: 0 | G18: 0 | H18: 0 | I18: 0 | J18: 0 | K18: 0 | L18: 0 | M18: 0 | N18: 0 | O18: 0 | P18: 0 | Q18: 0 | R18: 0 | S18: 0 | T18: 0 | U18: 0 | V18: 11283.81 | W18: 19535.04
A19: Materials and Supplies | B19: 15326.49 | C19: 0 | D19: 0 | E19: 0 | F19: 0 | G19: 0 | H19: 0 | I19: 0 | J19: 0 | K19: 0 | L19: 0 | M19: 0 | N19: 0 | O19: 0 | P19: 0 | Q19: 0 | R19: 0 | S19: 0 | T19: 0 | U19: 0 | V19: 0 | W19: 15326.49
A20: Communications and Utilities | B20: 861831.36 | C20: 0 | D20: 0 | E20: 0 | F20: 0 | G20: 0 | H20: 0 | I20: 0 | J20: 0 | K20: 0 | L20: 0 | M20: 0 | N20: 0 | O20: 0 | P20: 0 | Q20: 0 | R20: 0 | S20: 0 | T20: 0 | U20: 0 | V20: 1098.23 | W20: 862929.59
A21: Repairs and Maintenance | B21: 103451.46 | C21: 0 | D21: 0 | E21: 0 | F21: 0 | G21: 0 | H21: 0 | I21: 0 | J21: 0 | K21: 0 | L21: 0 | M21: 0 | N21: 0 | O21: 0 | P21: 0 | Q21: 0 | R21: 0 | S21: 0 | T21: 0 | U21: 0 | V21: 0 | W21: 103451.46
A22: Claims and Judgments | B22: 25872657 | C22: 0 | D22: 0 | E22: 711.84 | F22: 0 | G22: 73028.34 | H22: 788177.94 | I22: 0 | J22: 84292.02 | K22: 0 | L22: 0 | M22: 0 | N22: 0 | O22: 0 | P22: 0 | Q22: 0 | R22: 0 | S22: 0 | T22: 0 | U22: 0 | V22: 0 | W22: 26818867
A23: Intergovernmental Payments | B23: 6.9632182e+08 | C23: 0 | D23: 7300000 | E23: 0 | F23: 5398034.5 | G23: 0 | H23: 0 | I23: 0 | J23: 0 | K23: 0 | L23: 0 | M23: 0 | N23: 0 | O23: 0 | P23: 0 | Q23: 0 | R23: 0 | S23: 0 | T23: 0 | U23: 9500000 | V23: 0 | W23: 7.1851985e+08
A24: Interest Expense - Other | B24: 81191793 | C24: 0 | D24: 0 | E24: 0 | F24: 0 | G24: 0 | H24: 0 | I24: 0 | J24: 0 | K24: 0 | L24: 0 | M24: 0 | N24: 0 | O24: 0 | P24: 0 | Q24: 0 | R24: 0 | S24: 0 | T24: 0 | U24: 0 | V24: 13.26 | W24: 81191806
A25: Other Expenditures | B25: 1.1246052e+09 | C25: 0 | D25: 0 | E25: 0 | F25: 0 | G25: 0 | H25: 0 | I25: 0 | J25: 202000000 | K25: 0 | L25: 0 | M25: 0 | N25: 0 | O25: 0 | P25: 0 | Q25: 11086.54 | R25: 0 | S25: 0 | T25: 0 | U25: 0 | V25: 4078.63 | W25: 1.3266203e+09
A26: Interest | B26: 118849.68 | C26: 0 | D26: 0 | E26: 0 | F26: 0 | G26: 0 | H26: 0 | I26: 0 | J26: 0 | K26: 0 | L26: 0 | M26: 0 | N26: 0 | O26: 0 | P26: 0 | Q26: 0 | R26: 0 | S26: 0 | T26: 0 | U26: 0 | V26: 0 | W26: 118849.68
A27: Total Expenditures | B27: 3.3463239e+09 | C27: 0 | D27: 7300000 | E27: 711.84 | F27: 5398034.5 | G27: 73028.34 | H27: 788177.94 | I27: 0 | J27: 2.0219896e+08 | K27: 0 | L27: 0 | M27: 0 | N27: 0 | O27: 0 | P27: 0 | Q27: 11086.54 | R27: 0 | S27: 0 | T27: 0 | U27: 9500000 | V27: 1161194 | W27: 3.5727551e+09
A28: 0 | B28: 0 | C28: 0 | D28: 0 | E28: 0 | F28: 0 | G28: 0 | H28: 0 | I28: 0 | J28: 0 | K28: 0 | L28: 0 | M28: 0 | N28: 0 | O28: 0 | P28: 0 | Q28: 0 | R28: 0 | S28: 0 | T28: 0 | U28: 0 | V28: 0 | W28: 0
A29: Excess (Deficiency) of Revenues over Expenditures | B29: 7.6187822e+10 | C29: 0 | D29: -7300000 | E29: -711.84 | F29: -990361.14 | G29: -73028.34 | H29: 579960.33 | I29: 0 | J29: 1.1756187e+09 | K29: 0 | L29: 1373.55 | M29: 0 | N29: 44290906 | O29: 92056753 | P29: 4844810 | Q29: -11086.54 | R29: 4.3066379e+08 | S29: 0 | T29: 0 | U29: -9500000 | V29: 33877351 | W29: 7.7951881e+10
A30: 0 | B30: 0 | C30: 0 | D30: 0 | E30: 0 | F30: 0 | G30: 0 | H30: 0 | I30: 0 | J30: 0 | K30: 0 | L30: 0 | M30: 0 | N30: 0 | O30: 0 | P30: 0 | Q30: 0 | R30: 0 | S30: 0 | T30: 0 | U30: 0 | V30: 0 | W30: 0
A31: OTHER FINANCING SOURCES (USES) | C31: 0 | D31: 0 | E31: 0 | F31: 0 | G31: 0 | H31: 0 | I31: 0 | J31: 0 | K31: 0 | L31: 0 | M31: 0 | N31: 0 | O31: 0 | P31: 0 | Q31: 0 | R31: 0 | S31: 0 | T31: 0 | U31: 0 | V31: 0
A32: Transfer In | B32: 5.5466578e+08 | C32: 0 | D32: 7300000 | E32: 0 | F32: 990361.14 | G32: 0 | H32: 0 | I32: 0 | J32: 6.877026e+09 | K32: 0 | L32: 0 | M32: 0 | N32: 0 | O32: 0 | P32: 0 | Q32: 11086.54 | R32: 0 | S32: 0 | T32: 0 | U32: 9500000 | V32: 4679077.2 | W32: 7.4541723e+09
A33: Transfer Out | B33: -2.8384168e+10 | C33: 0 | D33: 0 | E33: 0 | F33: 0 | G33: 0 | H33: -2637434 | I33: 0 | J33: -4.9311842e+09 | K33: 0 | L33: -1373.09 | M33: 0 | N33: -44290906 | O33: -92056753 | P33: -4844810 | Q33: 0 | R33: -3.5809789e+08 | S33: 0 | T33: 0 | U33: 0 | V33: -20351550 | W33: -3.3837633e+10
A34: Legislative Transfer Out | B34: -4.3498348e+10 | C34: 0 | D34: 0 | E34: 0 | F34: 0 | G34: 0 | H34: 0 | I34: 0 | J34: 0 | K34: 0 | L34: 0 | M34: 0 | N34: 0 | O34: 0 | P34: 0 | Q34: 0 | R34: 0 | S34: 0 | T34: 0 | U34: 0 | V34: 0 | W34: -4.3498348e+10
A35: Sale of Capital Assets | B35: 31526.9 | C35: 0 | D35: 0 | E35: 0 | F35: 0 | G35: 0 | H35: 0 | I35: 0 | J35: 0 | K35: 0 | L35: 0 | M35: 0 | N35: 0 | O35: 0 | P35: 0 | Q35: 0 | R35: 0 | S35: 0 | T35: 0 | U35: 0 | V35: 0 | W35: 31526.9
A36: Insurance Recoveries | B36: 91386.88 | C36: 0 | D36: 0 | E36: 0 | F36: 0 | G36: 0 | H36: 0 | I36: 0 | J36: 0 | K36: 0 | L36: 0 | M36: 0 | N36: 0 | O36: 0 | P36: 0 | Q36: 0 | R36: 0 | S36: 0 | T36: 0 | U36: 0 | V36: 0 | W36: 91386.88
A37: Total Other Financing Sources (Uses) | B37: -7.1327727e+10 | C37: 0 | D37: 7300000 | E37: 0 | F37: 990361.14 | G37: 0 | H37: -2637434 | I37: 0 | J37: 1.9458418e+09 | K37: 0 | L37: -1373.09 | M37: 0 | N37: -44290906 | O37: -92056753 | P37: -4844810 | Q37: 11086.54 | R37: -3.5809789e+08 | S37: 0 | T37: 0 | U37: 9500000 | V37: -15672473 | W37: -6.9881686e+10
A38: 0 | B38: 0 | C38: 0 | D38: 0 | E38: 0 | F38: 0 | G38: 0 | H38: 0 | I38: 0 | J38: 0 | K38: 0 | L38: 0 | M38: 0 | N38: 0 | O38: 0 | P38: 0 | Q38: 0 | R38: 0 | S38: 0 | T38: 0 | U38: 0 | V38: 0 | W38: 0
A39: Net Change in Fund Balances | B39: 4.8600949e+09 | C39: 0 | D39: 0 | E39: -711.84 | F39: 3.4924597e-10 | G39: -73028.34 | H39: -2057473.7 | I39: 0 | J39: 3.1214605e+09 | K39: 0 | L39: 0.46 | M39: 0 | N39: 0 | O39: 0 | P39: 0 | Q39: 0 | R39: 72565899 | S39: 0 | T39: 0 | U39: 0 | V39: 18204879 | W39: 8.0701949e+09
A40: 0 | B40: 0 | C40: 0 | D40: 0 | E40: 0 | F40: 0 | G40: 0 | H40: 0 | I40: 0 | J40: 0 | K40: 0 | L40: 0 | M40: 0 | N40: 0 | O40: 0 | P40: 0 | Q40: 0 | R40: 0 | S40: 0 | T40: 0 | U40: 0 | V40: 0 | W40: 0
A41: FUND FINANCIAL STATEMENT – FUND BALANCES | B41: 0 | C41: 0 | D41: 0 | E41: 0 | F41: 0 | G41: 0 | H41: 0 | I41: 0 | J41: 0 | K41: 0 | L41: 0 | M41: 0 | N41: 0 | O41: 0 | P41: 0 | Q41: 0 | R41: 0 | S41: 0 | T41: 0 | U41: 0 | V41: 0 | W41: 0
A42: Fund Balances, September 1, 2024 | B42: 2.3266896e+10 | C42: -355974.57 | D42: 0 | E42: 0 | F42: 3.4924597e-10 | G42: 0 | H42: 9907513.5 | I42: -15095.58 | J42: 2.3796251e+10 | K42: 0 | L42: 36.02 | M42: 0 | N42: 0 | O42: 0 | P42: -11425167 | Q42: 0 | R42: 8.6929396e+08 | S42: 0 | T42: 0 | U42: 0 | V42: 1.0146299e+08 | W42: 4.8032015e+10
A43: Fund Balances, September 1, 2024, as Restated | B43: 2.3266896e+10 | C43: -355974.57 | D43: 0 | E43: 0 | F43: 3.4924597e-10 | G43: 0 | H43: 9907513.5 | I43: -15095.58 | J43: 2.3796251e+10 | K43: 0 | L43: 36.02 | M43: 0 | N43: 0 | O43: 0 | P43: -11425167 | Q43: 0 | R43: 8.6929396e+08 | S43: 0 | T43: 0 | U43: 0 | V43: 1.0146299e+08 | W43: 4.8032015e+10
A44: 0 | B44: 0 | C44: 0 | D44: 0 | E44: 0 | F44: 0 | G44: 0 | H44: 0 | I44: 0 | J44: 0 | K44: 0 | L44: 0 | M44: 0 | N44: 0 | O44: 0 | P44: 0 | Q44: 0 | R44: 0 | S44: 0 | T44: 0 | U44: 0 | V44: 0 | W44: 0
A45: Fund Balances, August 31, 2025 | B45: 2.8126991e+10 | C45: -355974.57 | D45: 0 | E45: -711.84 | F45: 6.9849193e-10 | G45: -73028.34 | H45: 7850039.8 | I45: -15095.58 | J45: 2.6917712e+10 | K45: 0 | L45: 36.48 | M45: 0 | N45: 0 | O45: 0 | P45: -11425167 | Q45: 0 | R45: 9.4185986e+08 | S45: 0 | T45: 0 | U45: 0 | V45: 1.1966786e+08 | W45: 5.610221e+10

Sheet Exhibit B-2 no Z rows
